Workbook

Sheet Смета 12 гр. по ФЕР
A1: =Source!B1 -> Smeta.RU (495) 974-1589
B3: (наименование стройки)
F5: Номер заказа | H5: =IF(Source!F12<>"Новый объект", Source!F12, "") -> 0
B7: =CONCATENATE( "ЛОКАЛЬНАЯ СМЕТА № ",IF(Source!F12<>"Новый объект", Source!F12, "")) -> ЛОКАЛЬНАЯ СМЕТА № | AD7: =CONCATENATE( "ЛОКАЛЬНАЯ СМЕТА № ",IF(Source!F12<>"Новый объект", Source!F12, "")) -> ЛОКАЛЬНАЯ СМЕТА №
B12: (наименование работ и затрат, наименование объекта)
A14: =CONCATENATE("Основание: ", Source!J12) -> Основание:
G17: базовая цена | I17: текущая цена
C18: Сметная стоимость | G18: =SUM(O1:O1167)/1000 -> 5685.8159 | I18: =(Source!P929/1000) -> 5686.1095 | K18: тыс. руб.
C19: Строительные работы | G19: =SUM(W1:W1167)/1000 -> 5681.9197 | I19: =(Source!P919)/1000 -> 5682.2133 | K19: тыс. руб.
C20: Монтажные работы | G20: =SUM(X1:X1167)/1000 -> 3.89617 | I20: =(Source!P920)/1000 -> 3.89617 | K20: тыс. руб.
C21: Оборудование | G21: =SUM(Y1:Y1167)/1000 -> 0 | I21: =(Source!P911)/1000 -> 0 | K21: тыс. руб.
C22: Прочие работы | G22: =SUM(Z1:Z1167)/1000 -> 0 | I22: =(Source!P921+Source!P922)/1000 -> 0 | K22: тыс. руб.
C23: Нормативная трудоемкость | G23: =I23 -> 8134.2925 | I23: =(Source!P924+Source!P925) -> 8134.2925 | K23: чел. -ч.
C24: Средства на оплату труда | G24: =SUM(R1:R1167)/1000 -> 72.20345 | I24: =((Source!P917 + Source!P916)/1000) -> 72.20345 | K24: тыс. руб.
A26: Составлена в ценах январь 2000 года
A27: № п/п | B27: Шифр расценки и коды ресурсов | C27: Наименование работ и затрат | D27: Ед. изм. | E27: Кол-во единиц | F27: Цена на ед. изм. | G27: Попра-вочные коэфф. | H27: Стоимость в ценах 2001г. | I27: Пункт коэфф. пересчета | J27: Коэфф. пересчета | K27: Стоимость в текущих ценах | L27: ЗТР всего чел.-час
A28: 1 | B28: 2 | C28: 3 | D28: 4 | E28: 5 | F28: 6 | G28: 7 | H28: 8 | I28: 9 | J28: 10 | K28: 11 | L28: 12
A30: =CONCATENATE("Локальная смета: ",IF(Source!G20<>"Новая локальная смета", Source!G20, "")) -> Локальная смета: Локальная смета №1
A32: =CONCATENATE("Раздел: ",IF(Source!G24<>"Новый раздел", Source!G24, "")) -> Раздел: Демонтаж
B34: =Source!G28 -> Конструкции и элементы
A35: =Source!E30 -> 1 | B35: 09-06-001-02 Поправка: МР 81/пр Табл.2, п.4 | C35: =Source!G30 -> Монтаж лотков, решеток, затворов из полосовой и тонколистовой стали Прим. Деомнтаж ограждений, ворот распашных | D35: =Source!H30 -> т | E35: =Source!I30 -> 1.5 | F35: =Source!AL30+Source!AM30+Source!AO30 -> 641 | I35: =Source!BO30 | S35: =ROUND((Source!FX30/100)*((ROUND(Source!AF30*Source!I30, 2)+ROUND(Source!AE30*Source!I30, 2))), 2) -> 371.72 | T35: =Source!X30 -> 371.72 | U35: =ROUND((Source!FY30/100)*((ROUND(Source!AF30*Source!I30, 2)+ROUND(Source!AE30*Source!I30, 2))), 2) -> 331.56 | V35: =Source!Y30 -> 330.42
C36: Зарплата | F36: =Source!AO30 -> 433.24 | G36: =Source!DG30 -> )*0,7 | H36: =ROUND(Source!AF30*Source!I30, 2) -> 454.9 | J36: =IF(Source!BA30<> 0, Source!BA30, 1) -> 1 | K36: =Source!S30 -> 454.9 | R36: =H36 -> 454.9
C37: Эксплуатация машин | F37: =Source!AM30 -> 125.8 | G37: =Source!DE30 -> )*0,7 | H37: =ROUND(Source!AD30*Source!I30, 2) -> 132.09 | J37: =IF(Source!BB30<> 0, Source!BB30, 1) -> 1 | K37: =Source!Q30 -> 132.09
C38: в т.ч. зарплата машинистов | F38: =Source!AN30 -> 3.82 | G38: =Source!DF30 -> )*0,7 | H38: =ROUND(Source!AE30*Source!I30, 2) -> 4.01 | J38: =IF(Source!BS30<> 0, Source!BS30, 1) -> 1 | K38: =Source!R30 -> 4.01 | R38: =H38 -> 4.01
C39: НР от ФОТ | D39: % | E39: =Source!BZ30 -> 90 | F39: =CONCATENATE(" )", Source!DL30, Source!FT30, "=", Source!FX30) -> )*0,9=81 | H39: =SUM(S35:S42) -> 371.72 | J39: =Source!AT30 -> 81 | K39: =SUM(T35:T42) -> 371.72
C40: СП от ФОТ | D40: % | E40: =Source!CA30 -> 85 | F40: =CONCATENATE(" )", Source!DM30, Source!FU30, "=", Source!FY30) -> )*0,85=72,25 | H40: =SUM(U35:U42) -> 331.56 | J40: =Source!AU30 -> 72 | K40: =SUM(V35:V42) -> 330.42
C41: Затраты труда | D41: чел-ч | E41: =Source!AQ30 -> 50.79 | G41: =Source!DI30 -> )*0,7 | L41: =Source!U30 -> 53.3295
A42: =Source!E32 -> 1,1 | B42: =Source!F32 -> 01.7.07.07 | C42: =Source!G32 -> Строительный мусор | D42: =Source!H32 -> т | E42: =Source!I32 -> 1.5 | F42: =Source!AL32+Source!AM32+Source!AO32 -> 0 | H42: =ROUND(Source!AC32*Source!I32, 2)+ROUND(Source!AD32*Source!I32, 2)+ROUND(Source!AF32*Source!I32, 2) -> 0 | J42: =IF(Source!BC32<> 0, Source!BC32, 1) -> 1 | K42: =Source!O32 -> 0 | S42: =ROUND((Source!FX32/100)*((ROUND(Source!AF32*Source!I32, 2)+ROUND(Source!AE32*Source!I32, 2))), 2) -> 0 | T42: =Source!X32 -> 0 | U42: =ROUND((Source!FY32/100)*((ROUND(Source!AF32*Source!I32, 2)+ROUND(Source!AE32*Source!I32, 2))), 2) -> 0 | V42: =Source!Y32 -> 0 | W42: =IF(Source!BI32<=1,H42, 0) -> 0 | X42: =IF(Source!BI32=2,H42, 0) -> 0 | Y42: =IF(Source!BI32=3,H42, 0) -> 0 | Z42: =IF(Source!BI32=4,H42, 0) -> 0
G43: =H36+H37+H39+H40+SUM(H42:H42) -> 1290.27 | J43: =K36+K37+K39+K40+SUM(K42:K42) -> 1289.13 | L43: =Source!U30 -> 53.3295 | O43: =G43 -> 1290.27 | P43: =J43 -> 1289.13 | Q43: =L43 -> 53.3295 | W43: =IF(Source!BI30<=1,H36+H37+H39+H40, 0) -> 1290.27 | X43: =IF(Source!BI30=2,H36+H37+H39+H40, 0) -> 0 | Y43: =IF(Source!BI30=3,H36+H37+H39+H40, 0) -> 0 | Z43: =IF(Source!BI30=4,H36+H37+H39+H40, 0) -> 0
A44: =Source!E34 -> 2 | B44: 07-05-030-06 Поправка: МР 81/пр Табл.2, п.1 | C44: =Source!G34 -> Установка плит балконов и козырьков площадью до 5 м2 в зданиях кирпичных и блочных Прим. Деомнтаж плит над входом | D44: =Source!H34 -> 100 ШТ | E44: =Source!I34 -> 0.03 | F44: =Source!AL34+Source!AM34+Source!AO34 -> 18567.81 | I44: =Source!BO34 | S44: =ROUND((Source!FX34/100)*((ROUND(Source!AF34*Source!I34, 2)+ROUND(Source!AE34*Source!I34, 2))), 2) -> 236.44 | T44: =Source!X34 -> 237.29 | U44: =ROUND((Source!FY34/100)*((ROUND(Source!AF34*Source!I34, 2)+ROUND(Source!AE34*Source!I34, 2))), 2) -> 144.07 | V44: =Source!Y34 -> 144.07
C45: ="Объем: "&Source!I34&"=3/"&"100" -> Объем: 0,03=3/100
C46: Зарплата | F46: =Source!AO34 -> 5213.16 | G46: =Source!DG34 -> )*0,8 | H46: =ROUND(Source!AF34*Source!I34, 2) -> 125.12 | J46: =IF(Source!BA34<> 0, Source!BA34, 1) -> 1 | K46: =Source!S34 -> 125.12 | R46: =H46 -> 125.12
C47: Эксплуатация машин | F47: =Source!AM34 -> 12022.61 | G47: =Source!DE34 -> )*0,8 | H47: =ROUND(Source!AD34*Source!I34, 2) -> 288.54 | J47: =IF(Source!BB34<> 0, Source!BB34, 1) -> 1 | K47: =Source!Q34 -> 288.54
C48: в т.ч. зарплата машинистов | F48: =Source!AN34 -> 1848.64 | G48: =Source!DF34 -> )*0,8 | H48: =ROUND(Source!AE34*Source!I34, 2) -> 44.37 | J48: =IF(Source!BS34<> 0, Source!BS34, 1) -> 1 | K48: =Source!R34 -> 44.37 | R48: =H48 -> 44.37
C49: НР от ФОТ | D49: % | E49: =Source!BZ34 -> 155 | F49: =CONCATENATE(" )", Source!DL34, Source!FT34, "=", Source!FX34) -> )*0,9=139,5 | H49: =SUM(S44:S52) -> 236.44 | J49: =Source!AT34 -> 140 | K49: =SUM(T44:T52) -> 237.29
C50: СП от ФОТ | D50: % | E50: =Source!CA34 -> 100 | F50: =CONCATENATE(" )", Source!DM34, Source!FU34, "=", Source!FY34) -> )*0,85=85 | H50: =SUM(U44:U52) -> 144.07 | J50: =Source!AU34 -> 85 | K50: =SUM(V44:V52) -> 144.07
C51: Затраты труда | D51: чел-ч | E51: =Source!AQ34 -> 574.77 | G51: =Source!DI34 -> )*0,8 | L51: =Source!U34 -> 13.79448
A52: =Source!E36 -> 2,1 | B52: =Source!F36 -> 01.7.07.07 | C52: =Source!G36 -> Строительный мусор | D52: =Source!H36 -> т | E52: =Source!I36 -> 2.25 | F52: =Source!AL36+Source!AM36+Source!AO36 -> 0 | H52: =ROUND(Source!AC36*Source!I36, 2)+ROUND(Source!AD36*Source!I36, 2)+ROUND(Source!AF36*Source!I36, 2) -> 0 | J52: =IF(Source!BC36<> 0, Source!BC36, 1) -> 1 | K52: =Source!O36 -> 0 | S52: =ROUND((Source!FX36/100)*((ROUND(Source!AF36*Source!I36, 2)+ROUND(Source!AE36*Source!I36, 2))), 2) -> 0 | T52: =Source!X36 -> 0 | U52: =ROUND((Source!FY36/100)*((ROUND(Source!AF36*Source!I36, 2)+ROUND(Source!AE36*Source!I36, 2))), 2) -> 0 | V52: =Source!Y36 -> 0 | W52: =IF(Source!BI36<=1,H52, 0) -> 0 | X52: =IF(Source!BI36=2,H52, 0) -> 0 | Y52: =IF(Source!BI36=3,H52, 0) -> 0 | Z52: =IF(Source!BI36=4,H52, 0) -> 0
G53: =H46+H47+H49+H50+SUM(H52:H52) -> 794.17 | J53: =K46+K47+K49+K50+SUM(K52:K52) -> 795.02 | L53: =Source!U34 -> 13.79448 | O53: =G53 -> 794.17 | P53: =J53 -> 795.02 | Q53: =L53 -> 13.79448 | W53: =IF(Source!BI34<=1,H46+H47+H49+H50, 0) -> 794.17 | X53: =IF(Source!BI34=2,H46+H47+H49+H50, 0) -> 0 | Y53: =IF(Source!BI34=3,H46+H47+H49+H50, 0) -> 0 | Z53: =IF(Source!BI34=4,H46+H47+H49+H50, 0) -> 0
A54: =Source!E38 -> 3 | B54: 69-19-26 Поправка: МР 81/пр Прил.2, Табл.3, п. 3 | C54: =Source!G38 -> Разборка вертикальных поверхностей железобетонных конструкций при помощи отбойных молотков, бетон марки 300 прим. Железобетонная тротуарная лестница | D54: =Source!H38 -> м3 | E54: =Source!I38 -> 5.2 | F54: =Source!AL38+Source!AM38+Source!AO38 -> 1314.86 | I54: =Source!BO38 | S54: =ROUND((Source!FX38/100)*((ROUND(Source!AF38*Source!I38, 2)+ROUND(Source!AE38*Source!I38, 2))), 2) -> 2074.12 | T54: =Source!X38 -> 2074.12 | U54: =ROUND((Source!FY38/100)*((ROUND(Source!AF38*Source!I38, 2)+ROUND(Source!AE38*Source!I38, 2))), 2) -> 1329.57 | V54: =Source!Y38 -> 1329.57
C55: Зарплата | F55: =Source!AO38 -> 444.67 | G55: =Source!DG38 -> )*1,15 | H55: =ROUND(Source!AF38*Source!I38, 2) -> 2659.13 | J55: =IF(Source!BA38<> 0, Source!BA38, 1) -> 1 | K55: =Source!S38 -> 2659.13 | R55: =H55 -> 2659.13
C56: Эксплуатация машин | F56: =Source!AM38 -> 847.74 | G56: =Source!DE38 -> )*1,15 | H56: =ROUND(Source!AD38*Source!I38, 2) -> 5069.49 | J56: =IF(Source!BB38<> 0, Source!BB38, 1) -> 1 | K56: =Source!Q38 -> 5069.49
C57: Материальные ресурсы | F57: =Source!AL38 -> 22.45 | G57: =Source!DD38 | H57: =ROUND(Source!AC38*Source!I38, 2) -> 116.74 | J57: =IF(Source!BC38<> 0, Source!BC38, 1) -> 1 | K57: =Source!P38 -> 116.74
C58: НР от ФОТ | D58: % | E58: =Source!BZ38 -> 78 | H58: =SUM(S54:S61) -> 2074.12 | J58: =Source!AT38 -> 78 | K58: =SUM(T54:T61) -> 2074.12
C59: СП от ФОТ | D59: % | E59: =Source!CA38 -> 50 | H59: =SUM(U54:U61) -> 1329.57 | J59: =Source!AU38 -> 50 | K59: =SUM(V54:V61) -> 1329.57
C60: Затраты труда | D60: чел-ч | E60: =Source!AQ38 -> 52.13 | G60: =Source!DI38 -> )*1,15 | L60: =Source!U38 -> 311.7374
A61: =Source!E40 -> 3,1 | B61: =Source!F40 -> 01.7.07.07 | C61: =Source!G40 -> Строительный мусор | D61: =Source!H40 -> т | E61: =Source!I40 -> 5.2 | F61: =Source!AL40+Source!AM40+Source!AO40 -> 0 | H61: =ROUND(Source!AC40*Source!I40, 2)+ROUND(Source!AD40*Source!I40, 2)+ROUND(Source!AF40*Source!I40, 2) -> 0 | J61: =IF(Source!BC40<> 0, Source!BC40, 1) -> 1 | K61: =Source!O40 -> 0 | S61: =ROUND((Source!FX40/100)*((ROUND(Source!AF40*Source!I40, 2)+ROUND(Source!AE40*Source!I40, 2))), 2) -> 0 | T61: =Source!X40 -> 0 | U61: =ROUND((Source!FY40/100)*((ROUND(Source!AF40*Source!I40, 2)+ROUND(Source!AE40*Source!I40, 2))), 2) -> 0 | V61: =Source!Y40 -> 0 | W61: =IF(Source!BI40<=1,H61, 0) -> 0 | X61: =IF(Source!BI40=2,H61, 0) -> 0 | Y61: =IF(Source!BI40=3,H61, 0) -> 0 | Z61: =IF(Source!BI40=4,H61, 0) -> 0
G62: =H55+H56+H57+H58+H59+SUM(H61:H61) -> 11249.05 | J62: =K55+K56+K57+K58+K59+SUM(K61:K61) -> 11249.05 | L62: =Source!U38 -> 311.7374 | O62: =G62 -> 11249.05 | P62: =J62 -> 11249.05 | Q62: =L62 -> 311.7374 | W62: =IF(Source!BI38<=1,H55+H56+H57+H58+H59, 0) -> 11249.05 | X62: =IF(Source!BI38=2,H55+H56+H57+H58+H59, 0) -> 0 | Y62: =IF(Source!BI38=3,H55+H56+H57+H58+H59, 0) -> 0 | Z62: =IF(Source!BI38=4,H55+H56+H57+H58+H59, 0) -> 0
A63: =Source!E42 -> 4 | B63: 69-19-19 Поправка: МР 81/пр Прил.2, Табл.3, п. 3 | C63: =Source!G42 -> Разборка горизонтальных поверхностей железобетонных конструкций при помощи отбойных молотков, бетон марки 300 прим. Железобетонные плиты | D63: =Source!H42 -> м3 | E63: =Source!I42 -> 5.2 | F63: =Source!AL42+Source!AM42+Source!AO42 -> 1140.15 | I63: =Source!BO42 | S63: =ROUND((Source!FX42/100)*((ROUND(Source!AF42*Source!I42, 2)+ROUND(Source!AE42*Source!I42, 2))), 2) -> 1801.58 | T63: =Source!X42 -> 1801.58 | U63: =ROUND((Source!FY42/100)*((ROUND(Source!AF42*Source!I42, 2)+ROUND(Source!AE42*Source!I42, 2))), 2) -> 1154.86 | V63: =Source!Y42 -> 1154.86
C64: Зарплата | F64: =Source!AO42 -> 386.24 | G64: =Source!DG42 -> )*1,15 | H64: =ROUND(Source!AF42*Source!I42, 2) -> 2309.72 | J64: =IF(Source!BA42<> 0, Source!BA42, 1) -> 1 | K64: =Source!S42 -> 2309.72 | R64: =H64 -> 2309.72
C65: Эксплуатация машин | F65: =Source!AM42 -> 731.46 | G65: =Source!DE42 -> )*1,15 | H65: =ROUND(Source!AD42*Source!I42, 2) -> 4374.13 | J65: =IF(Source!BB42<> 0, Source!BB42, 1) -> 1 | K65: =Source!Q42 -> 4374.13
C66: Материальные ресурсы | F66: =Source!AL42 -> 22.45 | G66: =Source!DD42 | H66: =ROUND(Source!AC42*Source!I42, 2) -> 116.74 | J66: =IF(Source!BC42<> 0, Source!BC42, 1) -> 1 | K66: =Source!P42 -> 116.74
C67: НР от ФОТ | D67: % | E67: =Source!BZ42 -> 78 | H67: =SUM(S63:S70) -> 1801.58 | J67: =Source!AT42 -> 78 | K67: =SUM(T63:T70) -> 1801.58
C68: СП от ФОТ | D68: % | E68: =Source!CA42 -> 50 | H68: =SUM(U63:U70) -> 1154.86 | J68: =Source!AU42 -> 50 | K68: =SUM(V63:V70) -> 1154.86
C69: Затраты труда | D69: чел-ч | E69: =Source!AQ42 -> 45.28 | G69: =Source!DI42 -> )*1,15 | L69: =Source!U42 -> 270.7744
A70: =Source!E44 -> 4,1 | B70: =Source!F44 -> 01.7.07.07 | C70: =Source!G44 -> Строительный мусор | D70: =Source!H44 -> т | E70: =Source!I44 -> 5.2 | F70: =Source!AL44+Source!AM44+Source!AO44 -> 0 | H70: =ROUND(Source!AC44*Source!I44, 2)+ROUND(Source!AD44*Source!I44, 2)+ROUND(Source!AF44*Source!I44, 2) -> 0 | J70: =IF(Source!BC44<> 0, Source!BC44, 1) -> 1 | K70: =Source!O44 -> 0 | S70: =ROUND((Source!FX44/100)*((ROUND(Source!AF44*Source!I44, 2)+ROUND(Source!AE44*Source!I44, 2))), 2) -> 0 | T70: =Source!X44 -> 0 | U70: =ROUND((Source!FY44/100)*((ROUND(Source!AF44*Source!I44, 2)+ROUND(Source!AE44*Source!I44, 2))), 2) -> 0 | V70: =Source!Y44 -> 0 | W70: =IF(Source!BI44<=1,H70, 0) -> 0 | X70: =IF(Source!BI44=2,H70, 0) -> 0 | Y70: =IF(Source!BI44=3,H70, 0) -> 0 | Z70: =IF(Source!BI44=4,H70, 0) -> 0
G71: =H64+H65+H66+H67+H68+SUM(H70:H70) -> 9757.03 | J71: =K64+K65+K66+K67+K68+SUM(K70:K70) -> 9757.03 | L71: =Source!U42 -> 270.7744 | O71: =G71 -> 9757.03 | P71: =J71 -> 9757.03 | Q71: =L71 -> 270.7744 | W71: =IF(Source!BI42<=1,H64+H65+H66+H67+H68, 0) -> 9757.03 | X71: =IF(Source!BI42=2,H64+H65+H66+H67+H68, 0) -> 0 | Y71: =IF(Source!BI42=3,H64+H65+H66+H67+H68, 0) -> 0 | Z71: =IF(Source!BI42=4,H64+H65+H66+H67+H68, 0) -> 0
A72: =Source!E46 -> 5 | B72: 01-02-057-03 Поправка: МР 81/пр Прил.2, Табл.3, п. 3 | C72: =Source!G46 -> Разработка грунта вручную в траншеях глубиной до 2 м без креплений с откосами, группа грунтов 3 | D72: =Source!H46 -> 100 м3 | E72: =Source!I46 -> 0.251 | F72: =Source!AL46+Source!AM46+Source!AO46 -> 1934.4 | I72: =Source!BO46 | S72: =ROUND((Source!FX46/100)*((ROUND(Source!AF46*Source!I46, 2)+ROUND(Source!AE46*Source!I46, 2))), 2) -> 402.02 | T72: =Source!X46 -> 402.02 | U72: =ROUND((Source!FY46/100)*((ROUND(Source!AF46*Source!I46, 2)+ROUND(Source!AE46*Source!I46, 2))), 2) -> 213.57 | V72: =Source!Y46 -> 212.18
C73: ="Объем: "&Source!I46&"=25,1/"&"100" -> Объем: 0,251=25,1/100
C74: Зарплата | F74: =Source!AO46 -> 1934.4 | G74: =Source!DG46 -> )*1,15 | H74: =ROUND(Source!AF46*Source!I46, 2) -> 558.36 | J74: =IF(Source!BA46<> 0, Source!BA46, 1) -> 1 | K74: =Source!S46 -> 558.36 | R74: =H74 -> 558.36
C75: НР от ФОТ | D75: % | E75: =Source!BZ46 -> 80 | F75: =CONCATENATE(" )", Source!DL46, Source!FT46, "=", Source!FX46) -> )*0,9=72 | H75: =SUM(S72:S77) -> 402.02 | J75: =Source!AT46 -> 72 | K75: =SUM(T72:T77) -> 402.02
C76: СП от ФОТ | D76: % | E76: =Source!CA46 -> 45 | F76: =CONCATENATE(" )", Source!DM46, Source!FU46, "=", Source!FY46) -> )*0,85=38,25 | H76: =SUM(U72:U77) -> 213.57 | J76: =Source!AU46 -> 38 | K76: =SUM(V72:V77) -> 212.18
C77: Затраты труда | D77: чел-ч | E77: =Source!AQ46 -> 248 | G77: =Source!DI46 -> )*1,15 | L77: =Source!U46 -> 71.5852
G78: =H74+H75+H76 -> 1173.95 | J78: =K74+K75+K76 -> 1172.56 | L78: =Source!U46 -> 71.5852 | O78: =G78 -> 1173.95 | P78: =J78 -> 1172.56 | Q78: =L78 -> 71.5852 | W78: =IF(Source!BI46<=1,H74+H75+H76, 0) -> 1173.95 | X78: =IF(Source!BI46=2,H74+H75+H76, 0) -> 0 | Y78: =IF(Source!BI46=3,H74+H75+H76, 0) -> 0 | Z78: =IF(Source!BI46=4,H74+H75+H76, 0) -> 0
A79: =Source!E48 -> 6 | B79: 01-02-060-03 Поправка: МР 81/пр Прил.2, Табл.3, п. 3 | C79: =Source!G48 -> Погрузка вручную неуплотненного грунта из штабелей и отвалов в транспортные средства, группа грунтов 3 | D79: =Source!H48 -> 100 м3 | E79: =Source!I48 -> 0.251 | F79: =Source!AL48+Source!AM48+Source!AO48 -> 625.73 | I79: =Source!BO48 | S79: =ROUND((Source!FX48/100)*((ROUND(Source!AF48*Source!I48, 2)+ROUND(Source!AE48*Source!I48, 2))), 2) -> 130.05 | T79: =Source!X48 -> 130.05 | U79: =ROUND((Source!FY48/100)*((ROUND(Source!AF48*Source!I48, 2)+ROUND(Source!AE48*Source!I48, 2))), 2) -> 69.09 | V79: =Source!Y48 -> 68.64
C80: ="Объем: "&Source!I48&"=25,1/"&"100" -> Объем: 0,251=25,1/100
C81: Зарплата | F81: =Source!AO48 -> 625.73 | G81: =Source!DG48 -> )*1,15 | H81: =ROUND(Source!AF48*Source!I48, 2) -> 180.62 | J81: =IF(Source!BA48<> 0, Source!BA48, 1) -> 1 | K81: =Source!S48 -> 180.62 | R81: =H81 -> 180.62
C82: НР от ФОТ | D82: % | E82: =Source!BZ48 -> 80 | F82: =CONCATENATE(" )", Source!DL48, Source!FT48, "=", Source!FX48) -> )*0,9=72 | H82: =SUM(S79:S84) -> 130.05 | J82: =Source!AT48 -> 72 | K82: =SUM(T79:T84) -> 130.05
C83: СП от ФОТ | D83: % | E83: =Source!CA48 -> 45 | F83: =CONCATENATE(" )", Source!DM48, Source!FU48, "=", Source!FY48) -> )*0,85=38,25 | H83: =SUM(U79:U84) -> 69.09 | J83: =Source!AU48 -> 38 | K83: =SUM(V79:V84) -> 68.64
C84: Затраты труда | D84: чел-ч | E84: =Source!AQ48 -> 83.43 | G84: =Source!DI48 -> )*1,15 | L84: =Source!U48 -> 24.08207
G85: =H81+H82+H83 -> 379.76 | J85: =K81+K82+K83 -> 379.31 | L85: =Source!U48 -> 24.08207 | O85: =G85 -> 379.76 | P85: =J85 -> 379.31 | Q85: =L85 -> 24.08207 | W85: =IF(Source!BI48<=1,H81+H82+H83, 0) -> 379.76 | X85: =IF(Source!BI48=2,H81+H82+H83, 0) -> 0 | Y85: =IF(Source!BI48=3,H81+H82+H83, 0) -> 0 | Z85: =IF(Source!BI48=4,H81+H82+H83, 0) -> 0
A86: =Source!E50 -> 7 | B86: 68-26-2 Поправка: МР 81/пр Прил.2, Табл.3, п. 3 | C86: =Source!G50 -> Разборка деревянных заборов штакетных Прим. Ограждение лестницы h=0,9м | D86: =Source!H50 -> 100 м2 | E86: =Source!I50 -> 0.198 | F86: =Source!AL50+Source!AM50+Source!AO50 -> 435.95 | I86: =Source!BO50 | S86: =ROUND((Source!FX50/100)*((ROUND(Source!AF50*Source!I50, 2)+ROUND(Source!AE50*Source!I50, 2))), 2) -> 103.24 | T86: =Source!X50 -> 103.24 | U86: =ROUND((Source!FY50/100)*((ROUND(Source!AF50*Source!I50, 2)+ROUND(Source!AE50*Source!I50, 2))), 2) -> 59.56 | V86: =Source!Y50 -> 59.56
C87: ="Объем: "&Source!I50&"=(22*"&"0,9)/"&"100" -> Объем: 0,198=(22*0,9)/100
C88: Зарплата | F88: =Source!AO50 -> 435.95 | G88: =Source!DG50 -> )*1,15 | H88: =ROUND(Source!AF50*Source!I50, 2) -> 99.27 | J88: =IF(Source!BA50<> 0, Source!BA50, 1) -> 1 | K88: =Source!S50 -> 99.27 | R88: =H88 -> 99.27
C89: НР от ФОТ | D89: % | E89: =Source!BZ50 -> 104 | H89: =SUM(S86:S92) -> 103.24 | J89: =Source!AT50 -> 104 | K89: =SUM(T86:T92) -> 103.24
C90: СП от ФОТ | D90: % | E90: =Source!CA50 -> 60 | H90: =SUM(U86:U92) -> 59.56 | J90: =Source!AU50 -> 60 | K90: =SUM(V86:V92) -> 59.56
C91: Затраты труда | D91: чел-ч | E91: =Source!AQ50 -> 53.36 | G91: =Source!DI50 -> )*1,15 | L91: =Source!U50 -> 12.150072
A92: =Source!E52 -> 7,1 | B92: =Source!F52 -> 01.7.07.07 | C92: =Source!G52 -> Строительный мусор | D92: =Source!H52 -> т | E92: =Source!I52 -> 0.09306 | F92: =Source!AL52+Source!AM52+Source!AO52 -> 0 | H92: =ROUND(Source!AC52*Source!I52, 2)+ROUND(Source!AD52*Source!I52, 2)+ROUND(Source!AF52*Source!I52, 2) -> 0 | J92: =IF(Source!BC52<> 0, Source!BC52, 1) -> 1 | K92: =Source!O52 -> 0 | S92: =ROUND((Source!FX52/100)*((ROUND(Source!AF52*Source!I52, 2)+ROUND(Source!AE52*Source!I52, 2))), 2) -> 0 | T92: =Source!X52 -> 0 | U92: =ROUND((Source!FY52/100)*((ROUND(Source!AF52*Source!I52, 2)+ROUND(Source!AE52*Source!I52, 2))), 2) -> 0 | V92: =Source!Y52 -> 0 | W92: =IF(Source!BI52<=1,H92, 0) -> 0 | X92: =IF(Source!BI52=2,H92, 0) -> 0 | Y92: =IF(Source!BI52=3,H92, 0) -> 0 | Z92: =IF(Source!BI52=4,H92, 0) -> 0
G93: =H88+H89+H90+SUM(H92:H92) -> 262.07 | J93: =K88+K89+K90+SUM(K92:K92) -> 262.07 | L93: =Source!U50 -> 12.150072 | O93: =G93 -> 262.07 | P93: =J93 -> 262.07 | Q93: =L93 -> 12.150072 | W93: =IF(Source!BI50<=1,H88+H89+H90, 0) -> 262.07 | X93: =IF(Source!BI50=2,H88+H89+H90, 0) -> 0 | Y93: =IF(Source!BI50=3,H88+H89+H90, 0) -> 0 | Z93: =IF(Source!BI50=4,H88+H89+H90, 0) -> 0
A94: =Source!E54 -> 8 | B94: 01-02-114-05 Поправка: МР 81/пр Прил.2, Табл.3, п. 3 | C94: =Source!G54 -> Корчевка кустарника и мелколесья в грунтах естественного залегания корчевателями-собирателями на тракторе мощностью 118 кВт (160 л.с.), кустарник и мелколесье средние | D94: =Source!H54 -> га | E94: =Source!I54 -> 0.45 | F94: =Source!AL54+Source!AM54+Source!AO54 -> 994.85 | I94: =Source!BO54 | S94: =ROUND((Source!FX54/100)*((ROUND(Source!AF54*Source!I54, 2)+ROUND(Source!AE54*Source!I54, 2))), 2) -> 36.91 | T94: =Source!X54 -> 36.91 | U94: =ROUND((Source!FY54/100)*((ROUND(Source!AF54*Source!I54, 2)+ROUND(Source!AE54*Source!I54, 2))), 2) -> 19.61 | V94: =Source!Y54 -> 19.48
C95: Эксплуатация машин | F95: =Source!AM54 -> 994.85 | G95: =Source!DE54 -> )*1,15 | H95: =ROUND(Source!AD54*Source!I54, 2) -> 514.83 | J95: =IF(Source!BB54<> 0, Source!BB54, 1) -> 1 | K95: =Source!Q54 -> 514.83
C96: в т.ч. зарплата машинистов | F96: =Source!AN54 -> 99.07 | G96: =Source!DF54 -> )*1,15 | H96: =ROUND(Source!AE54*Source!I54, 2) -> 51.27 | J96: =IF(Source!BS54<> 0, Source!BS54, 1) -> 1 | K96: =Source!R54 -> 51.27 | R96: =H96 -> 51.27
C97: НР от ФОТ | D97: % | E97: =Source!BZ54 -> 80 | F97: =CONCATENATE(" )", Source!DL54, Source!FT54, "=", Source!FX54) -> )*0,9=72 | H97: =SUM(S94:S99) -> 36.91 | J97: =Source!AT54 -> 72 | K97: =SUM(T94:T99) -> 36.91
C98: СП от ФОТ | D98: % | E98: =Source!CA54 -> 45 | F98: =CONCATENATE(" )", Source!DM54, Source!FU54, "=", Source!FY54) -> )*0,85=38,25 | H98: =SUM(U94:U99) -> 19.61 | J98: =Source!AU54 -> 38 | K98: =SUM(V94:V99) -> 19.48
A99: =Source!E56 -> 8,1 | B99: =Source!F56 -> 01.7.07.07 | C99: =Source!G56 -> Строительный мусор | D99: =Source!H56 -> т | E99: =Source!I56 -> 4.5 | F99: =Source!AL56+Source!AM56+Source!AO56 -> 0 | H99: =ROUND(Source!AC56*Source!I56, 2)+ROUND(Source!AD56*Source!I56, 2)+ROUND(Source!AF56*Source!I56, 2) -> 0 | J99: =IF(Source!BC56<> 0, Source!BC56, 1) -> 1 | K99: =Source!O56 -> 0 | S99: =ROUND((Source!FX56/100)*((ROUND(Source!AF56*Source!I56, 2)+ROUND(Source!AE56*Source!I56, 2))), 2) -> 0 | T99: =Source!X56 -> 0 | U99: =ROUND((Source!FY56/100)*((ROUND(Source!AF56*Source!I56, 2)+ROUND(Source!AE56*Source!I56, 2))), 2) -> 0 | V99: =Source!Y56 -> 0 | W99: =IF(Source!BI56<=1,H99, 0) -> 0 | X99: =IF(Source!BI56=2,H99, 0) -> 0 | Y99: =IF(Source!BI56=3,H99, 0) -> 0 | Z99: =IF(Source!BI56=4,H99, 0) -> 0
G100: =H95+H97+H98+SUM(H99:H99) -> 571.35 | J100: =K95+K97+K98+SUM(K99:K99) -> 571.22 | L100: =Source!U54 -> 0 | O100: =G100 -> 571.35 | P100: =J100 -> 571.22 | Q100: =L100 -> 0 | W100: =IF(Source!BI54<=1,H95+H97+H98, 0) -> 571.35 | X100: =IF(Source!BI54=2,H95+H97+H98, 0) -> 0 | Y100: =IF(Source!BI54=3,H95+H97+H98, 0) -> 0 | Z100: =IF(Source!BI54=4,H95+H97+H98, 0) -> 0
A101: =Source!E58 -> 9 | B101: =Source!F58 -> т01-01-01-042 | C101: =Source!G58 -> Погрузочные работы при автомобильных перевозках мусора строительного с погрузкой транспортерами | D101: =Source!H58 -> 1 Т ГРУЗА | E101: =Source!I58 -> 18.743 | F101: =Source!AK58 -> 7.96 | G101: =Source!DC58 | H101: =ROUND(Source!AB58*Source!I58, 2) -> 149.19 | I101: =Source!BO58 | J101: =Source!AZ58 -> 1 | K101: =Source!GM58 -> 149.19 | S101: =ROUND((Source!FX58/100)*((ROUND(0*Source!I58, 2)+ROUND(0*Source!I58, 2))), 2) -> 0 | T101: =Source!X58 -> 0 | U101: =ROUND((Source!FY58/100)*((ROUND(0*Source!I58, 2)+ROUND(0*Source!I58, 2))), 2) -> 0 | V101: =Source!Y58 -> 0
C102: ="Объем: "&Source!I58&"=1,5+"&"2,25+"&"5,2+"&"5,2+"&"0,093+"&"4,5" -> Объем: 18,743=1,5+2,25+5,2+5,2+0,093+4,5
G103: =H101 -> 149.19 | J103: =K101 -> 149.19 | L103: =Source!U58 -> 0 | O103: =G103 -> 149.19 | P103: =J103 -> 149.19 | Q103: =L103 -> 0 | W103: =IF(Source!BI58<=1,H101, 0) -> 149.19 | X103: =IF(Source!BI58=2,H101, 0) -> 0 | Y103: =IF(Source!BI58=3,H101, 0) -> 0 | Z103: =IF(Source!BI58=4,H101, 0) -> 0
A104: =Source!E60 -> 10 | B104: =Source!F60 -> т03-21-01-025 | C104: =Source!G60 -> Перевозка грузов I класса автомобилями-самосвалами грузоподъемностью 10 т работающих вне карьера на расстояние до 25 км | D104: =Source!H60 -> 1 Т ГРУЗА | E104: =Source!I60 -> 56.393 | F104: =Source!AK60 -> 17.32 | G104: =Source!DC60 | H104: =ROUND(Source!AB60*Source!I60, 2) -> 976.73 | I104: =Source!BO60 | J104: =Source!AZ60 -> 1 | K104: =Source!GM60 -> 976.73 | S104: =ROUND((Source!FX60/100)*((ROUND(0*Source!I60, 2)+ROUND(0*Source!I60, 2))), 2) -> 0 | T104: =Source!X60 -> 0 | U104: =ROUND((Source!FY60/100)*((ROUND(0*Source!I60, 2)+ROUND(0*Source!I60, 2))), 2) -> 0 | V104: =Source!Y60 -> 0
C105: ="Объем: "&Source!I60&"=25,1*"&"1,5+"&""&Source!I58&"" -> Объем: 56,393=25,1*1,5+18,743
G106: =H104 -> 976.73 | J106: =K104 -> 976.73 | L106: =Source!U60 -> 0 | O106: =G106 -> 976.73 | P106: =J106 -> 976.73 | Q106: =L106 -> 0 | W106: =IF(Source!BI60<=1,H104, 0) -> 976.73 | X106: =IF(Source!BI60=2,H104, 0) -> 0 | Y106: =IF(Source!BI60=3,H104, 0) -> 0 | Z106: =IF(Source!BI60=4,H104, 0) -> 0
B108: =Source!G61 -> Дорожное покрытие
A109: =Source!E63 -> 11 | B109: 68-12-4 Поправка: МР 81/пр Прил.2, Табл.3, п. 3 | C109: =Source!G63 -> Разборка покрытий и оснований асфальтобетонных с помощью молотков отбойных (Асфальтобетон h=100мм) | D109: =Source!H63 -> 100 м3 | E109: =Source!I63 -> 2.47 | F109: =Source!AL63+Source!AM63+Source!AO63 -> 6008.44 | I109: =Source!BO63 | S109: =ROUND((Source!FX63/100)*((ROUND(Source!AF63*Source!I63, 2)+ROUND(Source!AE63*Source!I63, 2))), 2) -> 7225.74 | T109: =Source!X63 -> 7225.74 | U109: =ROUND((Source!FY63/100)*((ROUND(Source!AF63*Source!I63, 2)+ROUND(Source!AE63*Source!I63, 2))), 2) -> 4168.7 | V109: =Source!Y63 -> 4168.7
C110: ="Объем: "&Source!I63&"=247/"&"100" -> Объем: 2,47=247/100
C111: Зарплата | F111: =Source!AO63 -> 2022.24 | G111: =Source!DG63 -> )*1,15 | H111: =ROUND(Source!AF63*Source!I63, 2) -> 5744.17 | J111: =IF(Source!BA63<> 0, Source!BA63, 1) -> 1 | K111: =Source!S63 -> 5744.17 | R111: =H111 -> 5744.17
C112: Эксплуатация машин | F112: =Source!AM63 -> 3986.2 | G112: =Source!DE63 -> )*1,15 | H112: =ROUND(Source!AD63*Source!I63, 2) -> 11322.8 | J112: =IF(Source!BB63<> 0, Source!BB63, 1) -> 1 | K112: =Source!Q63 -> 11322.8
C113: в т.ч. зарплата машинистов | F113: =Source!AN63 -> 423.75 | G113: =Source!DF63 -> )*1,15 | H113: =ROUND(Source!AE63*Source!I63, 2) -> 1203.66 | J113: =IF(Source!BS63<> 0, Source!BS63, 1) -> 1 | K113: =Source!R63 -> 1203.66 | R113: =H113 -> 1203.66
C114: НР от ФОТ | D114: % | E114: =Source!BZ63 -> 104 | H114: =SUM(S109:S117) -> 7225.74 | J114: =Source!AT63 -> 104 | K114: =SUM(T109:T117) -> 7225.74
C115: СП от ФОТ | D115: % | E115: =Source!CA63 -> 60 | H115: =SUM(U109:U117) -> 4168.7 | J115: =Source!AU63 -> 60 | K115: =SUM(V109:V117) -> 4168.7
...

Sheet Source
A1: 0 | B1: Smeta.RU (495) 974-1589 | D1: _PS_ | F1: 0 | G1: 0 | H1: 0 | I1: Smeta.RU | K1: 1 | L1: 61305 | M1: 11 | N1: 10 | O1: 1 | P1: 0 | Q1: 10
A12: 1 | B12: 968 | C12: 0 | D12: =ROW(A902) -> 902 | E12: 0 | I12: 0 | K12: 0 | O12: 0 | P12: 0 | Q12: 0 | R12: 0 | S12: 0 | V12: 5 | BH12: Сметные нормы списания | BI12: Коды ценников | BJ12: 1 | BK12: 1 | BL12: 0 | BM12: 0 | BN12: 1 | BO12: 0 | BP12: 6 | BQ12: 2 | BR12: 1 | BS12: 1 | BT12: 0 | BU12: 0 | BV12: 0 | BW12: 0 | BX12: 0 | BY12: ФЕР-2017 Кап.ремонт | BZ12: ТР для Версии 10: Центральные регионы (с уч. п-ма 2536-ИП/12/ГС от 27.11.12, 01/57049-ЮЛ от 27.04.2018) от 30.08.2018 г | CA12: ФЕР-2017 | CB12: ФЕР-2017 | CC12: ФЕР-2017 | CD12: ФЕР-2017 | CE12: Поправки для ГСН 2017 от 10.01.2019 г | CF12: 0 | CG12: 0 | CH12: 524296 | CK12: 4 | EC12: 0
A15: 15 | B15: 1
A18: 52 | B18: =B902 -> 968 | C18: =C902 -> 1 | D18: =D902 -> 12 | E18: =E902 -> 0 | F18: =F902 | G18: =G902 | O18: =O902 -> 5503599.3 | P18: =P902 -> 5306624.2 | Q18: =Q902 -> 137668.15 | R18: =R902 -> 12896.59 | S18: =S902 -> 59306.86 | T18: =T902 -> 0 | U18: =U902 -> 7090.9035 | V18: =V902 -> 1043.389 | ... GX18: =GX902 -> 0
A20: 3 | B20: 1 | D20: =ROW(A870) -> 870 | F20: Новая локальная смета | G20: Локальная смета №1 | I20: 0 | K20: -1 | V20: 5 | BX20: 0 | CF20: 0 | CG20: 0
A22: 52 | B22: =B870 -> 1 | C22: =C870 -> 3 | D22: =D870 -> 20 | E22: =E870 -> 0 | F22: =F870 -> Новая локальная смета | G22: =G870 -> Локальная смета №1 | O22: =O870 -> 5503599.3 | P22: =P870 -> 5306624.2 | Q22: =Q870 -> 137668.15 | R22: =R870 -> 12896.59 | S22: =S870 -> 59306.86 | T22: =T870 -> 0 | U22: =U870 -> 7090.9035 | V22: =V870 -> 1043.389 | ... GX22: =GX870 -> 0
A24: 4 | B24: 1 | D24: =ROW(A85) -> 85 | F24: Новый раздел | G24: Демонтаж | I24: 0 | K24: 0 | V24: 0 | BX24: 0 | CJ24: 0
A26: 52 | B26: =B85 -> 1 | C26: =C85 -> 4 | D26: =D85 -> 24 | E26: =E85 -> 0 | F26: =F85 -> Новый раздел | G26: =G85 -> Демонтаж | O26: =O85 -> 51225.16 | P26: =P85 -> 236.16 | Q26: =Q85 -> 34641.88 | R26: =R85 -> 3083.79 | S26: =S85 -> 16347.12 | T26: =T85 -> 0 | U26: =U85 -> 1952.7902 | V26: =V85 -> 280.3274 | ... GX26: =GX85 -> 0
A28: 19 | B28: 1 | G28: Конструкции и элементы | AA28: 1 | IK28: 0
A29: 17 | B29: 1 | C29: =ROW(SmtRes!A19) -> 19 | D29: =ROW(EtalonRes!A19) -> 19 | E29: 1 | F29: 09-06-001-02 | G29: Монтаж лотков, решеток, затворов из полосовой и тонколистовой стали Прим. Деомнтаж ограждений, ворот распашных | H29: т | I29: 1.5 | J29: 0 | O29: =ROUND(CP29,2) -> 586.99 | P29: =ROUND(CQ29*I29,2) -> 0 | Q29: =ROUND(CR29*I29,2) -> 132.09 | R29: =ROUND(CS29*I29,2) -> 4.01 | S29: =ROUND(CT29*I29,2) -> 454.9 | T29: =ROUND(CU29*I29,2) -> 0 | U29: =CV29*I29 -> 53.3295 | V29: =CW29*I29 -> 0.3255 | W29: =ROUND(CX29*I29,2) -> 0 | X29: =ROUND(CY29,2) -> 371.72 | Y29: =ROUND(CZ29,2) -> 330.42 | AA29: 47636896 | AB29: =ROUND((AC29+AD29+AF29),6) -> 391.328 | AC29: =ROUND(((ES29*0)),6) -> 0 | AD29: =ROUND(((((ET29*0.7))-((EU29*0.7)))+AE29),6) -> 88.06 | AE29: =ROUND(((EU29*0.7)),6) -> 2.674 | AF29: =ROUND(((EV29*0.7)),6) -> 303.268 | AG29: =ROUND((AP29),6) -> 0 | AH29: =((EW29*0.7)) -> 35.553 | AI29: =((EX29*0.7)) -> 0.217 | AJ29: =(AS29) -> 0 | AK29: 641 | AL29: 81.96 | AM29: 125.8 | AN29: 3.82 | AO29: 433.24 | AP29: 0 | AQ29: 50.79 | AR29: 0.31 | AS29: 0 | AT29: 81 | AU29: 72 | AV29: 1 | AW29: 1 | AZ29: 1 | BA29: 1 | BB29: 1 | BC29: 1 | BH29: 0 | BI29: 1 | BJ29: ФЕР-2001, 09-06-001-02, приказ Минстроя России №1039/пр от 30.12.2016г. | BM29: 9001 | BN29: 0 | BP29: 0 | BQ29: 2 | BR29: 0 | BS29: 1 | BT29: 1 | BU29: 1 | BV29: 1 | BW29: 1 | BX29: 1 | BZ29: 90 | CA29: 85 | CE29: 0 | CF29: 0 | CG29: 0 | CM29: 0 | CN29: Поправка: МР 81/пр Табл.2, п.4 Наименование: При демонтаже (разборке) металлических конструкций | CO29: 0 | CP29: =(P29+Q29+S29) -> 586.99 | CQ29: =AC29*BC29 -> 0 | CR29: =AD29*BB29 -> 88.06 | CS29: =AE29*BS29 -> 2.674 | CT29: =AF29*BA29 -> 303.268 | CU29: =AG29 -> 0 | CV29: =AH29 -> 35.553 | CW29: =AI29 -> 0.217 | CX29: =AJ29 -> 0 | CY29: =(((S29+R29)*AT29)/100) -> 371.7171 | CZ29: =(((S29+R29)*AU29)/100) -> 330.4152 | DD29: )*0 | DE29: )*0,7 | DF29: )*0,7 | DG29: )*0,7 | DI29: )*0,7 | DJ29: )*0,7 | DN29: 0 | DO29: 0 | DP29: 1 | DQ29: 1 | DU29: 1009 | DV29: т | DW29: т | DX29: 1000 | EE29: 45919569 | EF29: 2 | EG29: Общестроительные работы | EH29: 0 | EJ29: 1 | EK29: 9001 | EL29: Металлические конструкции | EM29: ФЕР-09 | EO29: Поправка: МР 81/пр Табл.2, п.4 | EQ29: 0 | ER29: 641 | ES29: 81.96 | ET29: 125.8 | EU29: 3.82 | EV29: 433.24 | EW29: 50.79 | EX29: 0.31 | EY29: 0 | FQ29: 0 | FR29: =ROUND(IF(AND(BH29=3,BI29=3),P29,0),2) -> 0 | FS29: 0 | FT29: *0,9 | FU29: *0,85 | FX29: 81 | FY29: 72.25 | GD29: 1 | GF29: -781268344 | GG29: 2 | GH29: 1 | GI29: -2 | GJ29: 0 | GK29: 0 | GL29: =ROUND(IF(AND(BH29=3,BI29=3,FS29<>0),P29,0),2) -> 0 | GM29: =ROUND(O29+X29+Y29,2)+GX29 -> 1289.13 | GN29: =IF(OR(BI29=0,BI29=1),ROUND(O29+X29+Y29,2),0) -> 1289.13 | GO29: =IF(BI29=2,ROUND(O29+X29+Y29,2),0) -> 0 | GP29: =IF(BI29=4,ROUND(O29+X29+Y29,2)+GX29,0) -> 0 | GR29: 0 | GS29: 3 | GT29: 0 | GV29: =ROUND((GT29),6) -> 0 | GW29: 1 | GX29: =ROUND(HC29*I29,2) -> 0 | HA29: 0 | HB29: 0 | HC29: =GV29*GW29 -> 0 | IK29: 0
A30: 17 | B30: 1 | C30: =ROW(SmtRes!A38) -> 38 | D30: =ROW(EtalonRes!A38) -> 38 | E30: 1 | F30: 09-06-001-02 | G30: Монтаж лотков, решеток, затворов из полосовой и тонколистовой стали Прим. Деомнтаж ограждений, ворот распашных | H30: т | I30: 1.5 | J30: 0 | O30: =ROUND(CP30,2) -> 586.99 | P30: =ROUND(CQ30*I30,2) -> 0 | Q30: =ROUND(CR30*I30,2) -> 132.09 | R30: =ROUND(CS30*I30,2) -> 4.01 | S30: =ROUND(CT30*I30,2) -> 454.9 | T30: =ROUND(CU30*I30,2) -> 0 | U30: =CV30*I30 -> 53.3295 | V30: =CW30*I30 -> 0.3255 | W30: =ROUND(CX30*I30,2) -> 0 | X30: =ROUND(CY30,2) -> 371.72 | Y30: =ROUND(CZ30,2) -> 330.42 | AA30: 47641669 | AB30: =ROUND((AC30+AD30+AF30),6) -> 391.328 | AC30: =ROUND(((ES30*0)),6) -> 0 | AD30: =ROUND(((((ET30*0.7))-((EU30*0.7)))+AE30),6) -> 88.06 | AE30: =ROUND(((EU30*0.7)),6) -> 2.674 | AF30: =ROUND(((EV30*0.7)),6) -> 303.268 | AG30: =ROUND((AP30),6) -> 0 | AH30: =((EW30*0.7)) -> 35.553 | AI30: =((EX30*0.7)) -> 0.217 | AJ30: =(AS30) -> 0 | AK30: 641 | AL30: 81.96 | AM30: 125.8 | AN30: 3.82 | AO30: 433.24 | AP30: 0 | AQ30: 50.79 | AR30: 0.31 | AS30: 0 | AT30: 81 | AU30: 72 | AV30: 1 | AW30: 1 | AZ30: 1 | BA30: 1 | BB30: 1 | BC30: 1 | BH30: 0 | BI30: 1 | BJ30: ФЕР-2001, 09-06-001-02, приказ Минстроя России №1039/пр от 30.12.2016г. | BM30: 9001 | BN30: 0 | BP30: 0 | BQ30: 2 | BR30: 0 | BS30: 1 | BT30: 1 | BU30: 1 | BV30: 1 | BW30: 1 | BX30: 1 | BZ30: 90 | CA30: 85 | CE30: 0 | CF30: 0 | CG30: 0 | CM30: 0 | CN30: Поправка: МР 81/пр Табл.2, п.4 Наименование: При демонтаже (разборке) металлических конструкций | CO30: 0 | CP30: =(P30+Q30+S30) -> 586.99 | CQ30: =AC30*BC30 -> 0 | CR30: =AD30*BB30 -> 88.06 | CS30: =AE30*BS30 -> 2.674 | CT30: =AF30*BA30 -> 303.268 | CU30: =AG30 -> 0 | CV30: =AH30 -> 35.553 | CW30: =AI30 -> 0.217 | CX30: =AJ30 -> 0 | CY30: =(((S30+R30)*AT30)/100) -> 371.7171 | CZ30: =(((S30+R30)*AU30)/100) -> 330.4152 | DD30: )*0 | DE30: )*0,7 | DF30: )*0,7 | DG30: )*0,7 | DI30: )*0,7 | DJ30: )*0,7 | DN30: 0 | DO30: 0 | DP30: 1 | DQ30: 1 | DU30: 1009 | DV30: т | DW30: т | DX30: 1000 | EE30: 45919569 | EF30: 2 | EG30: Общестроительные работы | EH30: 0 | EJ30: 1 | EK30: 9001 | EL30: Металлические конструкции | EM30: ФЕР-09 | EO30: Поправка: МР 81/пр Табл.2, п.4 | EQ30: 0 | ER30: 641 | ES30: 81.96 | ET30: 125.8 | EU30: 3.82 | EV30: 433.24 | EW30: 50.79 | EX30: 0.31 | EY30: 0 | FQ30: 0 | FR30: =ROUND(IF(AND(BH30=3,BI30=3),P30,0),2) -> 0 | FS30: 0 | FT30: *0,9 | FU30: *0,85 | FX30: 81 | FY30: 72.25 | GD30: 1 | GF30: -781268344 | GG30: 2 | GH30: 1 | GI30: -2 | GJ30: 0 | GK30: 0 | GL30: =ROUND(IF(AND(BH30=3,BI30=3,FS30<>0),P30,0),2) -> 0 | GM30: =ROUND(O30+X30+Y30,2)+GX30 -> 1289.13 | GN30: =IF(OR(BI30=0,BI30=1),ROUND(O30+X30+Y30,2),0) -> 1289.13 | GO30: =IF(BI30=2,ROUND(O30+X30+Y30,2),0) -> 0 | GP30: =IF(BI30=4,ROUND(O30+X30+Y30,2)+GX30,0) -> 0 | GR30: 0 | GS30: 0 | GT30: 0 | GV30: =ROUND((GT30),6) -> 0 | GW30: 1 | GX30: =ROUND(HC30*I30,2) -> 0 | HA30: 0 | HB30: 0 | HC30: =GV30*GW30 -> 0 | IK30: 0
A31: 18 | B31: 1 | C31: 10 | E31: 1,1 | F31: 01.7.07.07 | G31: Строительный мусор | H31: т | I31: =I29*J31 -> 1.5 | J31: 1 | O31: =ROUND(CP31,2) -> 0 | P31: =ROUND(CQ31*I31,2) -> 0 | Q31: =ROUND(CR31*I31,2) -> 0 | R31: =ROUND(CS31*I31,2) -> 0 | S31: =ROUND(CT31*I31,2) -> 0 | T31: =ROUND(CU31*I31,2) -> 0 | U31: =CV31*I31 -> 0 | V31: =CW31*I31 -> 0 | W31: =ROUND(CX31*I31,2) -> 0 | X31: =ROUND(CY31,2) -> 0 | Y31: =ROUND(CZ31,2) -> 0 | AA31: 47636896 | AB31: =ROUND((AC31+AD31+AF31),6) -> 0 | AC31: =ROUND((ES31),6) -> 0 | AD31: =ROUND((((ET31)-(EU31))+AE31),6) -> 0 | AE31: =ROUND((EU31),6) -> 0 | AF31: =ROUND((EV31),6) -> 0 | AG31: =ROUND((AP31),6) -> 0 | AH31: =(EW31) -> 0 | AI31: =(EX31) -> 0 | AJ31: =(AS31) -> 0 | AK31: 0 | AL31: 0 | AM31: 0 | AN31: 0 | AO31: 0 | AP31: 0 | AQ31: 0 | AR31: 0 | AS31: 0 | AT31: 104 | AU31: 60 | AV31: 1 | AW31: 1 | AZ31: 1 | BA31: 1 | BB31: 1 | BC31: 1 | BH31: 3 | BI31: 1 | BM31: 68001 | BN31: 0 | BP31: 0 | BQ31: 6 | BR31: 0 | BS31: 1 | BT31: 1 | BU31: 1 | BV31: 1 | BW31: 1 | BX31: 1 | BZ31: 104 | CA31: 60 | CE31: 0 | CF31: 0 | CG31: 0 | CM31: 0 | CO31: 0 | CP31: =(P31+Q31+S31) -> 0 | CQ31: =AC31*BC31 -> 0 | CR31: =AD31*BB31 -> 0 | CS31: =AE31*BS31 -> 0 | CT31: =AF31*BA31 -> 0 | CU31: =AG31 -> 0 | CV31: =AH31 -> 0 | CW31: =AI31 -> 0 | CX31: =AJ31 -> 0 | CY31: =(((S31+R31)*AT31)/100) -> 0 | CZ31: =(((S31+R31)*AU31)/100) -> 0 | DN31: 0 | DO31: 0 | DP31: 1 | DQ31: 1 | DU31: 1009 | DV31: т | DW31: т | DX31: 1000 | EE31: 45919696 | EF31: 6 | EG31: Ремонтно-строительные работы | EH31: 0 | EJ31: 1 | EK31: 68001 | EL31: Благоустройство | EM31: рФЕР-68 | EQ31: 0 | ER31: 0 | ES31: 0 | ET31: 0 | EU31: 0 | EV31: 0 | EW31: 0 | EX31: 0 | FQ31: 0 | FR31: =ROUND(IF(AND(BH31=3,BI31=3),P31,0),2) -> 0 | FS31: 0 | FX31: 104 | FY31: 60 | GD31: 1 | GF31: -179832266 | GG31: 2 | GH31: 1 | GI31: -2 | GJ31: 0 | GK31: 0 | GL31: =ROUND(IF(AND(BH31=3,BI31=3,FS31<>0),P31,0),2) -> 0 | GM31: =ROUND(O31+X31+Y31,2)+GX31 -> 0 | GN31: =IF(OR(BI31=0,BI31=1),ROUND(O31+X31+Y31,2),0) -> 0 | GO31: =IF(BI31=2,ROUND(O31+X31+Y31,2),0) -> 0 | GP31: =IF(BI31=4,ROUND(O31+X31+Y31,2)+GX31,0) -> 0 | GR31: 0 | GS31: 3 | GT31: 0 | GV31: =ROUND((GT31),6) -> 0 | GW31: 1 | GX31: =ROUND(HC31*I31,2) -> 0 | HA31: 0 | HB31: 0 | HC31: =GV31*GW31 -> 0 | IK31: 0
A32: 18 | B32: 1 | C32: 29 | E32: 1,1 | F32: 01.7.07.07 | G32: Строительный мусор | H32: т | I32: =I30*J32 -> 1.5 | J32: 1 | O32: =ROUND(CP32,2) -> 0 | P32: =ROUND(CQ32*I32,2) -> 0 | Q32: =ROUND(CR32*I32,2) -> 0 | R32: =ROUND(CS32*I32,2) -> 0 | S32: =ROUND(CT32*I32,2) -> 0 | T32: =ROUND(CU32*I32,2) -> 0 | U32: =CV32*I32 -> 0 | V32: =CW32*I32 -> 0 | W32: =ROUND(CX32*I32,2) -> 0 | X32: =ROUND(CY32,2) -> 0 | Y32: =ROUND(CZ32,2) -> 0 | AA32: 47641669 | AB32: =ROUND((AC32+AD32+AF32),6) -> 0 | AC32: =ROUND((ES32),6) -> 0 | AD32: =ROUND((((ET32)-(EU32))+AE32),6) -> 0 | AE32: =ROUND((EU32),6) -> 0 | AF32: =ROUND((EV32),6) -> 0 | AG32: =ROUND((AP32),6) -> 0 | AH32: =(EW32) -> 0 | AI32: =(EX32) -> 0 | AJ32: =(AS32) -> 0 | AK32: 0 | AL32: 0 | AM32: 0 | AN32: 0 | AO32: 0 | AP32: 0 | AQ32: 0 | AR32: 0 | AS32: 0 | AT32: 90 | AU32: 85 | AV32: 1 | AW32: 1 | AZ32: 1 | BA32: 1 | BB32: 1 | BC32: 1 | BH32: 3 | BI32: 1 | BM32: 68001 | BN32: 0 | BP32: 0 | BQ32: 6 | BR32: 0 | BS32: 1 | BT32: 1 | BU32: 1 | BV32: 1 | BW32: 1 | BX32: 1 | BZ32: 90 | CA32: 85 | CE32: 0 | CF32: 0 | CG32: 0 | CM32: 0 | CO32: 0 | CP32: =(P32+Q32+S32) -> 0 | CQ32: =AC32*BC32 -> 0 | CR32: =AD32*BB32 -> 0 | CS32: =AE32*BS32 -> 0 | CT32: =AF32*BA32 -> 0 | CU32: =AG32 -> 0 | CV32: =AH32 -> 0 | CW32: =AI32 -> 0 | CX32: =AJ32 -> 0 | CY32: =(((S32+R32)*AT32)/100) -> 0 | CZ32: =(((S32+R32)*AU32)/100) -> 0 | DN32: 0 | DO32: 0 | DP32: 1 | DQ32: 1 | DU32: 1009 | DV32: т | DW32: т | DX32: 1000 | EE32: 45919696 | EF32: 6 | EG32: Ремонтно-строительные работы | EH32: 0 | EJ32: 1 | EK32: 68001 | EL32: Благоустройство | EM32: рФЕР-68 | EQ32: 0 | ER32: 0 | ES32: 0 | ET32: 0 | EU32: 0 | EV32: 0 | EW32: 0 | EX32: 0 | FQ32: 0 | FR32: =ROUND(IF(AND(BH32=3,BI32=3),P32,0),2) -> 0 | FS32: 0 | FX32: 90 | FY32: 85 | GD32: 1 | GF32: -179832266 | GG32: 2 | GH32: 1 | GI32: -2 | GJ32: 0 | GK32: 0 | GL32: =ROUND(IF(AND(BH32=3,BI32=3,FS32<>0),P32,0),2) -> 0 | GM32: =ROUND(O32+X32+Y32,2)+GX32 -> 0 | GN32: =IF(OR(BI32=0,BI32=1),ROUND(O32+X32+Y32,2),0) -> 0 | GO32: =IF(BI32=2,ROUND(O32+X32+Y32,2),0) -> 0 | GP32: =IF(BI32=4,ROUND(O32+X32+Y32,2)+GX32,0) -> 0 | GR32: 0 | GS32: 0 | GT32: 0 | GV32: =ROUND((GT32),6) -> 0 | GW32: 1 | GX32: =ROUND(HC32*I32,2) -> 0 | HA32: 0 | HB32: 0 | HC32: =GV32*GW32 -> 0 | IK32: 0
A33: 17 | B33: 1 | C33: =ROW(SmtRes!A46) -> 46 | D33: =ROW(EtalonRes!A46) -> 46 | E33: 2 | F33: 07-05-030-06 | G33: Установка плит балконов и козырьков площадью до 5 м2 в зданиях кирпичных и блочных Прим. Деомнтаж плит над входом | H33: 100 ШТ | I33: =ROUND(3/100,9) -> 0.03 | J33: 0 | O33: =ROUND(CP33,2) -> 413.66 | P33: =ROUND(CQ33*I33,2) -> 0 | Q33: =ROUND(CR33*I33,2) -> 288.54 | R33: =ROUND(CS33*I33,2) -> 44.37 | S33: =ROUND(CT33*I33,2) -> 125.12 | T33: =ROUND(CU33*I33,2) -> 0 | U33: =CV33*I33 -> 13.79448 | V33: =CW33*I33 -> 3.28704 | W33: =ROUND(CX33*I33,2) -> 0 | X33: =ROUND(CY33,2) -> 237.29 | Y33: =ROUND(CZ33,2) -> 144.07 | AA33: 47636896 | AB33: =ROUND((AC33+AD33+AF33),6) -> 13788.616 | AC33: =ROUND(((ES33*0)),6) -> 0 | AD33: =ROUND(((((ET33*0.8))-((EU33*0.8)))+AE33),6) -> 9618.088 | AE33: =ROUND(((EU33*0.8)),6) -> 1478.912 | AF33: =ROUND(((EV33*0.8)),6) -> 4170.528 | AG33: =ROUND((AP33),6) -> 0 | AH33: =((EW33*0.8)) -> 459.816 | AI33: =((EX33*0.8)) -> 109.568 | AJ33: =(AS33) -> 0 | AK33: 18567.81 | AL33: 1332.04 | AM33: 12022.61 | AN33: 1848.64 | AO33: 5213.16 | AP33: 0 | AQ33: 574.77 | AR33: 136.96 | AS33: 0 | AT33: 140 | AU33: 85 | AV33: 1 | AW33: 1 | AZ33: 1 | BA33: 1 | BB33: 1 | BC33: 1 | BH33: 0 | BI33: 1 | BJ33: ФЕР-2001, 07-05-030-06, приказ Минстроя России №1039/пр от 30.12.2016г. | BM33: 7005 | BN33: 0 | BP33: 0 | BQ33: 2 | BR33: 0 | BS33: 1 | BT33: 1 | BU33: 1 | BV33: 1 | BW33: 1 | BX33: 1 | BZ33: 155 | CA33: 100 | CE33: 0 | CF33: 0 | CG33: 0 | CM33: 0 | CN33: Поправка: МР 81/пр Табл.2, п.1 Наименование: При демонтаже (разборке) сборных бетонных и железобетонных конструкций | CO33: 0 | CP33: =(P33+Q33+S33) -> 413.66 | CQ33: =AC33*BC33 -> 0 | CR33: =AD33*BB33 -> 9618.088 | CS33: =AE33*BS33 -> 1478.912 | CT33: =AF33*BA33 -> 4170.528 | CU33: =AG33 -> 0 | CV33: =AH33 -> 459.816 | CW33: =AI33 -> 109.568 | CX33: =AJ33 -> 0 | CY33: =(((S33+R33)*AT33)/100) -> 237.286 | CZ33: =(((S33+R33)*AU33)/100) -> 144.0665 | DD33: )*0 | DE33: )*0,8 | DF33: )*0,8 | DG33: )*0,8 | DI33: )*0,8 | DJ33: )*0,8 | DN33: 0 | DO33: 0 | DP33: 1 | DQ33: 1 | DU33: 1013 | DV33: 100 ШТ | DW33: 100 ШТ | DX33: 1 | EE33: 45919522 | EF33: 2 | EG33: Общестроительные работы | EH33: 0 | EJ33: 1 | EK33: 7005 | EL33: Сборные бетонные констр. в жил. стр/ (крупно-пан. д_стр. (для СП=108% - {КПД}=1; обыч. д_стр. СП=90% - {КПД}=0) | EM33: ФЕР-07 | EO33: Поправка: МР 81/пр Табл.2, п.1 | EQ33: 0 | ER33: 18567.81 | ES33: 1332.04 | ET33: 12022.61 | EU33: 1848.64 | EV33: 5213.16 | EW33: 574.77 | EX33: 136.96 | EY33: 0 | FQ33: 0 | FR33: =ROUND(IF(AND(BH33=3,BI33=3),P33,0),2) -> 0 | FS33: 0 | FT33: *0,9 | FU33: *0,85 | FX33: 139.5 | FY33: 85 | GD33: 1 | GF33: -1456885258 | GG33: 2 | GH33: 1 | GI33: -2 | GJ33: 0 | GK33: 0 | GL33: =ROUND(IF(AND(BH33=3,BI33=3,FS33<>0),P33,0),2) -> 0 | GM33: =ROUND(O33+X33+Y33,2)+GX33 -> 795.02 | GN33: =IF(OR(BI33=0,BI33=1),ROUND(O33+X33+Y33,2),0) -> 795.02 | GO33: =IF(BI33=2,ROUND(O33+X33+Y33,2),0) -> 0 | GP33: =IF(BI33=4,ROUND(O33+X33+Y33,2)+GX33,0) -> 0 | GR33: 0 | GS33: 3 | GT33: 0 | GV33: =ROUND((GT33),6) -> 0 | GW33: 1 | GX33: =ROUND(HC33*I33,2) -> 0 | HA33: 0 | HB33: 0 | HC33: =GV33*GW33 -> 0 | IK33: 0
A34: 17 | B34: 1 | C34: =ROW(SmtRes!A54) -> 54 | D34: =ROW(EtalonRes!A54) -> 54 | E34: 2 | F34: 07-05-030-06 | G34: Установка плит балконов и козырьков площадью до 5 м2 в зданиях кирпичных и блочных Прим. Деомнтаж плит над входом | H34: 100 ШТ | I34: =ROUND(3/100,9) -> 0.03 | J34: 0 | O34: =ROUND(CP34,2) -> 413.66 | P34: =ROUND(CQ34*I34,2) -> 0 | Q34: =ROUND(CR34*I34,2) -> 288.54 | R34: =ROUND(CS34*I34,2) -> 44.37 | S34: =ROUND(CT34*I34,2) -> 125.12 | T34: =ROUND(CU34*I34,2) -> 0 | U34: =CV34*I34 -> 13.79448 | V34: =CW34*I34 -> 3.28704 | W34: =ROUND(CX34*I34,2) -> 0 | X34: =ROUND(CY34,2) -> 237.29 | Y34: =ROUND(CZ34,2) -> 144.07 | AA34: 47641669 | AB34: =ROUND((AC34+AD34+AF34),6) -> 13788.616 | AC34: =ROUND(((ES34*0)),6) -> 0 | AD34: =ROUND(((((ET34*0.8))-((EU34*0.8)))+AE34),6) -> 9618.088 | AE34: =ROUND(((EU34*0.8)),6) -> 1478.912 | AF34: =ROUND(((EV34*0.8)),6) -> 4170.528 | AG34: =ROUND((AP34),6) -> 0 | AH34: =((EW34*0.8)) -> 459.816 | AI34: =((EX34*0.8)) -> 109.568 | AJ34: =(AS34) -> 0 | AK34: 18567.81 | AL34: 1332.04 | AM34: 12022.61 | AN34: 1848.64 | AO34: 5213.16 | AP34: 0 | AQ34: 574.77 | AR34: 136.96 | AS34: 0 | AT34: 140 | AU34: 85 | AV34: 1 | AW34: 1 | AZ34: 1 | BA34: 1 | BB34: 1 | BC34: 1 | BH34: 0 | BI34: 1 | BJ34: ФЕР-2001, 07-05-030-06, приказ Минстроя России №1039/пр от 30.12.2016г. | BM34: 7005 | BN34: 0 | BP34: 0 | BQ34: 2 | BR34: 0 | BS34: 1 | BT34: 1 | BU34: 1 | BV34: 1 | BW34: 1 | BX34: 1 | BZ34: 155 | CA34: 100 | CE34: 0 | CF34: 0 | CG34: 0 | CM34: 0 | CN34: Поправка: МР 81/пр Табл.2, п.1 Наименование: При демонтаже (разборке) сборных бетонных и железобетонных конструкций | CO34: 0 | CP34: =(P34+Q34+S34) -> 413.66 | CQ34: =AC34*BC34 -> 0 | CR34: =AD34*BB34 -> 9618.088 | CS34: =AE34*BS34 -> 1478.912 | CT34: =AF34*BA34 -> 4170.528 | CU34: =AG34 -> 0 | CV34: =AH34 -> 459.816 | CW34: =AI34 -> 109.568 | CX34: =AJ34 -> 0 | CY34: =(((S34+R34)*AT34)/100) -> 237.286 | CZ34: =(((S34+R34)*AU34)/100) -> 144.0665 | DD34: )*0 | DE34: )*0,8 | DF34: )*0,8 | DG34: )*0,8 | DI34: )*0,8 | DJ34: )*0,8 | DN34: 0 | DO34: 0 | DP34: 1 | DQ34: 1 | DU34: 1013 | DV34: 100 ШТ | DW34: 100 ШТ | DX34: 1 | EE34: 45919522 | EF34: 2 | EG34: Общестроительные работы | EH34: 0 | EJ34: 1 | EK34: 7005 | EL34: Сборные бетонные констр. в жил. стр/ (крупно-пан. д_стр. (для СП=108% - {КПД}=1; обыч. д_стр. СП=90% - {КПД}=0) | EM34: ФЕР-07 | EO34: Поправка: МР 81/пр Табл.2, п.1 | EQ34: 0 | ER34: 18567.81 | ES34: 1332.04 | ET34: 12022.61 | EU34: 1848.64 | EV34: 5213.16 | EW34: 574.77 | EX34: 136.96 | EY34: 0 | FQ34: 0 | FR34: =ROUND(IF(AND(BH34=3,BI34=3),P34,0),2) -> 0 | FS34: 0 | FT34: *0,9 | FU34: *0,85 | FX34: 139.5 | FY34: 85 | GD34: 1 | GF34: -1456885258 | GG34: 2 | GH34: 1 | GI34: -2 | GJ34: 0 | GK34: 0 | GL34: =ROUND(IF(AND(BH34=3,BI34=3,FS34<>0),P34,0),2) -> 0 | GM34: =ROUND(O34+X34+Y34,2)+GX34 -> 795.02 | GN34: =IF(OR(BI34=0,BI34=1),ROUND(O34+X34+Y34,2),0) -> 795.02 | GO34: =IF(BI34=2,ROUND(O34+X34+Y34,2),0) -> 0 | GP34: =IF(BI34=4,ROUND(O34+X34+Y34,2)+GX34,0) -> 0 | GR34: 0 | GS34: 0 | GT34: 0 | GV34: =ROUND((GT34),6) -> 0 | GW34: 1 | GX34: =ROUND(HC34*I34,2) -> 0 | HA34: 0 | HB34: 0 | HC34: =GV34*GW34 -> 0 | IK34: 0
A35: 18 | B35: 1 | C35: 44 | E35: 2,1 | F35: 01.7.07.07 | G35: Строительный мусор | H35: т | I35: =I33*J35 -> 2.25 | J35: 75 | O35: =ROUND(CP35,2) -> 0 | P35: =ROUND(CQ35*I35,2) -> 0 | Q35: =ROUND(CR35*I35,2) -> 0 | R35: =ROUND(CS35*I35,2) -> 0 | S35: =ROUND(CT35*I35,2) -> 0 | T35: =ROUND(CU35*I35,2) -> 0 | U35: =CV35*I35 -> 0 | V35: =CW35*I35 -> 0 | W35: =ROUND(CX35*I35,2) -> 0 | X35: =ROUND(CY35,2) -> 0 | Y35: =ROUND(CZ35,2) -> 0 | AA35: 47636896 | AB35: =ROUND((AC35+AD35+AF35),6) -> 0 | AC35: =ROUND((ES35),6) -> 0 | AD35: =ROUND((((ET35)-(EU35))+AE35),6) -> 0 | AE35: =ROUND((EU35),6) -> 0 | AF35: =ROUND((EV35),6) -> 0 | AG35: =ROUND((AP35),6) -> 0 | AH35: =(EW35) -> 0 | AI35: =(EX35) -> 0 | AJ35: =(AS35) -> 0 | AK35: 0 | AL35: 0 | AM35: 0 | AN35: 0 | AO35: 0 | AP35: 0 | AQ35: 0 | AR35: 0 | AS35: 0 | AT35: 104 | AU35: 60 | AV35: 1 | AW35: 1 | AZ35: 1 | BA35: 1 | BB35: 1 | BC35: 1 | BH35: 3 | BI35: 1 | BM35: 68001 | BN35: 0 | BP35: 0 | BQ35: 6 | BR35: 0 | BS35: 1 | BT35: 1 | BU35: 1 | BV35: 1 | BW35: 1 | BX35: 1 | BZ35: 104 | CA35: 60 | CE35: 0 | CF35: 0 | CG35: 0 | CM35: 0 | CO35: 0 | CP35: =(P35+Q35+S35) -> 0 | CQ35: =AC35*BC35 -> 0 | CR35: =AD35*BB35 -> 0 | CS35: =AE35*BS35 -> 0 | CT35: =AF35*BA35 -> 0 | CU35: =AG35 -> 0 | CV35: =AH35 -> 0 | CW35: =AI35 -> 0 | CX35: =AJ35 -> 0 | CY35: =(((S35+R35)*AT35)/100) -> 0 | CZ35: =(((S35+R35)*AU35)/100) -> 0 | DN35: 0 | DO35: 0 | DP35: 1 | DQ35: 1 | DU35: 1009 | DV35: т | DW35: т | DX35: 1000 | EE35: 45919696 | EF35: 6 | EG35: Ремонтно-строительные работы | EH35: 0 | EJ35: 1 | EK35: 68001 | EL35: Благоустройство | EM35: рФЕР-68 | EQ35: 0 | ER35: 0 | ES35: 0 | ET35: 0 | EU35: 0 | EV35: 0 | EW35: 0 | EX35: 0 | FQ35: 0 | FR35: =ROUND(IF(AND(BH35=3,BI35=3),P35,0),2) -> 0 | FS35: 0 | FX35: 104 | FY35: 60 | GD35: 1 | GF35: -179832266 | GG35: 2 | GH35: 1 | GI35: -2 | GJ35: 0 | GK35: 0 | GL35: =ROUND(IF(AND(BH35=3,BI35=3,FS35<>0),P35,0),2) -> 0 | GM35: =ROUND(O35+X35+Y35,2)+GX35 -> 0 | GN35: =IF(OR(BI35=0,BI35=1),ROUND(O35+X35+Y35,2),0) -> 0 | GO35: =IF(BI35=2,ROUND(O35+X35+Y35,2),0) -> 0 | GP35: =IF(BI35=4,ROUND(O35+X35+Y35,2)+GX35,0) -> 0 | GR35: 0 | GS35: 3 | GT35: 0 | GV35: =ROUND((GT35),6) -> 0 | GW35: 1 | GX35: =ROUND(HC35*I35,2) -> 0 | HA35: 0 | HB35: 0 | HC35: =GV35*GW35 -> 0 | IK35: 0
A36: 18 | B36: 1 | C36: 52 | E36: 2,1 | F36: 01.7.07.07 | G36: Строительный мусор | H36: т | I36: =I34*J36 -> 2.25 | J36: 75 | O36: =ROUND(CP36,2) -> 0 | P36: =ROUND(CQ36*I36,2) -> 0 | Q36: =ROUND(CR36*I36,2) -> 0 | R36: =ROUND(CS36*I36,2) -> 0 | S36: =ROUND(CT36*I36,2) -> 0 | T36: =ROUND(CU36*I36,2) -> 0 | U36: =CV36*I36 -> 0 | V36: =CW36*I36 -> 0 | W36: =ROUND(CX36*I36,2) -> 0 | X36: =ROUND(CY36,2) -> 0 | Y36: =ROUND(CZ36,2) -> 0 | AA36: 47641669 | AB36: =ROUND((AC36+AD36+AF36),6) -> 0 | AC36: =ROUND((ES36),6) -> 0 | AD36: =ROUND((((ET36)-(EU36))+AE36),6) -> 0 | AE36: =ROUND((EU36),6) -> 0 | AF36: =ROUND((EV36),6) -> 0 | AG36: =ROUND((AP36),6) -> 0 | AH36: =(EW36) -> 0 | AI36: =(EX36) -> 0 | AJ36: =(AS36) -> 0 | AK36: 0 | AL36: 0 | AM36: 0 | AN36: 0 | AO36: 0 | AP36: 0 | AQ36: 0 | AR36: 0 | AS36: 0 | AT36: 155 | AU36: 100 | AV36: 1 | AW36: 1 | AZ36: 1 | BA36: 1 | BB36: 1 | BC36: 1 | BH36: 3 | BI36: 1 | BM36: 68001 | BN36: 0 | BP36: 0 | BQ36: 6 | BR36: 0 | BS36: 1 | BT36: 1 | BU36: 1 | BV36: 1 | BW36: 1 | BX36: 1 | BZ36: 155 | CA36: 100 | CE36: 0 | CF36: 0 | CG36: 0 | CM36: 0 | CO36: 0 | CP36: =(P36+Q36+S36) -> 0 | CQ36: =AC36*BC36 -> 0 | CR36: =AD36*BB36 -> 0 | CS36: =AE36*BS36 -> 0 | CT36: =AF36*BA36 -> 0 | CU36: =AG36 -> 0 | CV36: =AH36 -> 0 | CW36: =AI36 -> 0 | CX36: =AJ36 -> 0 | CY36: =(((S36+R36)*AT36)/100) -> 0 | CZ36: =(((S36+R36)*AU36)/100) -> 0 | DN36: 0 | DO36: 0 | DP36: 1 | DQ36: 1 | DU36: 1009 | DV36: т | DW36: т | DX36: 1000 | EE36: 45919696 | EF36: 6 | EG36: Ремонтно-строительные работы | EH36: 0 | EJ36: 1 | EK36: 68001 | EL36: Благоустройство | EM36: рФЕР-68 | EQ36: 0 | ER36: 0 | ES36: 0 | ET36: 0 | EU36: 0 | EV36: 0 | EW36: 0 | EX36: 0 | FQ36: 0 | FR36: =ROUND(IF(AND(BH36=3,BI36=3),P36,0),2) -> 0 | FS36: 0 | FX36: 155 | FY36: 100 | GD36: 1 | GF36: -179832266 | GG36: 2 | GH36: 1 | GI36: -2 | GJ36: 0 | GK36: 0 | GL36: =ROUND(IF(AND(BH36=3,BI36=3,FS36<>0),P36,0),2) -> 0 | GM36: =ROUND(O36+X36+Y36,2)+GX36 -> 0 | GN36: =IF(OR(BI36=0,BI36=1),ROUND(O36+X36+Y36,2),0) -> 0 | GO36: =IF(BI36=2,ROUND(O36+X36+Y36,2),0) -> 0 | GP36: =IF(BI36=4,ROUND(O36+X36+Y36,2)+GX36,0) -> 0 | GR36: 0 | GS36: 0 | GT36: 0 | GV36: =ROUND((GT36),6) -> 0 | GW36: 1 | GX36: =ROUND(HC36*I36,2) -> 0 | HA36: 0 | HB36: 0 | HC36: =GV36*GW36 -> 0 | IK36: 0
A37: 17 | B37: 1 | C37: =ROW(SmtRes!A61) -> 61 | D37: =ROW(EtalonRes!A60) -> 60 | E37: 3 | F37: 69-19-26 | G37: Разборка вертикальных поверхностей железобетонных конструкций при помощи отбойных молотков, бетон марки 300 прим. Железобетонная тротуарная лестница | H37: м3 | I37: 5.2 | J37: 0 | O37: =ROUND(CP37,2) -> 7845.36 | P37: =ROUND(CQ37*I37,2) -> 116.74 | Q37: =ROUND(CR37*I37,2) -> 5069.49 | R37: =ROUND(CS37*I37,2) -> 0 | S37: =ROUND(CT37*I37,2) -> 2659.13 | T37: =ROUND(CU37*I37,2) -> 0 | U37: =CV37*I37 -> 311.7374 | V37: =CW37*I37 -> 0 | W37: =ROUND(CX37*I37,2) -> 0 | X37: =ROUND(CY37,2) -> 2074.12 | Y37: =ROUND(CZ37,2) -> 1329.57 | AA37: 47636896 | AB37: =ROUND((AC37+AD37+AF37),6) -> 1508.7215 | AC37: =ROUND((ES37),6) -> 22.45 | AD37: =ROUND(((((ET37*1.15))-((EU37*1.15)))+AE37),6) -> 974.901 | AE37: =ROUND(((EU37*1.15)),6) -> 0 | AF37: =ROUND(((EV37*1.15)),6) -> 511.3705 | AG37: =ROUND((AP37),6) -> 0 | AH37: =((EW37*1.15)) -> 59.9495 | AI37: =((EX37*1.15)) -> 0 | AJ37: =(AS37) -> 0 | AK37: 1314.86 | AL37: 22.45 | AM37: 847.74 | AN37: 0 | AO37: 444.67 | AP37: 0 | AQ37: 52.13 | AR37: 0 | AS37: 0 | AT37: 78 | AU37: 50 | AV37: 1 | AW37: 1 | AZ37: 1 | BA37: 1 | BB37: 1 | BC37: 1 | BH37: 0 | BI37: 1 | BJ37: ФЕРр-2001, 69-19-26, приказ Минстроя России №1039/пр от 30.12.2016г. | BM37: 69001 | BN37: 0 | BP37: 0 | BQ37: 6 | BR37: 0 | BS37: 1 | BT37: 1 | BU37: 1 | BV37: 1 | BW37: 1 | BX37: 1 | BZ37: 78 | CA37: 50 | CE37: 0 | CF37: 0 | CG37: 0 | CM37: 0 | CN37: Поправка: МР 81/пр Прил.2, Табл.3, п. 3 Наименование: Производство ремонтно-строительных работ осуществляется на территории действующего предприятия с наличием в зоне производства работ одного или нескольких из перечисленных ниже факторов: разветвленной сети транспортных и инженерных коммуникаций; стесненных условий для складирования материалов; действующего технологического оборудования | CO37: 0 | CP37: =(P37+Q37+S37) -> 7845.36 | CQ37: =AC37*BC37 -> 22.45 | CR37: =AD37*BB37 -> 974.901 | CS37: =AE37*BS37 -> 0 | CT37: =AF37*BA37 -> 511.3705 | CU37: =AG37 -> 0 | CV37: =AH37 -> 59.9495 | CW37: =AI37 -> 0 | CX37: =AJ37 -> 0 | CY37: =(((S37+R37)*AT37)/100) -> 2074.1214 | CZ37: =(((S37+R37)*AU37)/100) -> 1329.565 | DE37: )*1,15 | DF37: )*1,15 | DG37: )*1,15 | DI37: )*1,15 | DJ37: )*1,15 | DN37: 0 | DO37: 0 | DP37: 1 | DQ37: 1 | DU37: 1007 | DV37: м3 | DW37: м3 | DX37: 1 | EE37: 45919697 | EF37: 6 | EG37: Ремонтно-строительные работы | EH37: 0 | EJ37: 1 | EK37: 69001 | EL37: Прочие ремонтно-строительные работы | EM37: рФЕР-69 | EO37: Поправка: МР 81/пр Прил.2, Табл.3, п. 3 | EQ37: 0 | ER37: 1314.86 | ES37: 22.45 | ET37: 847.74 | EU37: 0 | EV37: 444.67 | EW37: 52.13 | EX37: 0 | EY37: 0 | FQ37: 0 | FR37: =ROUND(IF(AND(BH37=3,BI37=3),P37,0),2) -> 0 | FS37: 0 | FX37: 78 | FY37: 50 | GD37: 1 | GF37: -2039080910 | GG37: 2 | GH37: 1 | GI37: -2 | GJ37: 0 | GK37: 0 | GL37: =ROUND(IF(AND(BH37=3,BI37=3,FS37<>0),P37,0),2) -> 0 | GM37: =ROUND(O37+X37+Y37,2)+GX37 -> 11249.05 | GN37: =IF(OR(BI37=0,BI37=1),ROUND(O37+X37+Y37,2),0) -> 11249.05 | GO37: =IF(BI37=2,ROUND(O37+X37+Y37,2),0) -> 0 | GP37: =IF(BI37=4,ROUND(O37+X37+Y37,2)+GX37,0) -> 0 | GR37: 0 | GS37: 3 | GT37: 0 | GV37: =ROUND((GT37),6) -> 0 | GW37: 1 | GX37: =ROUND(HC37*I37,2) -> 0 | HA37: 0 | HB37: 0 | HC37: =GV37*GW37 -> 0 | IK37: 0
A38: 17 | B38: 1 | C38: =ROW(SmtRes!A68) -> 68 | D38: =ROW(EtalonRes!A66) -> 66 | E38: 3 | F38: 69-19-26 | G38: Разборка вертикальных поверхностей железобетонных конструкций при помощи отбойных молотков, бетон марки 300 прим. Железобетонная тротуарная лестница | H38: м3 | I38: 5.2 | J38: 0 | O38: =ROUND(CP38,2) -> 7845.36 | P38: =ROUND(CQ38*I38,2) -> 116.74 | Q38: =ROUND(CR38*I38,2) -> 5069.49 | R38: =ROUND(CS38*I38,2) -> 0 | S38: =ROUND(CT38*I38,2) -> 2659.13 | T38: =ROUND(CU38*I38,2) -> 0 | U38: =CV38*I38 -> 311.7374 | V38: =CW38*I38 -> 0 | W38: =ROUND(CX38*I38,2) -> 0 | X38: =ROUND(CY38,2) -> 2074.12 | Y38: =ROUND(CZ38,2) -> 1329.57 | AA38: 47641669 | AB38: =ROUND((AC38+AD38+AF38),6) -> 1508.7215 | AC38: =ROUND((ES38),6) -> 22.45 | AD38: =ROUND(((((ET38*1.15))-((EU38*1.15)))+AE38),6) -> 974.901 | AE38: =ROUND(((EU38*1.15)),6) -> 0 | AF38: =ROUND(((EV38*1.15)),6) -> 511.3705 | AG38: =ROUND((AP38),6) -> 0 | AH38: =((EW38*1.15)) -> 59.9495 | AI38: =((EX38*1.15)) -> 0 | AJ38: =(AS38) -> 0 | AK38: 1314.86 | AL38: 22.45 | AM38: 847.74 | AN38: 0 | AO38: 444.67 | AP38: 0 | AQ38: 52.13 | AR38: 0 | AS38: 0 | AT38: 78 | AU38: 50 | AV38: 1 | AW38: 1 | AZ38: 1 | BA38: 1 | BB38: 1 | BC38: 1 | BH38: 0 | BI38: 1 | BJ38: ФЕРр-2001, 69-19-26, приказ Минстроя России №1039/пр от 30.12.2016г. | BM38: 69001 | BN38: 0 | BP38: 0 | BQ38: 6 | BR38: 0 | BS38: 1 | BT38: 1 | BU38: 1 | BV38: 1 | BW38: 1 | BX38: 1 | BZ38: 78 | CA38: 50 | CE38: 0 | CF38: 0 | CG38: 0 | CM38: 0 | CN38: Поправка: МР 81/пр Прил.2, Табл.3, п. 3 Наименование: Производство ремонтно-строительных работ осуществляется на территории действующего предприятия с наличием в зоне производства работ одного или нескольких из перечисленных ниже факторов: разветвленной сети транспортных и инженерных коммуникаций; стесненных условий для складирования материалов; действующего технологического оборудования | CO38: 0 | CP38: =(P38+Q38+S38) -> 7845.36 | CQ38: =AC38*BC38 -> 22.45 | CR38: =AD38*BB38 -> 974.901 | CS38: =AE38*BS38 -> 0 | CT38: =AF38*BA38 -> 511.3705 | CU38: =AG38 -> 0 | CV38: =AH38 -> 59.9495 | CW38: =AI38 -> 0 | CX38: =AJ38 -> 0 | CY38: =(((S38+R38)*AT38)/100) -> 2074.1214 | CZ38: =(((S38+R38)*AU38)/100) -> 1329.565 | DE38: )*1,15 | DF38: )*1,15 | DG38: )*1,15 | DI38: )*1,15 | DJ38: )*1,15 | DN38: 0 | DO38: 0 | DP38: 1 | DQ38: 1 | DU38: 1007 | DV38: м3 | DW38: м3 | DX38: 1 | EE38: 45919697 | EF38: 6 | EG38: Ремонтно-строительные работы | EH38: 0 | EJ38: 1 | EK38: 69001 | EL38: Прочие ремонтно-строительные работы | EM38: рФЕР-69 | EO38: Поправка: МР 81/пр Прил.2, Табл.3, п. 3 | EQ38: 0 | ER38: 1314.86 | ES38: 22.45 | ET38: 847.74 | EU38: 0 | EV38: 444.67 | EW38: 52.13 | EX38: 0 | EY38: 0 | FQ38: 0 | FR38: =ROUND(IF(AND(BH38=3,BI38=3),P38,0),2) -> 0 | FS38: 0 | FX38: 78 | FY38: 50 | GD38: 1 | GF38: -2039080910 | GG38: 2 | GH38: 1 | GI38: -2 | GJ38: 0 | GK38: 0 | GL38: =ROUND(IF(AND(BH38=3,BI38=3,FS38<>0),P38,0),2) -> 0 | GM38: =ROUND(O38+X38+Y38,2)+GX38 -> 11249.05 | GN38: =IF(OR(BI38=0,BI38=1),ROUND(O38+X38+Y38,2),0) -> 11249.05 | GO38: =IF(BI38=2,ROUND(O38+X38+Y38,2),0) -> 0 | GP38: =IF(BI38=4,ROUND(O38+X38+Y38,2)+GX38,0) -> 0 | GR38: 0 | GS38: 0 | GT38: 0 | GV38: =ROUND((GT38),6) -> 0 | GW38: 1 | GX38: =ROUND(HC38*I38,2) -> 0 | HA38: 0 | HB38: 0 | HC38: =GV38*GW38 -> 0 | IK38: 0
A39: 18 | B39: 1 | C39: 61 | E39: 3,1 | F39: 01.7.07.07 | G39: Строительный мусор | H39: т | I39: =I37*J39 -> 5.2 | J39: 1 | O39: =ROUND(CP39,2) -> 0 | P39: =ROUND(CQ39*I39,2) -> 0 | Q39: =ROUND(CR39*I39,2) -> 0 | R39: =ROUND(CS39*I39,2) -> 0 | S39: =ROUND(CT39*I39,2) -> 0 | T39: =ROUND(CU39*I39,2) -> 0 | U39: =CV39*I39 -> 0 | V39: =CW39*I39 -> 0 | W39: =ROUND(CX39*I39,2) -> 0 | X39: =ROUND(CY39,2) -> 0 | Y39: =ROUND(CZ39,2) -> 0 | AA39: 47636896 | AB39: =ROUND((AC39+AD39+AF39),6) -> 0 | AC39: =ROUND((ES39),6) -> 0 | AD39: =ROUND((((ET39)-(EU39))+AE39),6) -> 0 | AE39: =ROUND((EU39),6) -> 0 | AF39: =ROUND((EV39),6) -> 0 | AG39: =ROUND((AP39),6) -> 0 | AH39: =(EW39) -> 0 | AI39: =(EX39) -> 0 | AJ39: =(AS39) -> 0 | AK39: 0 | AL39: 0 | AM39: 0 | AN39: 0 | AO39: 0 | AP39: 0 | AQ39: 0 | AR39: 0 | AS39: 0 | AT39: 104 | AU39: 60 | AV39: 1 | AW39: 1 | AZ39: 1 | BA39: 1 | BB39: 1 | BC39: 1 | BH39: 3 | BI39: 1 | BM39: 68001 | BN39: 0 | BP39: 0 | BQ39: 6 | BR39: 0 | BS39: 1 | BT39: 1 | BU39: 1 | BV39: 1 | BW39: 1 | BX39: 1 | BZ39: 104 | CA39: 60 | CE39: 0 | CF39: 0 | CG39: 0 | CM39: 0 | CO39: 0 | CP39: =(P39+Q39+S39) -> 0 | CQ39: =AC39*BC39 -> 0 | CR39: =AD39*BB39 -> 0 | CS39: =AE39*BS39 -> 0 | CT39: =AF39*BA39 -> 0 | CU39: =AG39 -> 0 | CV39: =AH39 -> 0 | CW39: =AI39 -> 0 | CX39: =AJ39 -> 0 | CY39: =(((S39+R39)*AT39)/100) -> 0 | CZ39: =(((S39+R39)*AU39)/100) -> 0 | DN39: 0 | DO39: 0 | DP39: 1 | DQ39: 1 | DU39: 1009 | DV39: т | DW39: т | DX39: 1000 | EE39: 45919696 | EF39: 6 | EG39: Ремонтно-строительные работы | EH39: 0 | EJ39: 1 | EK39: 68001 | EL39: Благоустройство | EM39: рФЕР-68 | EQ39: 0 | ER39: 0 | ES39: 0 | ET39: 0 | EU39: 0 | EV39: 0 | EW39: 0 | EX39: 0 | FQ39: 0 | FR39: =ROUND(IF(AND(BH39=3,BI39=3),P39,0),2) -> 0 | FS39: 0 | FX39: 104 | FY39: 60 | GD39: 1 | GF39: -179832266 | GG39: 2 | GH39: 1 | GI39: -2 | GJ39: 0 | GK39: 0 | GL39: =ROUND(IF(AND(BH39=3,BI39=3,FS39<>0),P39,0),2) -> 0 | GM39: =ROUND(O39+X39+Y39,2)+GX39 -> 0 | GN39: =IF(OR(BI39=0,BI39=1),ROUND(O39+X39+Y39,2),0) -> 0 | GO39: =IF(BI39=2,ROUND(O39+X39+Y39,2),0) -> 0 | GP39: =IF(BI39=4,ROUND(O39+X39+Y39,2)+GX39,0) -> 0 | GR39: 0 | GS39: 3 | GT39: 0 | GV39: =ROUND((GT39),6) -> 0 | GW39: 1 | GX39: =ROUND(HC39*I39,2) -> 0 | HA39: 0 | HB39: 0 | HC39: =GV39*GW39 -> 0 | IK39: 0
A40: 18 | B40: 1 | C40: 68 | E40: 3,1 | F40: 01.7.07.07 | G40: Строительный мусор | H40: т | I40: =I38*J40 -> 5.2 | J40: 1 | O40: =ROUND(CP40,2) -> 0 | P40: =ROUND(CQ40*I40,2) -> 0 | Q40: =ROUND(CR40*I40,2) -> 0 | R40: =ROUND(CS40*I40,2) -> 0 | S40: =ROUND(CT40*I40,2) -> 0 | T40: =ROUND(CU40*I40,2) -> 0 | U40: =CV40*I40 -> 0 | V40: =CW40*I40 -> 0 | W40: =ROUND(CX40*I40,2) -> 0 | X40: =ROUND(CY40,2) -> 0 | Y40: =ROUND(CZ40,2) -> 0 | AA40: 47641669 | AB40: =ROUND((AC40+AD40+AF40),6) -> 0 | AC40: =ROUND((ES40),6) -> 0 | AD40: =ROUND((((ET40)-(EU40))+AE40),6) -> 0 | AE40: =ROUND((EU40),6) -> 0 | AF40: =ROUND((EV40),6) -> 0 | AG40: =ROUND((AP40),6) -> 0 | AH40: =(EW40) -> 0 | AI40: =(EX40) -> 0 | AJ40: =(AS40) -> 0 | AK40: 0 | AL40: 0 | AM40: 0 | AN40: 0 | AO40: 0 | AP40: 0 | AQ40: 0 | AR40: 0 | AS40: 0 | AT40: 78 | AU40: 50 | AV40: 1 | AW40: 1 | AZ40: 1 | BA40: 1 | BB40: 1 | BC40: 1 | BH40: 3 | BI40: 1 | BM40: 68001 | BN40: 0 | BP40: 0 | BQ40: 6 | BR40: 0 | BS40: 1 | BT40: 1 | BU40: 1 | BV40: 1 | BW40: 1 | BX40: 1 | BZ40: 78 | CA40: 50 | CE40: 0 | CF40: 0 | CG40: 0 | CM40: 0 | CO40: 0 | CP40: =(P40+Q40+S40) -> 0 | CQ40: =AC40*BC40 -> 0 | CR40: =AD40*BB40 -> 0 | CS40: =AE40*BS40 -> 0 | CT40: =AF40*BA40 -> 0 | CU40: =AG40 -> 0 | CV40: =AH40 -> 0 | CW40: =AI40 -> 0 | CX40: =AJ40 -> 0 | CY40: =(((S40+R40)*AT40)/100) -> 0 | CZ40: =(((S40+R40)*AU40)/100) -> 0 | DN40: 0 | DO40: 0 | DP40: 1 | DQ40: 1 | DU40: 1009 | DV40: т | DW40: т | DX40: 1000 | EE40: 45919696 | EF40: 6 | EG40: Ремонтно-строительные работы | EH40: 0 | EJ40: 1 | EK40: 68001 | EL40: Благоустройство | EM40: рФЕР-68 | EQ40: 0 | ER40: 0 | ES40: 0 | ET40: 0 | EU40: 0 | EV40: 0 | EW40: 0 | EX40: 0 | FQ40: 0 | FR40: =ROUND(IF(AND(BH40=3,BI40=3),P40,0),2) -> 0 | FS40: 0 | FX40: 78 | FY40: 50 | GD40: 1 | GF40: -179832266 | GG40: 2 | GH40: 1 | GI40: -2 | GJ40: 0 | GK40: 0 | GL40: =ROUND(IF(AND(BH40=3,BI40=3,FS40<>0),P40,0),2) -> 0 | GM40: =ROUND(O40+X40+Y40,2)+GX40 -> 0 | GN40: =IF(OR(BI40=0,BI40=1),ROUND(O40+X40+Y40,2),0) -> 0 | GO40: =IF(BI40=2,ROUND(O40+X40+Y40,2),0) -> 0 | GP40: =IF(BI40=4,ROUND(O40+X40+Y40,2)+GX40,0) -> 0 | GR40: 0 | GS40: 0 | GT40: 0 | GV40: =ROUND((GT40),6) -> 0 | GW40: 1 | GX40: =ROUND(HC40*I40,2) -> 0 | HA40: 0 | HB40: 0 | HC40: =GV40*GW40 -> 0 | IK40: 0
A41: 17 | B41: 1 | C41: =ROW(SmtRes!A75) -> 75 | D41: =ROW(EtalonRes!A72) -> 72 | E41: 4 | F41: 69-19-19 | G41: Разборка горизонтальных поверхностей железобетонных конструкций при помощи отбойных молотков, бетон марки 300 прим. Железобетонные плиты | H41: м3 | I41: 5.2 | J41: 0 | O41: =ROUND(CP41,2) -> 6800.59 | P41: =ROUND(CQ41*I41,2) -> 116.74 | Q41: =ROUND(CR41*I41,2) -> 4374.13 | R41: =ROUND(CS41*I41,2) -> 0 | S41: =ROUND(CT41*I41,2) -> 2309.72 | T41: =ROUND(CU41*I41,2) -> 0 | U41: =CV41*I41 -> 270.7744 | V41: =CW41*I41 -> 0 | W41: =ROUND(CX41*I41,2) -> 0 | X41: =ROUND(CY41,2) -> 1801.58 | Y41: =ROUND(CZ41,2) -> 1154.86 | AA41: 47636896 | AB41: =ROUND((AC41+AD41+AF41),6) -> 1307.805 | AC41: =ROUND((ES41),6) -> 22.45 | AD41: =ROUND(((((ET41*1.15))-((EU41*1.15)))+AE41),6) -> 841.179 | AE41: =ROUND(((EU41*1.15)),6) -> 0 | AF41: =ROUND(((EV41*1.15)),6) -> 444.176 | AG41: =ROUND((AP41),6) -> 0 | AH41: =((EW41*1.15)) -> 52.072 | AI41: =((EX41*1.15)) -> 0 | AJ41: =(AS41) -> 0 | AK41: 1140.15 | AL41: 22.45 | AM41: 731.46 | AN41: 0 | AO41: 386.24 | AP41: 0 | AQ41: 45.28 | AR41: 0 | AS41: 0 | AT41: 78 | AU41: 50 | AV41: 1 | AW41: 1 | AZ41: 1 | BA41: 1 | BB41: 1 | BC41: 1 | BH41: 0 | BI41: 1 | BJ41: ФЕРр-2001, 69-19-19, приказ Минстроя России №1039/пр от 30.12.2016г. | BM41: 69001 | BN41: 0 | BP41: 0 | BQ41: 6 | BR41: 0 | BS41: 1 | BT41: 1 | BU41: 1 | BV41: 1 | BW41: 1 | BX41: 1 | BZ41: 78 | CA41: 50 | CE41: 0 | CF41: 0 | CG41: 0 | CM41: 0 | CN41: Поправка: МР 81/пр Прил.2, Табл.3, п. 3 Наименование: Производство ремонтно-строительных работ осуществляется на территории действующего предприятия с наличием в зоне производства работ одного или нескольких из перечисленных ниже факторов: разветвленной сети транспортных и инженерных коммуникаций; стесненных условий для складирования материалов; действующего технологического оборудования | CO41: 0 | CP41: =(P41+Q41+S41) -> 6800.59 | CQ41: =AC41*BC41 -> 22.45 | CR41: =AD41*BB41 -> 841.179 | CS41: =AE41*BS41 -> 0 | CT41: =AF41*BA41 -> 444.176 | CU41: =AG41 -> 0 | CV41: =AH41 -> 52.072 | CW41: =AI41 -> 0 | CX41: =AJ41 -> 0 | CY41: =(((S41+R41)*AT41)/100) -> 1801.5816 | CZ41: =(((S41+R41)*AU41)/100) -> 1154.86 | DE41: )*1,15 | DF41: )*1,15 | DG41: )*1,15 | DI41: )*1,15 | DJ41: )*1,15 | DN41: 0 | DO41: 0 | DP41: 1 | DQ41: 1 | DU41: 1007 | DV41: м3 | DW41: м3 | DX41: 1 | EE41: 45919697 | EF41: 6 | EG41: Ремонтно-строительные работы | EH41: 0 | EJ41: 1 | EK41: 69001 | EL41: Прочие ремонтно-строительные работы | EM41: рФЕР-69 | EO41: Поправка: МР 81/пр Прил.2, Табл.3, п. 3 | EQ41: 0 | ER41: 1140.15 | ES41: 22.45 | ET41: 731.46 | EU41: 0 | EV41: 386.24 | EW41: 45.28 | EX41: 0 | EY41: 0 | FQ41: 0 | FR41: =ROUND(IF(AND(BH41=3,BI41=3),P41,0),2) -> 0 | FS41: 0 | FX41: 78 | FY41: 50 | GD41: 1 | GF41: -561403951 | GG41: 2 | GH41: 1 | GI41: -2 | GJ41: 0 | GK41: 0 | GL41: =ROUND(IF(AND(BH41=3,BI41=3,FS41<>0),P41,0),2) -> 0 | GM41: =ROUND(O41+X41+Y41,2)+GX41 -> 9757.03 | GN41: =IF(OR(BI41=0,BI41=1),ROUND(O41+X41+Y41,2),0) -> 9757.03 | GO41: =IF(BI41=2,ROUND(O41+X41+Y41,2),0) -> 0 | GP41: =IF(BI41=4,ROUND(O41+X41+Y41,2)+GX41,0) -> 0 | GR41: 0 | GS41: 3 | GT41: 0 | GV41: =ROUND((GT41),6) -> 0 | GW41: 1 | GX41: =ROUND(HC41*I41,2) -> 0 | HA41: 0 | HB41: 0 | HC41: =GV41*GW41 -> 0 | IK41: 0
A42: 17 | B42: 1 | C42: =ROW(SmtRes!A82) -> 82 | D42: =ROW(EtalonRes!A78) -> 78 | E42: 4 | F42: 69-19-19 | G42: Разборка горизонтальных поверхностей железобетонных конструкций при помощи отбойных молотков, бетон марки 300 прим. Железобетонные плиты | H42: м3 | I42: 5.2 | J42: 0 | O42: =ROUND(CP42,2) -> 6800.59 | P42: =ROUND(CQ42*I42,2) -> 116.74 | Q42: =ROUND(CR42*I42,2) -> 4374.13 | R42: =ROUND(CS42*I42,2) -> 0 | S42: =ROUND(CT42*I42,2) -> 2309.72 | T42: =ROUND(CU42*I42,2) -> 0 | U42: =CV42*I42 -> 270.7744 | V42: =CW42*I42 -> 0 | W42: =ROUND(CX42*I42,2) -> 0 | X42: =ROUND(CY42,2) -> 1801.58 | Y42: =ROUND(CZ42,2) -> 1154.86 | AA42: 47641669 | AB42: =ROUND((AC42+AD42+AF42),6) -> 1307.805 | AC42: =ROUND((ES42),6) -> 22.45 | AD42: =ROUND(((((ET42*1.15))-((EU42*1.15)))+AE42),6) -> 841.179 | AE42: =ROUND(((EU42*1.15)),6) -> 0 | AF42: =ROUND(((EV42*1.15)),6) -> 444.176 | AG42: =ROUND((AP42),6) -> 0 | AH42: =((EW42*1.15)) -> 52.072 | AI42: =((EX42*1.15)) -> 0 | AJ42: =(AS42) -> 0 | AK42: 1140.15 | AL42: 22.45 | AM42: 731.46 | AN42: 0 | AO42: 386.24 | AP42: 0 | AQ42: 45.28 | AR42: 0 | AS42: 0 | AT42: 78 | AU42: 50 | AV42: 1 | AW42: 1 | AZ42: 1 | BA42: 1 | BB42: 1 | BC42: 1 | BH42: 0 | BI42: 1 | BJ42: ФЕРр-2001, 69-19-19, приказ Минстроя России №1039/пр от 30.12.2016г. | BM42: 69001 | BN42: 0 | BP42: 0 | BQ42: 6 | BR42: 0 | BS42: 1 | BT42: 1 | BU42: 1 | BV42: 1 | BW42: 1 | BX42: 1 | BZ42: 78 | CA42: 50 | CE42: 0 | CF42: 0 | CG42: 0 | CM42: 0 | CN42: Поправка: МР 81/пр Прил.2, Табл.3, п. 3 Наименование: Производство ремонтно-строительных работ осуществляется на территории действующего предприятия с наличием в зоне производства работ одного или нескольких из перечисленных ниже факторов: разветвленной сети транспортных и инженерных коммуникаций; стесненных условий для складирования материалов; действующего технологического оборудования | CO42: 0 | CP42: =(P42+Q42+S42) -> 6800.59 | CQ42: =AC42*BC42 -> 22.45 | CR42: =AD42*BB42 -> 841.179 | CS42: =AE42*BS42 -> 0 | CT42: =AF42*BA42 -> 444.176 | CU42: =AG42 -> 0 | CV42: =AH42 -> 52.072 | CW42: =AI42 -> 0 | CX42: =AJ42 -> 0 | CY42: =(((S42+R42)*AT42)/100) -> 1801.5816 | CZ42: =(((S42+R42)*AU42)/100) -> 1154.86 | DE42: )*1,15 | DF42: )*1,15 | DG42: )*1,15 | DI42: )*1,15 | DJ42: )*1,15 | DN42: 0 | DO42: 0 | DP42: 1 | DQ42: 1 | DU42: 1007 | DV42: м3 | DW42: м3 | DX42: 1 | EE42: 45919697 | EF42: 6 | EG42: Ремонтно-строительные работы | EH42: 0 | EJ42: 1 | EK42: 69001 | EL42: Прочие ремонтно-строительные работы | EM42: рФЕР-69 | EO42: Поправка: МР 81/пр Прил.2, Табл.3, п. 3 | EQ42: 0 | ER42: 1140.15 | ES42: 22.45 | ET42: 731.46 | EU42: 0 | EV42: 386.24 | EW42: 45.28 | EX42: 0 | EY42: 0 | FQ42: 0 | FR42: =ROUND(IF(AND(BH42=3,BI42=3),P42,0),2) -> 0 | FS42: 0 | FX42: 78 | FY42: 50 | GD42: 1 | GF42: -561403951 | GG42: 2 | GH42: 1 | GI42: -2 | GJ42: 0 | GK42: 0 | GL42: =ROUND(IF(AND(BH42=3,BI42=3,FS42<>0),P42,0),2) -> 0 | GM42: =ROUND(O42+X42+Y42,2)+GX42 -> 9757.03 | GN42: =IF(OR(BI42=0,BI42=1),ROUND(O42+X42+Y42,2),0) -> 9757.03 | GO42: =IF(BI42=2,ROUND(O42+X42+Y42,2),0) -> 0 | GP42: =IF(BI42=4,ROUND(O42+X42+Y42,2)+GX42,0) -> 0 | GR42: 0 | GS42: 0 | GT42: 0 | GV42: =ROUND((GT42),6) -> 0 | GW42: 1 | GX42: =ROUND(HC42*I42,2) -> 0 | HA42: 0 | HB42: 0 | HC42: =GV42*GW42 -> 0 | IK42: 0
A43: 18 | B43: 1 | C43: 75 | E43: 4,1 | F43: 01.7.07.07 | G43: Строительный мусор | H43: т | I43: =I41*J43 -> 5.2 | J43: 1 | O43: =ROUND(CP43,2) -> 0 | P43: =ROUND(CQ43*I43,2) -> 0 | Q43: =ROUND(CR43*I43,2) -> 0 | R43: =ROUND(CS43*I43,2) -> 0 | S43: =ROUND(CT43*I43,2) -> 0 | T43: =ROUND(CU43*I43,2) -> 0 | U43: =CV43*I43 -> 0 | V43: =CW43*I43 -> 0 | W43: =ROUND(CX43*I43,2) -> 0 | X43: =ROUND(CY43,2) -> 0 | Y43: =ROUND(CZ43,2) -> 0 | AA43: 47636896 | AB43: =ROUND((AC43+AD43+AF43),6) -> 0 | AC43: =ROUND((ES43),6) -> 0 | AD43: =ROUND((((ET43)-(EU43))+AE43),6) -> 0 | AE43: =ROUND((EU43),6) -> 0 | AF43: =ROUND((EV43),6) -> 0 | AG43: =ROUND((AP43),6) -> 0 | AH43: =(EW43) -> 0 | AI43: =(EX43) -> 0 | AJ43: =(AS43) -> 0 | AK43: 0 | AL43: 0 | AM43: 0 | AN43: 0 | AO43: 0 | AP43: 0 | AQ43: 0 | AR43: 0 | AS43: 0 | AT43: 104 | AU43: 60 | AV43: 1 | AW43: 1 | AZ43: 1 | BA43: 1 | BB43: 1 | BC43: 1 | BH43: 3 | BI43: 1 | BM43: 68001 | BN43: 0 | BP43: 0 | BQ43: 6 | BR43: 0 | BS43: 1 | BT43: 1 | BU43: 1 | BV43: 1 | BW43: 1 | BX43: 1 | BZ43: 104 | CA43: 60 | CE43: 0 | CF43: 0 | CG43: 0 | CM43: 0 | CO43: 0 | CP43: =(P43+Q43+S43) -> 0 | CQ43: =AC43*BC43 -> 0 | CR43: =AD43*BB43 -> 0 | CS43: =AE43*BS43 -> 0 | CT43: =AF43*BA43 -> 0 | CU43: =AG43 -> 0 | CV43: =AH43 -> 0 | CW43: =AI43 -> 0 | CX43: =AJ43 -> 0 | CY43: =(((S43+R43)*AT43)/100) -> 0 | CZ43: =(((S43+R43)*AU43)/100) -> 0 | DN43: 0 | DO43: 0 | DP43: 1 | DQ43: 1 | DU43: 1009 | DV43: т | DW43: т | DX43: 1000 | EE43: 45919696 | EF43: 6 | EG43: Ремонтно-строительные работы | EH43: 0 | EJ43: 1 | EK43: 68001 | EL43: Благоустройство | EM43: рФЕР-68 | EQ43: 0 | ER43: 0 | ES43: 0 | ET43: 0 | EU43: 0 | EV43: 0 | EW43: 0 | EX43: 0 | FQ43: 0 | FR43: =ROUND(IF(AND(BH43=3,BI43=3),P43,0),2) -> 0 | FS43: 0 | FX43: 104 | FY43: 60 | GD43: 1 | GF43: -179832266 | GG43: 2 | GH43: 1 | GI43: -2 | GJ43: 0 | GK43: 0 | GL43: =ROUND(IF(AND(BH43=3,BI43=3,FS43<>0),P43,0),2) -> 0 | GM43: =ROUND(O43+X43+Y43,2)+GX43 -> 0 | GN43: =IF(OR(BI43=0,BI43=1),ROUND(O43+X43+Y43,2),0) -> 0 | GO43: =IF(BI43=2,ROUND(O43+X43+Y43,2),0) -> 0 | GP43: =IF(BI43=4,ROUND(O43+X43+Y43,2)+GX43,0) -> 0 | GR43: 0 | GS43: 3 | GT43: 0 | GV43: =ROUND((GT43),6) -> 0 | GW43: 1 | GX43: =ROUND(HC43*I43,2) -> 0 | HA43: 0 | HB43: 0 | HC43: =GV43*GW43 -> 0 | IK43: 0
A44: 18 | B44: 1 | C44: 82 | E44: 4,1 | F44: 01.7.07.07 | G44: Строительный мусор | H44: т | I44: =I42*J44 -> 5.2 | J44: 1 | O44: =ROUND(CP44,2) -> 0 | P44: =ROUND(CQ44*I44,2) -> 0 | Q44: =ROUND(CR44*I44,2) -> 0 | R44: =ROUND(CS44*I44,2) -> 0 | S44: =ROUND(CT44*I44,2) -> 0 | T44: =ROUND(CU44*I44,2) -> 0 | U44: =CV44*I44 -> 0 | V44: =CW44*I44 -> 0 | W44: =ROUND(CX44*I44,2) -> 0 | X44: =ROUND(CY44,2) -> 0 | Y44: =ROUND(CZ44,2) -> 0 | AA44: 47641669 | AB44: =ROUND((AC44+AD44+AF44),6) -> 0 | AC44: =ROUND((ES44),6) -> 0 | AD44: =ROUND((((ET44)-(EU44))+AE44),6) -> 0 | AE44: =ROUND((EU44),6) -> 0 | AF44: =ROUND((EV44),6) -> 0 | AG44: =ROUND((AP44),6) -> 0 | AH44: =(EW44) -> 0 | AI44: =(EX44) -> 0 | AJ44: =(AS44) -> 0 | AK44: 0 | AL44: 0 | AM44: 0 | AN44: 0 | AO44: 0 | AP44: 0 | AQ44: 0 | AR44: 0 | AS44: 0 | AT44: 78 | AU44: 50 | AV44: 1 | AW44: 1 | AZ44: 1 | BA44: 1 | BB44: 1 | BC44: 1 | BH44: 3 | BI44: 1 | BM44: 68001 | BN44: 0 | BP44: 0 | BQ44: 6 | BR44: 0 | BS44: 1 | BT44: 1 | BU44: 1 | BV44: 1 | BW44: 1 | BX44: 1 | BZ44: 78 | CA44: 50 | CE44: 0 | CF44: 0 | CG44: 0 | CM44: 0 | CO44: 0 | CP44: =(P44+Q44+S44) -> 0 | CQ44: =AC44*BC44 -> 0 | CR44: =AD44*BB44 -> 0 | CS44: =AE44*BS44 -> 0 | CT44: =AF44*BA44 -> 0 | CU44: =AG44 -> 0 | CV44: =AH44 -> 0 | CW44: =AI44 -> 0 | CX44: =AJ44 -> 0 | CY44: =(((S44+R44)*AT44)/100) -> 0 | CZ44: =(((S44+R44)*AU44)/100) -> 0 | DN44: 0 | DO44: 0 | DP44: 1 | DQ44: 1 | DU44: 1009 | DV44: т | DW44: т | DX44: 1000 | EE44: 45919696 | EF44: 6 | EG44: Ремонтно-строительные работы | EH44: 0 | EJ44: 1 | EK44: 68001 | EL44: Благоустройство | EM44: рФЕР-68 | EQ44: 0 | ER44: 0 | ES44: 0 | ET44: 0 | EU44: 0 | EV44: 0 | EW44: 0 | EX44: 0 | FQ44: 0 | FR44: =ROUND(IF(AND(BH44=3,BI44=3),P44,0),2) -> 0 | FS44: 0 | FX44: 78 | FY44: 50 | GD44: 1 | GF44: -179832266 | GG44: 2 | GH44: 1 | GI44: -2 | GJ44: 0 | GK44: 0 | GL44: =ROUND(IF(AND(BH44=3,BI44=3,FS44<>0),P44,0),2) -> 0 | GM44: =ROUND(O44+X44+Y44,2)+GX44 -> 0 | GN44: =IF(OR(BI44=0,BI44=1),ROUND(O44+X44+Y44,2),0) -> 0 | GO44: =IF(BI44=2,ROUND(O44+X44+Y44,2),0) -> 0 | GP44: =IF(BI44=4,ROUND(O44+X44+Y44,2)+GX44,0) -> 0 | GR44: 0 | GS44: 0 | GT44: 0 | GV44: =ROUND((GT44),6) -> 0 | GW44: 1 | GX44: =ROUND(HC44*I44,2) -> 0 | HA44: 0 | HB44: 0 | HC44: =GV44*GW44 -> 0 | IK44: 0
A45: 17 | B45: 1 | C45: =ROW(SmtRes!A83) -> 83 | D45: =ROW(EtalonRes!A79) -> 79 | E45: 5 | F45: 01-02-057-03 | G45: Разработка грунта вручную в траншеях глубиной до 2 м без креплений с откосами, группа грунтов 3 | H45: 100 м3 | I45: =ROUND(25.1/100,9) -> 0.251 | J45: 0 | O45: =ROUND(CP45,2) -> 558.36 | P45: =ROUND(CQ45*I45,2) -> 0 | Q45: =ROUND(CR45*I45,2) -> 0 | R45: =ROUND(CS45*I45,2) -> 0 | S45: =ROUND(CT45*I45,2) -> 558.36 | T45: =ROUND(CU45*I45,2) -> 0 | U45: =CV45*I45 -> 71.5852 | V45: =CW45*I45 -> 0 | W45: =ROUND(CX45*I45,2) -> 0 | X45: =ROUND(CY45,2) -> 402.02 | Y45: =ROUND(CZ45,2) -> 212.18 | AA45: 47636896 | AB45: =ROUND((AC45+AD45+AF45),6) -> 2224.56 | AC45: =ROUND((ES45),6) -> 0 | AD45: =ROUND(((((ET45*1.15))-((EU45*1.15)))+AE45),6) -> 0 | AE45: =ROUND(((EU45*1.15)),6) -> 0 | AF45: =ROUND(((EV45*1.15)),6) -> 2224.56 | AG45: =ROUND((AP45),6) -> 0 | AH45: =((EW45*1.15)) -> 285.2 | AI45: =((EX45*1.15)) -> 0 | AJ45: =(AS45) -> 0 | AK45: 1934.4 | AL45: 0 | AM45: 0 | AN45: 0 | AO45: 1934.4 | AP45: 0 | AQ45: 248 | AR45: 0 | AS45: 0 | AT45: 72 | AU45: 38 | AV45: 1 | AW45: 1 | AZ45: 1 | BA45: 1 | BB45: 1 | BC45: 1 | BH45: 0 | BI45: 1 | BJ45: ФЕР-2001, 01-02-057-03, приказ Минстроя России №1039/пр от 30.12.2016г. | BM45: 1003 | BN45: 0 | BP45: 0 | BQ45: 2 | BR45: 0 | BS45: 1 | BT45: 1 | BU45: 1 | BV45: 1 | BW45: 1 | BX45: 1 | BZ45: 80 | CA45: 45 | CE45: 0 | CF45: 0 | CG45: 0 | CM45: 0 | CN45: Поправка: МР 81/пр Прил.2, Табл.3, п. 3 Наименование: Производство ремонтно-строительных работ осуществляется на территории действующего предприятия с наличием в зоне производства работ одного или нескольких из перечисленных ниже факторов: разветвленной сети транспортных и инженерных коммуникаций; стесненных условий для складирования материалов; действующего технологического оборудования | CO45: 0 | CP45: =(P45+Q45+S45) -> 558.36 | CQ45: =AC45*BC45 -> 0 | CR45: =AD45*BB45 -> 0 | CS45: =AE45*BS45 -> 0 | CT45: =AF45*BA45 -> 2224.56 | CU45: =AG45 -> 0 | CV45: =AH45 -> 285.2 | CW45: =AI45 -> 0 | CX45: =AJ45 -> 0 | CY45: =(((S45+R45)*AT45)/100) -> 402.0192 | CZ45: =(((S45+R45)*AU45)/100) -> 212.1768 | DE45: )*1,15 | DF45: )*1,15 | DG45: )*1,15 | DI45: )*1,15 | DJ45: )*1,15 | DN45: 0 | DO45: 0 | DP45: 1 | DQ45: 1 | DU45: 1007 | DV45: 100 м3 | DW45: 100 м3 | DX45: 100 | EE45: 45919546 | EF45: 2 | EG45: Общестроительные работы | EH45: 0 | EJ45: 1 | EK45: 1003 | EL45: Земляные работы, выполняемые ручным способом | EM45: ФЕР-01 | EO45: Поправка: МР 81/пр Прил.2, Табл.3, п. 3 | EQ45: 0 | ER45: 1934.4 | ES45: 0 | ET45: 0 | EU45: 0 | EV45: 1934.4 | EW45: 248 | EX45: 0 | EY45: 0 | FQ45: 0 | FR45: =ROUND(IF(AND(BH45=3,BI45=3),P45,0),2) -> 0 | FS45: 0 | FT45: *0,9 | FU45: *0,85 | FX45: 72 | FY45: 38.25 | GD45: 1 | GF45: -2048452315 | GG45: 2 | GH45: 1 | GI45: -2 | GJ45: 0 | GK45: 0 | GL45: =ROUND(IF(AND(BH45=3,BI45=3,FS45<>0),P45,0),2) -> 0 | GM45: =ROUND(O45+X45+Y45,2)+GX45 -> 1172.56 | GN45: =IF(OR(BI45=0,BI45=1),ROUND(O45+X45+Y45,2),0) -> 1172.56 | GO45: =IF(BI45=2,ROUND(O45+X45+Y45,2),0) -> 0 | GP45: =IF(BI45=4,ROUND(O45+X45+Y45,2)+GX45,0) -> 0 | GR45: 0 | GS45: 3 | GT45: 0 | GV45: =ROUND((GT45),6) -> 0 | GW45: 1 | GX45: =ROUND(HC45*I45,2) -> 0 | HA45: 0 | HB45: 0 | HC45: =GV45*GW45 -> 0 | IK45: 0
A46: 17 | B46: 1 | C46: =ROW(SmtRes!A84) -> 84 | D46: =ROW(EtalonRes!A80) -> 80 | E46: 5 | F46: 01-02-057-03 | G46: Разработка грунта вручную в траншеях глубиной до 2 м без креплений с откосами, группа грунтов 3 | H46: 100 м3 | I46: =ROUND(25.1/100,9) -> 0.251 | J46: 0 | O46: =ROUND(CP46,2) -> 558.36 | P46: =ROUND(CQ46*I46,2) -> 0 | Q46: =ROUND(CR46*I46,2) -> 0 | R46: =ROUND(CS46*I46,2) -> 0 | S46: =ROUND(CT46*I46,2) -> 558.36 | T46: =ROUND(CU46*I46,2) -> 0 | U46: =CV46*I46 -> 71.5852 | V46: =CW46*I46 -> 0 | W46: =ROUND(CX46*I46,2) -> 0 | X46: =ROUND(CY46,2) -> 402.02 | Y46: =ROUND(CZ46,2) -> 212.18 | AA46: 47641669 | AB46: =ROUND((AC46+AD46+AF46),6) -> 2224.56 | AC46: =ROUND((ES46),6) -> 0 | AD46: =ROUND(((((ET46*1.15))-((EU46*1.15)))+AE46),6) -> 0 | AE46: =ROUND(((EU46*1.15)),6) -> 0 | AF46: =ROUND(((EV46*1.15)),6) -> 2224.56 | AG46: =ROUND((AP46),6) -> 0 | AH46: =((EW46*1.15)) -> 285.2 | AI46: =((EX46*1.15)) -> 0 | AJ46: =(AS46) -> 0 | AK46: 1934.4 | AL46: 0 | AM46: 0 | AN46: 0 | AO46: 1934.4 | AP46: 0 | AQ46: 248 | AR46: 0 | AS46: 0 | AT46: 72 | AU46: 38 | AV46: 1 | AW46: 1 | AZ46: 1 | BA46: 1 | BB46: 1 | BC46: 1 | BH46: 0 | BI46: 1 | BJ46: ФЕР-2001, 01-02-057-03, приказ Минстроя России №1039/пр от 30.12.2016г. | BM46: 1003 | BN46: 0 | BP46: 0 | BQ46: 2 | BR46: 0 | BS46: 1 | BT46: 1 | BU46: 1 | BV46: 1 | BW46: 1 | BX46: 1 | BZ46: 80 | CA46: 45 | CE46: 0 | CF46: 0 | CG46: 0 | CM46: 0 | CN46: Поправка: МР 81/пр Прил.2, Табл.3, п. 3 Наименование: Производство ремонтно-строительных работ осуществляется на территории действующего предприятия с наличием в зоне производства работ одного или нескольких из перечисленных ниже факторов: разветвленной сети транспортных и инженерных коммуникаций; стесненных условий для складирования материалов; действующего технологического оборудования | CO46: 0 | CP46: =(P46+Q46+S46) -> 558.36 | CQ46: =AC46*BC46 -> 0 | CR46: =AD46*BB46 -> 0 | CS46: =AE46*BS46 -> 0 | CT46: =AF46*BA46 -> 2224.56 | CU46: =AG46 -> 0 | CV46: =AH46 -> 285.2 | CW46: =AI46 -> 0 | CX46: =AJ46 -> 0 | CY46: =(((S46+R46)*AT46)/100) -> 402.0192 | CZ46: =(((S46+R46)*AU46)/100) -> 212.1768 | DE46: )*1,15 | DF46: )*1,15 | DG46: )*1,15 | DI46: )*1,15 | DJ46: )*1,15 | DN46: 0 | DO46: 0 | DP46: 1 | DQ46: 1 | DU46: 1007 | DV46: 100 м3 | DW46: 100 м3 | DX46: 100 | EE46: 45919546 | EF46: 2 | EG46: Общестроительные работы | EH46: 0 | EJ46: 1 | EK46: 1003 | EL46: Земляные работы, выполняемые ручным способом | EM46: ФЕР-01 | EO46: Поправка: МР 81/пр Прил.2, Табл.3, п. 3 | EQ46: 0 | ER46: 1934.4 | ES46: 0 | ET46: 0 | EU46: 0 | EV46: 1934.4 | EW46: 248 | EX46: 0 | EY46: 0 | FQ46: 0 | FR46: =ROUND(IF(AND(BH46=3,BI46=3),P46,0),2) -> 0 | FS46: 0 | FT46: *0,9 | FU46: *0,85 | FX46: 72 | FY46: 38.25 | GD46: 1 | GF46: -2048452315 | GG46: 2 | GH46: 1 | GI46: -2 | GJ46: 0 | GK46: 0 | GL46: =ROUND(IF(AND(BH46=3,BI46=3,FS46<>0),P46,0),2) -> 0 | GM46: =ROUND(O46+X46+Y46,2)+GX46 -> 1172.56 | GN46: =IF(OR(BI46=0,BI46=1),ROUND(O46+X46+Y46,2),0) -> 1172.56 | GO46: =IF(BI46=2,ROUND(O46+X46+Y46,2),0) -> 0 | GP46: =IF(BI46=4,ROUND(O46+X46+Y46,2)+GX46,0) -> 0 | GR46: 0 | GS46: 0 | GT46: 0 | GV46: =ROUND((GT46),6) -> 0 | GW46: 1 | GX46: =ROUND(HC46*I46,2) -> 0 | HA46: 0 | HB46: 0 | HC46: =GV46*GW46 -> 0 | IK46: 0
A47: 17 | B47: 1 | C47: =ROW(SmtRes!A85) -> 85 | D47: =ROW(EtalonRes!A81) -> 81 | E47: 6 | F47: 01-02-060-03 | G47: Погрузка вручную неуплотненного грунта из штабелей и отвалов в транспортные средства, группа грунтов 3 | H47: 100 м3 | I47: =ROUND(25.1/100,9) -> 0.251 | J47: 0 | O47: =ROUND(CP47,2) -> 180.62 | P47: =ROUND(CQ47*I47,2) -> 0 | Q47: =ROUND(CR47*I47,2) -> 0 | R47: =ROUND(CS47*I47,2) -> 0 | S47: =ROUND(CT47*I47,2) -> 180.62 | T47: =ROUND(CU47*I47,2) -> 0 | U47: =CV47*I47 -> 24.08207 | V47: =CW47*I47 -> 0 | W47: =ROUND(CX47*I47,2) -> 0 | X47: =ROUND(CY47,2) -> 130.05 | Y47: =ROUND(CZ47,2) -> 68.64 | AA47: 47636896 | AB47: =ROUND((AC47+AD47+AF47),6) -> 719.5895 | AC47: =ROUND((ES47),6) -> 0 | AD47: =ROUND(((((ET47*1.15))-((EU47*1.15)))+AE47),6) -> 0 | AE47: =ROUND(((EU47*1.15)),6) -> 0 | AF47: =ROUND(((EV47*1.15)),6) -> 719.5895 | AG47: =ROUND((AP47),6) -> 0 | AH47: =((EW47*1.15)) -> 95.9445 | AI47: =((EX47*1.15)) -> 0 | AJ47: =(AS47) -> 0 | AK47: 625.73 | AL47: 0 | AM47: 0 | AN47: 0 | AO47: 625.73 | AP47: 0 | AQ47: 83.43 | AR47: 0 | AS47: 0 | AT47: 72 | AU47: 38 | AV47: 1 | AW47: 1 | AZ47: 1 | BA47: 1 | BB47: 1 | BC47: 1 | BH47: 0 | BI47: 1 | BJ47: ФЕР-2001, 01-02-060-03, приказ Минстроя России №1039/пр от 30.12.2016г. | BM47: 1003 | BN47: 0 | BP47: 0 | BQ47: 2 | BR47: 0 | BS47: 1 | BT47: 1 | BU47: 1 | BV47: 1 | BW47: 1 | BX47: 1 | BZ47: 80 | CA47: 45 | CE47: 0 | CF47: 0 | CG47: 0 | CM47: 0 | CN47: Поправка: МР 81/пр Прил.2, Табл.3, п. 3 Наименование: Производство ремонтно-строительных работ осуществляется на территории действующего предприятия с наличием в зоне производства работ одного или нескольких из перечисленных ниже факторов: разветвленной сети транспортных и инженерных коммуникаций; стесненных условий для складирования материалов; действующего технологического оборудования | CO47: 0 | CP47: =(P47+Q47+S47) -> 180.62 | CQ47: =AC47*BC47 -> 0 | CR47: =AD47*BB47 -> 0 | CS47: =AE47*BS47 -> 0 | CT47: =AF47*BA47 -> 719.5895 | CU47: =AG47 -> 0 | CV47: =AH47 -> 95.9445 | CW47: =AI47 -> 0 | CX47: =AJ47 -> 0 | CY47: =(((S47+R47)*AT47)/100) -> 130.0464 | CZ47: =(((S47+R47)*AU47)/100) -> 68.6356 | DE47: )*1,15 | DF47: )*1,15 | DG47: )*1,15 | DI47: )*1,15 | DJ47: )*1,15 | DN47: 0 | DO47: 0 | DP47: 1 | DQ47: 1 | DU47: 1007 | DV47: 100 м3 | DW47: 100 м3 | DX47: 100 | EE47: 45919546 | EF47: 2 | EG47: Общестроительные работы | EH47: 0 | EJ47: 1 | EK47: 1003 | EL47: Земляные работы, выполняемые ручным способом | EM47: ФЕР-01 | EO47: Поправка: МР 81/пр Прил.2, Табл.3, п. 3 | EQ47: 0 | ER47: 625.73 | ES47: 0 | ET47: 0 | EU47: 0 | EV47: 625.73 | EW47: 83.43 | EX47: 0 | EY47: 0 | FQ47: 0 | FR47: =ROUND(IF(AND(BH47=3,BI47=3),P47,0),2) -> 0 | FS47: 0 | FT47: *0,9 | FU47: *0,85 | FX47: 72 | FY47: 38.25 | GD47: 1 | GF47: 571347977 | GG47: 2 | GH47: 1 | GI47: -2 | GJ47: 0 | GK47: 0 | GL47: =ROUND(IF(AND(BH47=3,BI47=3,FS47<>0),P47,0),2) -> 0 | GM47: =ROUND(O47+X47+Y47,2)+GX47 -> 379.31 | GN47: =IF(OR(BI47=0,BI47=1),ROUND(O47+X47+Y47,2),0) -> 379.31 | GO47: =IF(BI47=2,ROUND(O47+X47+Y47,2),0) -> 0 | GP47: =IF(BI47=4,ROUND(O47+X47+Y47,2)+GX47,0) -> 0 | GR47: 0 | GS47: 3 | GT47: 0 | GV47: =ROUND((GT47),6) -> 0 | GW47: 1 | GX47: =ROUND(HC47*I47,2) -> 0 | HA47: 0 | HB47: 0 | HC47: =GV47*GW47 -> 0 | IK47: 0
A48: 17 | B48: 1 | C48: =ROW(SmtRes!A86) -> 86 | D48: =ROW(EtalonRes!A82) -> 82 | E48: 6 | F48: 01-02-060-03 | G48: Погрузка вручную неуплотненного грунта из штабелей и отвалов в транспортные средства, группа грунтов 3 | H48: 100 м3 | I48: =ROUND(25.1/100,9) -> 0.251 | J48: 0 | O48: =ROUND(CP48,2) -> 180.62 | P48: =ROUND(CQ48*I48,2) -> 0 | Q48: =ROUND(CR48*I48,2) -> 0 | R48: =ROUND(CS48*I48,2) -> 0 | S48: =ROUND(CT48*I48,2) -> 180.62 | T48: =ROUND(CU48*I48,2) -> 0 | U48: =CV48*I48 -> 24.08207 | V48: =CW48*I48 -> 0 | W48: =ROUND(CX48*I48,2) -> 0 | X48: =ROUND(CY48,2) -> 130.05 | Y48: =ROUND(CZ48,2) -> 68.64 | AA48: 47641669 | AB48: =ROUND((AC48+AD48+AF48),6) -> 719.5895 | AC48: =ROUND((ES48),6) -> 0 | AD48: =ROUND(((((ET48*1.15))-((EU48*1.15)))+AE48),6) -> 0 | AE48: =ROUND(((EU48*1.15)),6) -> 0 | AF48: =ROUND(((EV48*1.15)),6) -> 719.5895 | AG48: =ROUND((AP48),6) -> 0 | AH48: =((EW48*1.15)) -> 95.9445 | AI48: =((EX48*1.15)) -> 0 | AJ48: =(AS48) -> 0 | AK48: 625.73 | AL48: 0 | AM48: 0 | AN48: 0 | AO48: 625.73 | AP48: 0 | AQ48: 83.43 | AR48: 0 | AS48: 0 | AT48: 72 | AU48: 38 | AV48: 1 | AW48: 1 | AZ48: 1 | BA48: 1 | BB48: 1 | BC48: 1 | BH48: 0 | BI48: 1 | BJ48: ФЕР-2001, 01-02-060-03, приказ Минстроя России №1039/пр от 30.12.2016г. | BM48: 1003 | BN48: 0 | BP48: 0 | BQ48: 2 | BR48: 0 | BS48: 1 | BT48: 1 | BU48: 1 | BV48: 1 | BW48: 1 | BX48: 1 | BZ48: 80 | CA48: 45 | CE48: 0 | CF48: 0 | CG48: 0 | CM48: 0 | CN48: Поправка: МР 81/пр Прил.2, Табл.3, п. 3 Наименование: Производство ремонтно-строительных работ осуществляется на территории действующего предприятия с наличием в зоне производства работ одного или нескольких из перечисленных ниже факторов: разветвленной сети транспортных и инженерных коммуникаций; стесненных условий для складирования материалов; действующего технологического оборудования | CO48: 0 | CP48: =(P48+Q48+S48) -> 180.62 | CQ48: =AC48*BC48 -> 0 | CR48: =AD48*BB48 -> 0 | CS48: =AE48*BS48 -> 0 | CT48: =AF48*BA48 -> 719.5895 | CU48: =AG48 -> 0 | CV48: =AH48 -> 95.9445 | CW48: =AI48 -> 0 | CX48: =AJ48 -> 0 | CY48: =(((S48+R48)*AT48)/100) -> 130.0464 | CZ48: =(((S48+R48)*AU48)/100) -> 68.6356 | DE48: )*1,15 | DF48: )*1,15 | DG48: )*1,15 | DI48: )*1,15 | DJ48: )*1,15 | DN48: 0 | DO48: 0 | DP48: 1 | DQ48: 1 | DU48: 1007 | DV48: 100 м3 | DW48: 100 м3 | DX48: 100 | EE48: 45919546 | EF48: 2 | EG48: Общестроительные работы | EH48: 0 | EJ48: 1 | EK48: 1003 | EL48: Земляные работы, выполняемые ручным способом | EM48: ФЕР-01 | EO48: Поправка: МР 81/пр Прил.2, Табл.3, п. 3 | EQ48: 0 | ER48: 625.73 | ES48: 0 | ET48: 0 | EU48: 0 | EV48: 625.73 | EW48: 83.43 | EX48: 0 | EY48: 0 | FQ48: 0 | FR48: =ROUND(IF(AND(BH48=3,BI48=3),P48,0),2) -> 0 | FS48: 0 | FT48: *0,9 | FU48: *0,85 | FX48: 72 | FY48: 38.25 | GD48: 1 | GF48: 571347977 | GG48: 2 | GH48: 1 | GI48: -2 | GJ48: 0 | GK48: 0 | GL48: =ROUND(IF(AND(BH48=3,BI48=3,FS48<>0),P48,0),2) -> 0 | GM48: =ROUND(O48+X48+Y48,2)+GX48 -> 379.31 | GN48: =IF(OR(BI48=0,BI48=1),ROUND(O48+X48+Y48,2),0) -> 379.31 | GO48: =IF(BI48=2,ROUND(O48+X48+Y48,2),0) -> 0 | GP48: =IF(BI48=4,ROUND(O48+X48+Y48,2)+GX48,0) -> 0 | GR48: 0 | GS48: 0 | GT48: 0 | GV48: =ROUND((GT48),6) -> 0 | GW48: 1 | GX48: =ROUND(HC48*I48,2) -> 0 | HA48: 0 | HB48: 0 | HC48: =GV48*GW48 -> 0 | IK48: 0
A49: 17 | B49: 1 | C49: =ROW(SmtRes!A88) -> 88 | D49: =ROW(EtalonRes!A84) -> 84 | E49: 7 | F49: 68-26-2 | G49: Разборка деревянных заборов штакетных Прим. Ограждение лестницы h=0,9м | H49: 100 м2 | I49: =ROUND((22*0.9)/100,9) -> 0.198 | J49: 0 | O49: =ROUND(CP49,2) -> 99.27 | P49: =ROUND(CQ49*I49,2) -> 0 | Q49: =ROUND(CR49*I49,2) -> 0 | R49: =ROUND(CS49*I49,2) -> 0 | S49: =ROUND(CT49*I49,2) -> 99.27 | T49: =ROUND(CU49*I49,2) -> 0 | U49: =CV49*I49 -> 12.150072 | V49: =CW49*I49 -> 0 | W49: =ROUND(CX49*I49,2) -> 0 | X49: =ROUND(CY49,2) -> 103.24 | Y49: =ROUND(CZ49,2) -> 59.56 | AA49: 47636896 | AB49: =ROUND((AC49+AD49+AF49),6) -> 501.3425 | AC49: =ROUND((ES49),6) -> 0 | AD49: =ROUND(((((ET49*1.15))-((EU49*1.15)))+AE49),6) -> 0 | AE49: =ROUND(((EU49*1.15)),6) -> 0 | AF49: =ROUND(((EV49*1.15)),6) -> 501.3425 | AG49: =ROUND((AP49),6) -> 0 | AH49: =((EW49*1.15)) -> 61.364 | AI49: =((EX49*1.15)) -> 0 | AJ49: =(AS49) -> 0 | AK49: 435.95 | AL49: 0 | AM49: 0 | AN49: 0 | AO49: 435.95 | AP49: 0 | AQ49: 53.36 | AR49: 0 | AS49: 0 | AT49: 104 | AU49: 60 | AV49: 1 | AW49: 1 | AZ49: 1 | BA49: 1 | BB49: 1 | BC49: 1 | BH49: 0 | BI49: 1 | BJ49: ФЕРр-2001, 68-26-2, приказ Минстроя России №1039/пр от 30.12.2016г. | BM49: 68001 | BN49: 0 | BP49: 0 | BQ49: 6 | BR49: 0 | BS49: 1 | BT49: 1 | BU49: 1 | BV49: 1 | BW49: 1 | BX49: 1 | BZ49: 104 | CA49: 60 | CE49: 0 | CF49: 0 | CG49: 0 | CM49: 0 | CN49: Поправка: МР 81/пр Прил.2, Табл.3, п. 3 Наименование: Производство ремонтно-строительных работ осуществляется на территории действующего предприятия с наличием в зоне производства работ одного или нескольких из перечисленных ниже факторов: разветвленной сети транспортных и инженерных коммуникаций; стесненных условий для складирования материалов; действующего технологического оборудования | CO49: 0 | CP49: =(P49+Q49+S49) -> 99.27 | CQ49: =AC49*BC49 -> 0 | CR49: =AD49*BB49 -> 0 | CS49: =AE49*BS49 -> 0 | CT49: =AF49*BA49 -> 501.3425 | CU49: =AG49 -> 0 | CV49: =AH49 -> 61.364 | CW49: =AI49 -> 0 | CX49: =AJ49 -> 0 | CY49: =(((S49+R49)*AT49)/100) -> 103.2408 | CZ49: =(((S49+R49)*AU49)/100) -> 59.562 | DE49: )*1,15 | DF49: )*1,15 | DG49: )*1,15 | DI49: )*1,15 | DJ49: )*1,15 | DN49: 0 | DO49: 0 | DP49: 1 | DQ49: 1 | DU49: 1005 | DV49: 100 м2 | DW49: 100 м2 | DX49: 100 | EE49: 45919696 | EF49: 6 | EG49: Ремонтно-строительные работы | EH49: 0 | EJ49: 1 | EK49: 68001 | EL49: Благоустройство | EM49: рФЕР-68 | EO49: Поправка: МР 81/пр Прил.2, Табл.3, п. 3 | EQ49: 0 | ER49: 435.95 | ES49: 0 | ET49: 0 | EU49: 0 | EV49: 435.95 | EW49: 53.36 | EX49: 0 | EY49: 0 | FQ49: 0 | FR49: =ROUND(IF(AND(BH49=3,BI49=3),P49,0),2) -> 0 | FS49: 0 | FX49: 104 | FY49: 60 | GD49: 1 | GF49: -1760791010 | GG49: 2 | GH49: 1 | GI49: -2 | GJ49: 0 | GK49: 0 | GL49: =ROUND(IF(AND(BH49=3,BI49=3,FS49<>0),P49,0),2) -> 0 | GM49: =ROUND(O49+X49+Y49,2)+GX49 -> 262.07 | GN49: =IF(OR(BI49=0,BI49=1),ROUND(O49+X49+Y49,2),0) -> 262.07 | GO49: =IF(BI49=2,ROUND(O49+X49+Y49,2),0) -> 0 | GP49: =IF(BI49=4,ROUND(O49+X49+Y49,2)+GX49,0) -> 0 | GR49: 0 | GS49: 3 | GT49: 0 | GV49: =ROUND((GT49),6) -> 0 | GW49: 1 | GX49: =ROUND(HC49*I49,2) -> 0 | HA49: 0 | HB49: 0 | HC49: =GV49*GW49 -> 0 | IK49: 0
A50: 17 | B50: 1 | C50: =ROW(SmtRes!A90) -> 90 | D50: =ROW(EtalonRes!A86) -> 86 | E50: 7 | F50: 68-26-2 | G50: Разборка деревянных заборов штакетных Прим. Ограждение лестницы h=0,9м | H50: 100 м2 | I50: =ROUND((22*0.9)/100,9) -> 0.198 | J50: 0 | O50: =ROUND(CP50,2) -> 99.27 | P50: =ROUND(CQ50*I50,2) -> 0 | Q50: =ROUND(CR50*I50,2) -> 0 | R50: =ROUND(CS50*I50,2) -> 0 | S50: =ROUND(CT50*I50,2) -> 99.27 | T50: =ROUND(CU50*I50,2) -> 0 | U50: =CV50*I50 -> 12.150072 | V50: =CW50*I50 -> 0 | W50: =ROUND(CX50*I50,2) -> 0 | X50: =ROUND(CY50,2) -> 103.24 | Y50: =ROUND(CZ50,2) -> 59.56 | AA50: 47641669 | AB50: =ROUND((AC50+AD50+AF50),6) -> 501.3425 | AC50: =ROUND((ES50),6) -> 0 | AD50: =ROUND(((((ET50*1.15))-((EU50*1.15)))+AE50),6) -> 0 | AE50: =ROUND(((EU50*1.15)),6) -> 0 | AF50: =ROUND(((EV50*1.15)),6) -> 501.3425 | AG50: =ROUND((AP50),6) -> 0 | AH50: =((EW50*1.15)) -> 61.364 | AI50: =((EX50*1.15)) -> 0 | AJ50: =(AS50) -> 0 | AK50: 435.95 | AL50: 0 | AM50: 0 | AN50: 0 | AO50: 435.95 | AP50: 0 | AQ50: 53.36 | AR50: 0 | AS50: 0 | AT50: 104 | AU50: 60 | AV50: 1 | AW50: 1 | AZ50: 1 | BA50: 1 | BB50: 1 | BC50: 1 | BH50: 0 | BI50: 1 | BJ50: ФЕРр-2001, 68-26-2, приказ Минстроя России №1039/пр от 30.12.2016г. | BM50: 68001 | BN50: 0 | BP50: 0 | BQ50: 6 | BR50: 0 | BS50: 1 | BT50: 1 | BU50: 1 | BV50: 1 | BW50: 1 | BX50: 1 | BZ50: 104 | CA50: 60 | CE50: 0 | CF50: 0 | CG50: 0 | CM50: 0 | CN50: Поправка: МР 81/пр Прил.2, Табл.3, п. 3 Наименование: Производство ремонтно-строительных работ осуществляется на территории действующего предприятия с наличием в зоне производства работ одного или нескольких из перечисленных ниже факторов: разветвленной сети транспортных и инженерных коммуникаций; стесненных условий для складирования материалов; действующего технологического оборудования | CO50: 0 | CP50: =(P50+Q50+S50) -> 99.27 | CQ50: =AC50*BC50 -> 0 | CR50: =AD50*BB50 -> 0 | CS50: =AE50*BS50 -> 0 | CT50: =AF50*BA50 -> 501.3425 | CU50: =AG50 -> 0 | CV50: =AH50 -> 61.364 | CW50: =AI50 -> 0 | CX50: =AJ50 -> 0 | CY50: =(((S50+R50)*AT50)/100) -> 103.2408 | CZ50: =(((S50+R50)*AU50)/100) -> 59.562 | DE50: )*1,15 | DF50: )*1,15 | DG50: )*1,15 | DI50: )*1,15 | DJ50: )*1,15 | DN50: 0 | DO50: 0 | DP50: 1 | DQ50: 1 | DU50: 1005 | DV50: 100 м2 | DW50: 100 м2 | DX50: 100 | EE50: 45919696 | EF50: 6 | EG50: Ремонтно-строительные работы | EH50: 0 | EJ50: 1 | EK50: 68001 | EL50: Благоустройство | EM50: рФЕР-68 | EO50: Поправка: МР 81/пр Прил.2, Табл.3, п. 3 | EQ50: 0 | ER50: 435.95 | ES50: 0 | ET50: 0 | EU50: 0 | EV50: 435.95 | EW50: 53.36 | EX50: 0 | EY50: 0 | FQ50: 0 | FR50: =ROUND(IF(AND(BH50=3,BI50=3),P50,0),2) -> 0 | FS50: 0 | FX50: 104 | FY50: 60 | GD50: 1 | GF50: -1760791010 | GG50: 2 | GH50: 1 | GI50: -2 | GJ50: 0 | GK50: 0 | GL50: =ROUND(IF(AND(BH50=3,BI50=3,FS50<>0),P50,0),2) -> 0 | GM50: =ROUND(O50+X50+Y50,2)+GX50 -> 262.07 | GN50: =IF(OR(BI50=0,BI50=1),ROUND(O50+X50+Y50,2),0) -> 262.07 | GO50: =IF(BI50=2,ROUND(O50+X50+Y50,2),0) -> 0 | GP50: =IF(BI50=4,ROUND(O50+X50+Y50,2)+GX50,0) -> 0 | GR50: 0 | GS50: 0 | GT50: 0 | GV50: =ROUND((GT50),6) -> 0 | GW50: 1 | GX50: =ROUND(HC50*I50,2) -> 0 | HA50: 0 | HB50: 0 | HC50: =GV50*GW50 -> 0 | IK50: 0
A51: 18 | B51: 1 | C51: 88 | E51: 7,1 | F51: 01.7.07.07 | G51: Строительный мусор | H51: т | I51: =I49*J51 -> 0.09306 | J51: 0.47 | O51: =ROUND(CP51,2) -> 0 | P51: =ROUND(CQ51*I51,2) -> 0 | Q51: =ROUND(CR51*I51,2) -> 0 | R51: =ROUND(CS51*I51,2) -> 0 | S51: =ROUND(CT51*I51,2) -> 0 | T51: =ROUND(CU51*I51,2) -> 0 | U51: =CV51*I51 -> 0 | V51: =CW51*I51 -> 0 | W51: =ROUND(CX51*I51,2) -> 0 | X51: =ROUND(CY51,2) -> 0 | Y51: =ROUND(CZ51,2) -> 0 | AA51: 47636896 | AB51: =ROUND((AC51+AD51+AF51),6) -> 0 | AC51: =ROUND((ES51),6) -> 0 | AD51: =ROUND((((ET51)-(EU51))+AE51),6) -> 0 | AE51: =ROUND((EU51),6) -> 0 | AF51: =ROUND((EV51),6) -> 0 | AG51: =ROUND((AP51),6) -> 0 | AH51: =(EW51) -> 0 | AI51: =(EX51) -> 0 | AJ51: =(AS51) -> 0 | AK51: 0 | AL51: 0 | AM51: 0 | AN51: 0 | AO51: 0 | AP51: 0 | AQ51: 0 | AR51: 0 | AS51: 0 | AT51: 104 | AU51: 60 | AV51: 1 | AW51: 1 | AZ51: 1 | BA51: 1 | BB51: 1 | BC51: 1 | BH51: 3 | BI51: 1 | BM51: 68001 | BN51: 0 | BP51: 0 | BQ51: 6 | BR51: 0 | BS51: 1 | BT51: 1 | BU51: 1 | BV51: 1 | BW51: 1 | BX51: 1 | BZ51: 104 | CA51: 60 | CE51: 0 | CF51: 0 | CG51: 0 | CM51: 0 | CO51: 0 | CP51: =(P51+Q51+S51) -> 0 | CQ51: =AC51*BC51 -> 0 | CR51: =AD51*BB51 -> 0 | CS51: =AE51*BS51 -> 0 | CT51: =AF51*BA51 -> 0 | CU51: =AG51 -> 0 | CV51: =AH51 -> 0 | CW51: =AI51 -> 0 | CX51: =AJ51 -> 0 | CY51: =(((S51+R51)*AT51)/100) -> 0 | CZ51: =(((S51+R51)*AU51)/100) -> 0 | DN51: 0 | DO51: 0 | DP51: 1 | DQ51: 1 | DU51: 1009 | DV51: т | DW51: т | DX51: 1000 | EE51: 45919696 | EF51: 6 | EG51: Ремонтно-строительные работы | EH51: 0 | EJ51: 1 | EK51: 68001 | EL51: Благоустройство | EM51: рФЕР-68 | EQ51: 0 | ER51: 0 | ES51: 0 | ET51: 0 | EU51: 0 | EV51: 0 | EW51: 0 | EX51: 0 | FQ51: 0 | FR51: =ROUND(IF(AND(BH51=3,BI51=3),P51,0),2) -> 0 | FS51: 0 | FX51: 104 | FY51: 60 | GD51: 1 | GF51: -179832266 | GG51: 2 | GH51: 1 | GI51: -2 | GJ51: 0 | GK51: 0 | GL51: =ROUND(IF(AND(BH51=3,BI51=3,FS51<>0),P51,0),2) -> 0 | GM51: =ROUND(O51+X51+Y51,2)+GX51 -> 0 | GN51: =IF(OR(BI51=0,BI51=1),ROUND(O51+X51+Y51,2),0) -> 0 | GO51: =IF(BI51=2,ROUND(O51+X51+Y51,2),0) -> 0 | GP51: =IF(BI51=4,ROUND(O51+X51+Y51,2)+GX51,0) -> 0 | GR51: 0 | GS51: 3 | GT51: 0 | GV51: =ROUND((GT51),6) -> 0 | GW51: 1 | GX51: =ROUND(HC51*I51,2) -> 0 | HA51: 0 | HB51: 0 | HC51: =GV51*GW51 -> 0 | IK51: 0
A52: 18 | B52: 1 | C52: 90 | E52: 7,1 | F52: 01.7.07.07 | G52: Строительный мусор | H52: т | I52: =I50*J52 -> 0.09306 | J52: 0.47 | O52: =ROUND(CP52,2) -> 0 | P52: =ROUND(CQ52*I52,2) -> 0 | Q52: =ROUND(CR52*I52,2) -> 0 | R52: =ROUND(CS52*I52,2) -> 0 | S52: =ROUND(CT52*I52,2) -> 0 | T52: =ROUND(CU52*I52,2) -> 0 | U52: =CV52*I52 -> 0 | V52: =CW52*I52 -> 0 | W52: =ROUND(CX52*I52,2) -> 0 | X52: =ROUND(CY52,2) -> 0 | Y52: =ROUND(CZ52,2) -> 0 | AA52: 47641669 | AB52: =ROUND((AC52+AD52+AF52),6) -> 0 | AC52: =ROUND((ES52),6) -> 0 | AD52: =ROUND((((ET52)-(EU52))+AE52),6) -> 0 | AE52: =ROUND((EU52),6) -> 0 | AF52: =ROUND((EV52),6) -> 0 | AG52: =ROUND((AP52),6) -> 0 | AH52: =(EW52) -> 0 | AI52: =(EX52) -> 0 | AJ52: =(AS52) -> 0 | AK52: 0 | AL52: 0 | AM52: 0 | AN52: 0 | AO52: 0 | AP52: 0 | AQ52: 0 | AR52: 0 | AS52: 0 | AT52: 104 | AU52: 60 | AV52: 1 | AW52: 1 | AZ52: 1 | BA52: 1 | BB52: 1 | BC52: 1 | BH52: 3 | BI52: 1 | BM52: 68001 | BN52: 0 | BP52: 0 | BQ52: 6 | BR52: 0 | BS52: 1 | BT52: 1 | BU52: 1 | BV52: 1 | BW52: 1 | BX52: 1 | BZ52: 104 | CA52: 60 | CE52: 0 | CF52: 0 | CG52: 0 | CM52: 0 | CO52: 0 | CP52: =(P52+Q52+S52) -> 0 | CQ52: =AC52*BC52 -> 0 | CR52: =AD52*BB52 -> 0 | CS52: =AE52*BS52 -> 0 | CT52: =AF52*BA52 -> 0 | CU52: =AG52 -> 0 | CV52: =AH52 -> 0 | CW52: =AI52 -> 0 | CX52: =AJ52 -> 0 | CY52: =(((S52+R52)*AT52)/100) -> 0 | CZ52: =(((S52+R52)*AU52)/100) -> 0 | DN52: 0 | DO52: 0 | DP52: 1 | DQ52: 1 | DU52: 1009 | DV52: т | DW52: т | DX52: 1000 | EE52: 45919696 | EF52: 6 | EG52: Ремонтно-строительные работы | EH52: 0 | EJ52: 1 | EK52: 68001 | EL52: Благоустройство | EM52: рФЕР-68 | EQ52: 0 | ER52: 0 | ES52: 0 | ET52: 0 | EU52: 0 | EV52: 0 | EW52: 0 | EX52: 0 | FQ52: 0 | FR52: =ROUND(IF(AND(BH52=3,BI52=3),P52,0),2) -> 0 | FS52: 0 | FX52: 104 | FY52: 60 | GD52: 1 | GF52: -179832266 | GG52: 2 | GH52: 1 | GI52: -2 | GJ52: 0 | GK52: 0 | GL52: =ROUND(IF(AND(BH52=3,BI52=3,FS52<>0),P52,0),2) -> 0 | GM52: =ROUND(O52+X52+Y52,2)+GX52 -> 0 | GN52: =IF(OR(BI52=0,BI52=1),ROUND(O52+X52+Y52,2),0) -> 0 | GO52: =IF(BI52=2,ROUND(O52+X52+Y52,2),0) -> 0 | GP52: =IF(BI52=4,ROUND(O52+X52+Y52,2)+GX52,0) -> 0 | GR52: 0 | GS52: 0 | GT52: 0 | GV52: =ROUND((GT52),6) -> 0 | GW52: 1 | GX52: =ROUND(HC52*I52,2) -> 0 | HA52: 0 | HB52: 0 | HC52: =GV52*GW52 -> 0 | IK52: 0
A53: 17 | B53: 1 | C53: =ROW(SmtRes!A93) -> 93 | D53: =ROW(EtalonRes!A88) -> 88 | E53: 8 | F53: 01-02-114-05 | G53: Корчевка кустарника и мелколесья в грунтах естественного залегания корчевателями-собирателями на тракторе мощностью 118 кВт (160 л.с.), кустарник и мелколесье средние | H53: га | I53: 0.45 | J53: 0 | O53: =ROUND(CP53,2) -> 514.83 | P53: =ROUND(CQ53*I53,2) -> 0 | Q53: =ROUND(CR53*I53,2) -> 514.83 | R53: =ROUND(CS53*I53,2) -> 51.27 | S53: =ROUND(CT53*I53,2) -> 0 | T53: =ROUND(CU53*I53,2) -> 0 | U53: =CV53*I53 -> 0 | V53: =CW53*I53 -> 3.5604 | W53: =ROUND(CX53*I53,2) -> 0 | X53: =ROUND(CY53,2) -> 36.91 | Y53: =ROUND(CZ53,2) -> 19.48 | AA53: 47636896 | AB53: =ROUND((AC53+AD53+AF53),6) -> 1144.0775 | AC53: =ROUND((ES53),6) -> 0 | AD53: =ROUND(((((ET53*1.15))-((EU53*1.15)))+AE53),6) -> 1144.0775 | AE53: =ROUND(((EU53*1.15)),6) -> 113.9305 | AF53: =ROUND(((EV53*1.15)),6) -> 0 | AG53: =ROUND((AP53),6) -> 0 | AH53: =((EW53*1.15)) -> 0 | AI53: =((EX53*1.15)) -> 7.912 | AJ53: =(AS53) -> 0 | AK53: 994.85 | AL53: 0 | AM53: 994.85 | AN53: 99.07 | AO53: 0 | AP53: 0 | AQ53: 0 | AR53: 6.88 | AS53: 0 | AT53: 72 | AU53: 38 | AV53: 1 | AW53: 1 | AZ53: 1 | BA53: 1 | BB53: 1 | BC53: 1 | BH53: 0 | BI53: 1 | BJ53: ФЕР-2001, 01-02-114-05, приказ Минстроя России №1039/пр от 30.12.2016г. | BM53: 1007 | BN53: 0 | BP53: 0 | BQ53: 2 | BR53: 0 | BS53: 1 | BT53: 1 | BU53: 1 | BV53: 1 | BW53: 1 | BX53: 1 | BZ53: 80 | CA53: 45 | CE53: 0 | CF53: 0 | CG53: 0 | CM53: 0 | CN53: Поправка: МР 81/пр Прил.2, Табл.3, п. 3 Наименование: Производство ремонтно-строительных работ осуществляется на территории действующего предприятия с наличием в зоне производства работ одного или нескольких из перечисленных ниже факторов: разветвленной сети транспортных и инженерных коммуникаций; стесненных условий для складирования материалов; действующего технологического оборудования | CO53: 0 | CP53: =(P53+Q53+S53) -> 514.83 | CQ53: =AC53*BC53 -> 0 | CR53: =AD53*BB53 -> 1144.0775 | CS53: =AE53*BS53 -> 113.9305 | CT53: =AF53*BA53 -> 0 | CU53: =AG53 -> 0 | CV53: =AH53 -> 0 | CW53: =AI53 -> 7.912 | CX53: =AJ53 -> 0 | CY53: =(((S53+R53)*AT53)/100) -> 36.9144 | CZ53: =(((S53+R53)*AU53)/100) -> 19.4826 | DE53: )*1,15 | DF53: )*1,15 | DG53: )*1,15 | DI53: )*1,15 | DJ53: )*1,15 | DN53: 0 | DO53: 0 | DP53: 1 | DQ53: 1 | DU53: 1005 | DV53: га | DW53: га | DX53: 1 | EE53: 45919549 | EF53: 2 | EG53: Общестроительные работы | EH53: 0 | EJ53: 1 | EK53: 1007 | EL53: Земляные работы по другим видам работ ( подготовительные, сопутствующие, укрепительные ) | EM53: ФЕР-01 | EO53: Поправка: МР 81/пр Прил.2, Табл.3, п. 3 | EQ53: 0 | ER53: 994.85 | ES53: 0 | ET53: 994.85 | EU53: 99.07 | EV53: 0 | EW53: 0 | EX53: 6.88 | EY53: 0 | FQ53: 0 | FR53: =ROUND(IF(AND(BH53=3,BI53=3),P53,0),2) -> 0 | FS53: 0 | FT53: *0,9 | FU53: *0,85 | FX53: 72 | FY53: 38.25 | GD53: 1 | GF53: -268484923 | GG53: 2 | GH53: 1 | GI53: -2 | GJ53: 0 | GK53: 0 | GL53: =ROUND(IF(AND(BH53=3,BI53=3,FS53<>0),P53,0),2) -> 0 | GM53: =ROUND(O53+X53+Y53,2)+GX53 -> 571.22 | GN53: =IF(OR(BI53=0,BI53=1),ROUND(O53+X53+Y53,2),0) -> 571.22 | GO53: =IF(BI53=2,ROUND(O53+X53+Y53,2),0) -> 0 | GP53: =IF(BI53=4,ROUND(O53+X53+Y53,2)+GX53,0) -> 0 | GR53: 0 | GS53: 3 | GT53: 0 | GV53: =ROUND((GT53),6) -> 0 | GW53: 1 | GX53: =ROUND(HC53*I53,2) -> 0 | HA53: 0 | HB53: 0 | HC53: =GV53*GW53 -> 0 | IK53: 0
A54: 17 | B54: 1 | C54: =ROW(SmtRes!A96) -> 96 | D54: =ROW(EtalonRes!A90) -> 90 | E54: 8 | F54: 01-02-114-05 | G54: Корчевка кустарника и мелколесья в грунтах естественного залегания корчевателями-собирателями на тракторе мощностью 118 кВт (160 л.с.), кустарник и мелколесье средние | H54: га | I54: 0.45 | J54: 0 | O54: =ROUND(CP54,2) -> 514.83 | P54: =ROUND(CQ54*I54,2) -> 0 | Q54: =ROUND(CR54*I54,2) -> 514.83 | R54: =ROUND(CS54*I54,2) -> 51.27 | S54: =ROUND(CT54*I54,2) -> 0 | T54: =ROUND(CU54*I54,2) -> 0 | U54: =CV54*I54 -> 0 | V54: =CW54*I54 -> 3.5604 | W54: =ROUND(CX54*I54,2) -> 0 | X54: =ROUND(CY54,2) -> 36.91 | Y54: =ROUND(CZ54,2) -> 19.48 | AA54: 47641669 | AB54: =ROUND((AC54+AD54+AF54),6) -> 1144.0775 | AC54: =ROUND((ES54),6) -> 0 | AD54: =ROUND(((((ET54*1.15))-((EU54*1.15)))+AE54),6) -> 1144.0775 | AE54: =ROUND(((EU54*1.15)),6) -> 113.9305 | AF54: =ROUND(((EV54*1.15)),6) -> 0 | AG54: =ROUND((AP54),6) -> 0 | AH54: =((EW54*1.15)) -> 0 | AI54: =((EX54*1.15)) -> 7.912 | AJ54: =(AS54) -> 0 | AK54: 994.85 | AL54: 0 | AM54: 994.85 | AN54: 99.07 | AO54: 0 | AP54: 0 | AQ54: 0 | AR54: 6.88 | AS54: 0 | AT54: 72 | AU54: 38 | AV54: 1 | AW54: 1 | AZ54: 1 | BA54: 1 | BB54: 1 | BC54: 1 | BH54: 0 | BI54: 1 | BJ54: ФЕР-2001, 01-02-114-05, приказ Минстроя России №1039/пр от 30.12.2016г. | BM54: 1007 | BN54: 0 | BP54: 0 | BQ54: 2 | BR54: 0 | BS54: 1 | BT54: 1 | BU54: 1 | BV54: 1 | BW54: 1 | BX54: 1 | BZ54: 80 | CA54: 45 | CE54: 0 | CF54: 0 | CG54: 0 | CM54: 0 | CN54: Поправка: МР 81/пр Прил.2, Табл.3, п. 3 Наименование: Производство ремонтно-строительных работ осуществляется на территории действующего предприятия с наличием в зоне производства работ одного или нескольких из перечисленных ниже факторов: разветвленной сети транспортных и инженерных коммуникаций; стесненных условий для складирования материалов; действующего технологического оборудования | CO54: 0 | CP54: =(P54+Q54+S54) -> 514.83 | CQ54: =AC54*BC54 -> 0 | CR54: =AD54*BB54 -> 1144.0775 | CS54: =AE54*BS54 -> 113.9305 | CT54: =AF54*BA54 -> 0 | CU54: =AG54 -> 0 | CV54: =AH54 -> 0 | CW54: =AI54 -> 7.912 | CX54: =AJ54 -> 0 | CY54: =(((S54+R54)*AT54)/100) -> 36.9144 | CZ54: =(((S54+R54)*AU54)/100) -> 19.4826 | DE54: )*1,15 | DF54: )*1,15 | DG54: )*1,15 | DI54: )*1,15 | DJ54: )*1,15 | DN54: 0 | DO54: 0 | DP54: 1 | DQ54: 1 | DU54: 1005 | DV54: га | DW54: га | DX54: 1 | EE54: 45919549 | EF54: 2 | EG54: Общестроительные работы | EH54: 0 | EJ54: 1 | EK54: 1007 | EL54: Земляные работы по другим видам работ ( подготовительные, сопутствующие, укрепительные ) | EM54: ФЕР-01 | EO54: Поправка: МР 81/пр Прил.2, Табл.3, п. 3 | EQ54: 0 | ER54: 994.85 | ES54: 0 | ET54: 994.85 | EU54: 99.07 | EV54: 0 | EW54: 0 | EX54: 6.88 | EY54: 0 | FQ54: 0 | FR54: =ROUND(IF(AND(BH54=3,BI54=3),P54,0),2) -> 0 | FS54: 0 | FT54: *0,9 | FU54: *0,85 | FX54: 72 | FY54: 38.25 | GD54: 1 | GF54: -268484923 | GG54: 2 | GH54: 1 | GI54: -2 | GJ54: 0 | GK54: 0 | GL54: =ROUND(IF(AND(BH54=3,BI54=3,FS54<>0),P54,0),2) -> 0 | GM54: =ROUND(O54+X54+Y54,2)+GX54 -> 571.22 | GN54: =IF(OR(BI54=0,BI54=1),ROUND(O54+X54+Y54,2),0) -> 571.22 | GO54: =IF(BI54=2,ROUND(O54+X54+Y54,2),0) -> 0 | GP54: =IF(BI54=4,ROUND(O54+X54+Y54,2)+GX54,0) -> 0 | GR54: 0 | GS54: 0 | GT54: 0 | GV54: =ROUND((GT54),6) -> 0 | GW54: 1 | GX54: =ROUND(HC54*I54,2) -> 0 | HA54: 0 | HB54: 0 | HC54: =GV54*GW54 -> 0 | IK54: 0
A55: 18 | B55: 1 | C55: 93 | E55: 8,1 | F55: 01.7.07.07 | G55: Строительный мусор | H55: т | I55: =I53*J55 -> 4.5 | J55: 10 | O55: =ROUND(CP55,2) -> 0 | P55: =ROUND(CQ55*I55,2) -> 0 | Q55: =ROUND(CR55*I55,2) -> 0 | R55: =ROUND(CS55*I55,2) -> 0 | S55: =ROUND(CT55*I55,2) -> 0 | T55: =ROUND(CU55*I55,2) -> 0 | U55: =CV55*I55 -> 0 | V55: =CW55*I55 -> 0 | W55: =ROUND(CX55*I55,2) -> 0 | X55: =ROUND(CY55,2) -> 0 | Y55: =ROUND(CZ55,2) -> 0 | AA55: 47636896 | AB55: =ROUND((AC55+AD55+AF55),6) -> 0 | AC55: =ROUND((ES55),6) -> 0 | AD55: =ROUND((((ET55)-(EU55))+AE55),6) -> 0 | AE55: =ROUND((EU55),6) -> 0 | AF55: =ROUND((EV55),6) -> 0 | AG55: =ROUND((AP55),6) -> 0 | AH55: =(EW55) -> 0 | AI55: =(EX55) -> 0 | AJ55: =(AS55) -> 0 | AK55: 0 | AL55: 0 | AM55: 0 | AN55: 0 | AO55: 0 | AP55: 0 | AQ55: 0 | AR55: 0 | AS55: 0 | AT55: 104 | AU55: 60 | AV55: 1 | AW55: 1 | AZ55: 1 | BA55: 1 | BB55: 1 | BC55: 1 | BH55: 3 | BI55: 1 | BM55: 68001 | BN55: 0 | BP55: 0 | BQ55: 6 | BR55: 0 | BS55: 1 | BT55: 1 | BU55: 1 | BV55: 1 | BW55: 1 | BX55: 1 | BZ55: 104 | CA55: 60 | CE55: 0 | CF55: 0 | CG55: 0 | CM55: 0 | CO55: 0 | CP55: =(P55+Q55+S55) -> 0 | CQ55: =AC55*BC55 -> 0 | CR55: =AD55*BB55 -> 0 | CS55: =AE55*BS55 -> 0 | CT55: =AF55*BA55 -> 0 | CU55: =AG55 -> 0 | CV55: =AH55 -> 0 | CW55: =AI55 -> 0 | CX55: =AJ55 -> 0 | CY55: =(((S55+R55)*AT55)/100) -> 0 | CZ55: =(((S55+R55)*AU55)/100) -> 0 | DN55: 0 | DO55: 0 | DP55: 1 | DQ55: 1 | DU55: 1009 | DV55: т | DW55: т | DX55: 1000 | EE55: 45919696 | EF55: 6 | EG55: Ремонтно-строительные работы | EH55: 0 | EJ55: 1 | EK55: 68001 | EL55: Благоустройство | EM55: рФЕР-68 | EQ55: 0 | ER55: 0 | ES55: 0 | ET55: 0 | EU55: 0 | EV55: 0 | EW55: 0 | EX55: 0 | FQ55: 0 | FR55: =ROUND(IF(AND(BH55=3,BI55=3),P55,0),2) -> 0 | FS55: 0 | FX55: 104 | FY55: 60 | GD55: 1 | GF55: -179832266 | GG55: 2 | GH55: 1 | GI55: -2 | GJ55: 0 | GK55: 0 | GL55: =ROUND(IF(AND(BH55=3,BI55=3,FS55<>0),P55,0),2) -> 0 | GM55: =ROUND(O55+X55+Y55,2)+GX55 -> 0 | GN55: =IF(OR(BI55=0,BI55=1),ROUND(O55+X55+Y55,2),0) -> 0 | GO55: =IF(BI55=2,ROUND(O55+X55+Y55,2),0) -> 0 | GP55: =IF(BI55=4,ROUND(O55+X55+Y55,2)+GX55,0) -> 0 | GR55: 0 | GS55: 3 | GT55: 0 | GV55: =ROUND((GT55),6) -> 0 | GW55: 1 | GX55: =ROUND(HC55*I55,2) -> 0 | HA55: 0 | HB55: 0 | HC55: =GV55*GW55 -> 0 | IK55: 0
A56: 18 | B56: 1 | C56: 96 | E56: 8,1 | F56: 01.7.07.07 | G56: Строительный мусор | H56: т | I56: =I54*J56 -> 4.5 | J56: 10 | O56: =ROUND(CP56,2) -> 0 | P56: =ROUND(CQ56*I56,2) -> 0 | Q56: =ROUND(CR56*I56,2) -> 0 | R56: =ROUND(CS56*I56,2) -> 0 | S56: =ROUND(CT56*I56,2) -> 0 | T56: =ROUND(CU56*I56,2) -> 0 | U56: =CV56*I56 -> 0 | V56: =CW56*I56 -> 0 | W56: =ROUND(CX56*I56,2) -> 0 | X56: =ROUND(CY56,2) -> 0 | Y56: =ROUND(CZ56,2) -> 0 | AA56: 47641669 | AB56: =ROUND((AC56+AD56+AF56),6) -> 0 | AC56: =ROUND((ES56),6) -> 0 | AD56: =ROUND((((ET56)-(EU56))+AE56),6) -> 0 | AE56: =ROUND((EU56),6) -> 0 | AF56: =ROUND((EV56),6) -> 0 | AG56: =ROUND((AP56),6) -> 0 | AH56: =(EW56) -> 0 | AI56: =(EX56) -> 0 | AJ56: =(AS56) -> 0 | AK56: 0 | AL56: 0 | AM56: 0 | AN56: 0 | AO56: 0 | AP56: 0 | AQ56: 0 | AR56: 0 | AS56: 0 | AT56: 80 | AU56: 45 | AV56: 1 | AW56: 1 | AZ56: 1 | BA56: 1 | BB56: 1 | BC56: 1 | BH56: 3 | BI56: 1 | BM56: 68001 | BN56: 0 | BP56: 0 | BQ56: 6 | BR56: 0 | BS56: 1 | BT56: 1 | BU56: 1 | BV56: 1 | BW56: 1 | BX56: 1 | BZ56: 80 | CA56: 45 | CE56: 0 | CF56: 0 | CG56: 0 | CM56: 0 | CO56: 0 | CP56: =(P56+Q56+S56) -> 0 | CQ56: =AC56*BC56 -> 0 | CR56: =AD56*BB56 -> 0 | CS56: =AE56*BS56 -> 0 | CT56: =AF56*BA56 -> 0 | CU56: =AG56 -> 0 | CV56: =AH56 -> 0 | CW56: =AI56 -> 0 | CX56: =AJ56 -> 0 | CY56: =(((S56+R56)*AT56)/100) -> 0 | CZ56: =(((S56+R56)*AU56)/100) -> 0 | DN56: 0 | DO56: 0 | DP56: 1 | DQ56: 1 | DU56: 1009 | DV56: т | DW56: т | DX56: 1000 | EE56: 45919696 | EF56: 6 | EG56: Ремонтно-строительные работы | EH56: 0 | EJ56: 1 | EK56: 68001 | EL56: Благоустройство | EM56: рФЕР-68 | EQ56: 0 | ER56: 0 | ES56: 0 | ET56: 0 | EU56: 0 | EV56: 0 | EW56: 0 | EX56: 0 | FQ56: 0 | FR56: =ROUND(IF(AND(BH56=3,BI56=3),P56,0),2) -> 0 | FS56: 0 | FX56: 80 | FY56: 45 | GD56: 1 | GF56: -179832266 | GG56: 2 | GH56: 1 | GI56: -2 | GJ56: 0 | GK56: 0 | GL56: =ROUND(IF(AND(BH56=3,BI56=3,FS56<>0),P56,0),2) -> 0 | GM56: =ROUND(O56+X56+Y56,2)+GX56 -> 0 | GN56: =IF(OR(BI56=0,BI56=1),ROUND(O56+X56+Y56,2),0) -> 0 | GO56: =IF(BI56=2,ROUND(O56+X56+Y56,2),0) -> 0 | GP56: =IF(BI56=4,ROUND(O56+X56+Y56,2)+GX56,0) -> 0 | GR56: 0 | GS56: 0 | GT56: 0 | GV56: =ROUND((GT56),6) -> 0 | GW56: 1 | GX56: =ROUND(HC56*I56,2) -> 0 | HA56: 0 | HB56: 0 | HC56: =GV56*GW56 -> 0 | IK56: 0
A57: 17 | B57: 1 | E57: 9 | F57: т01-01-01-042 | G57: Погрузочные работы при автомобильных перевозках мусора строительного с погрузкой транспортерами | H57: 1 Т ГРУЗА | I57: =ROUND(1.5+2.25+5.2+5.2+0.093+4.5,9) -> 18.743 | J57: 0 | O57: =0 -> 0 | P57: =0 -> 0 | Q57: =0 -> 0 | R57: =0 -> 0 | S57: =0 -> 0 | T57: =0 -> 0 | U57: =0 -> 0 | V57: =0 -> 0 | ... Y57: =0 -> 0 | AA57: 47636896 | AB57: =ROUND((AK57),6) -> 7.96 | AC57: =0 -> 0 | AD57: =0 -> 0 | AE57: =0 -> 0 | AF57: =0 -> 0 | AG57: =0 -> 0 | AH57: =0 -> 0 | AI57: =0 -> 0 | AJ57: =0 -> 0 | AK57: 7.96 | AL57: 0 | AM57: 0 | AN57: 0 | AO57: 0 | AP57: 0 | AQ57: 0 | AR57: 0 | AS57: 0 | AT57: 0 | AU57: 0 | AV57: 1 | AW57: 1 | AZ57: 1 | BA57: 1 | BB57: 1 | BC57: 1 | BH57: 0 | BI57: 1 | BJ57: ФССЦпг-2001, т01-01-01-042, приказ Минстроя России №1039/пр от 30.12.2016г. | BM57: 700004 | BN57: 0 | BP57: 0 | BQ57: 19 | BR57: 0 | BS57: 1 | BT57: 1 | BU57: 1 | BV57: 1 | BW57: 1 | BX57: 1 | BZ57: 0 | CA57: 0 | CE57: 0 | CF57: 0 | CG57: 0 | CM57: 0 | CO57: 0 | CP57: =AB57*AZ57 -> 7.96 | CQ57: 0 | CR57: 0 | CS57: 0 | CT57: 0 | CU57: 0 | CV57: 0 | CW57: 0 | CX57: 0 | CY57: 0 | CZ57: 0 | DN57: 0 | DO57: 0 | DP57: 1 | DQ57: 1 | DU57: 1013 | DV57: 1 Т ГРУЗА | DW57: 1 Т ГРУЗА | DX57: 1 | EE57: 45919758 | EF57: 19 | EG57: Погрузочно-разгрузочные работы | EH57: 0 | EJ57: 1 | EK57: 700004 | EL57: Перевозка грузов , (ФССЦпр 2011-изм. № 4-6, раздел 1): погрузочно-разгрузочные работы (НР и СП в прям. затратах ) | EM57: ФССЦпр пог. а/п (2011,изм. 4-6) | EQ57: 0 | ER57: 0 | ES57: 0 | ET57: 0 | EU57: 0 | EV57: 0 | EW57: 0 | EX57: 0 | EY57: 0 | FQ57: 0 | FR57: =ROUND(IF(AND(BH57=3,BI57=3),P57,0),2) -> 0 | FS57: 0 | FX57: 0 | FY57: 0 | GD57: 1 | GF57: 1271559001 | GG57: 2 | GH57: 1 | GI57: -2 | GJ57: 2 | GK57: 0 | GL57: =ROUND(IF(AND(BH57=3,BI57=3,FS57<>0),P57,0),2) -> 0 | GM57: =ROUND(CP57*I57,2) -> 149.19 | GN57: =IF(OR(BI57=0,BI57=1),ROUND(CP57*I57,2),0) -> 149.19 | GO57: =IF(BI57=2,ROUND(CP57*I57,2),0) -> 0 | GP57: =IF(BI57=4,ROUND(CP57*I57,2)+GX57,0) -> 0 | GR57: 0 | GS57: 3 | GT57: 0 | GV57: =0 -> 0 | GW57: 1 | GX57: =0 -> 0 | HA57: 0 | HB57: 0 | HC57: 0 | IK57: 0
A58: 17 | B58: 1 | E58: 9 | F58: т01-01-01-042 | G58: Погрузочные работы при автомобильных перевозках мусора строительного с погрузкой транспортерами | H58: 1 Т ГРУЗА | I58: =ROUND(1.5+2.25+5.2+5.2+0.093+4.5,9) -> 18.743 | J58: 0 | O58: =0 -> 0 | P58: =0 -> 0 | Q58: =0 -> 0 | R58: =0 -> 0 | S58: =0 -> 0 | T58: =0 -> 0 | U58: =0 -> 0 | V58: =0 -> 0 | ... Y58: =0 -> 0 | AA58: 47641669 | AB58: =ROUND((AK58),6) -> 7.96 | AC58: =0 -> 0 | AD58: =0 -> 0 | AE58: =0 -> 0 | AF58: =0 -> 0 | AG58: =0 -> 0 | AH58: =0 -> 0 | AI58: =0 -> 0 | AJ58: =0 -> 0 | AK58: 7.96 | AL58: 0 | AM58: 0 | AN58: 0 | AO58: 0 | AP58: 0 | AQ58: 0 | AR58: 0 | AS58: 0 | AT58: 0 | AU58: 0 | AV58: 1 | AW58: 1 | AZ58: 1 | BA58: 1 | BB58: 1 | BC58: 1 | BH58: 0 | BI58: 1 | BJ58: ФССЦпг-2001, т01-01-01-042, приказ Минстроя России №1039/пр от 30.12.2016г. | BM58: 700004 | BN58: 0 | BP58: 0 | BQ58: 19 | BR58: 0 | BS58: 1 | BT58: 1 | BU58: 1 | BV58: 1 | BW58: 1 | BX58: 1 | BZ58: 0 | CA58: 0 | CE58: 0 | CF58: 0 | CG58: 0 | CM58: 0 | CO58: 0 | CP58: =AB58*AZ58 -> 7.96 | CQ58: 0 | CR58: 0 | CS58: 0 | CT58: 0 | CU58: 0 | CV58: 0 | CW58: 0 | CX58: 0 | CY58: 0 | CZ58: 0 | DN58: 0 | DO58: 0 | DP58: 1 | DQ58: 1 | DU58: 1013 | DV58: 1 Т ГРУЗА | DW58: 1 Т ГРУЗА | DX58: 1 | EE58: 45919758 | EF58: 19 | EG58: Погрузочно-разгрузочные работы | EH58: 0 | EJ58: 1 | EK58: 700004 | EL58: Перевозка грузов , (ФССЦпр 2011-изм. № 4-6, раздел 1): погрузочно-разгрузочные работы (НР и СП в прям. затратах ) | EM58: ФССЦпр пог. а/п (2011,изм. 4-6) | EQ58: 0 | ER58: 0 | ES58: 0 | ET58: 0 | EU58: 0 | EV58: 0 | EW58: 0 | EX58: 0 | EY58: 0 | FQ58: 0 | FR58: =ROUND(IF(AND(BH58=3,BI58=3),P58,0),2) -> 0 | FS58: 0 | FX58: 0 | FY58: 0 | GD58: 1 | GF58: 1271559001 | GG58: 2 | GH58: 1 | GI58: -2 | GJ58: 2 | GK58: 0 | GL58: =ROUND(IF(AND(BH58=3,BI58=3,FS58<>0),P58,0),2) -> 0 | GM58: =ROUND(CP58*I58,2) -> 149.19 | GN58: =IF(OR(BI58=0,BI58=1),ROUND(CP58*I58,2),0) -> 149.19 | GO58: =IF(BI58=2,ROUND(CP58*I58,2),0) -> 0 | GP58: =IF(BI58=4,ROUND(CP58*I58,2)+GX58,0) -> 0 | GR58: 0 | GS58: 0 | GT58: 0 | GV58: =0 -> 0 | GW58: 1 | GX58: =0 -> 0 | HA58: 0 | HB58: 0 | HC58: 0 | IK58: 0
A59: 17 | B59: 1 | E59: 10 | F59: т03-21-01-025 | G59: Перевозка грузов I класса автомобилями-самосвалами грузоподъемностью 10 т работающих вне карьера на расстояние до 25 км | H59: 1 Т ГРУЗА | I59: =ROUND(25.1*1.5+I57,9) -> 56.393 | J59: 0 | O59: =0 -> 0 | P59: =0 -> 0 | Q59: =0 -> 0 | R59: =0 -> 0 | S59: =0 -> 0 | T59: =0 -> 0 | U59: =0 -> 0 | V59: =0 -> 0 | ... Y59: =0 -> 0 | AA59: 47636896 | AB59: =ROUND((AK59),6) -> 17.32 | AC59: =0 -> 0 | AD59: =0 -> 0 | AE59: =0 -> 0 | AF59: =0 -> 0 | AG59: =0 -> 0 | AH59: =0 -> 0 | AI59: =0 -> 0 | AJ59: =0 -> 0 | AK59: 17.32 | AL59: 0 | AM59: 0 | AN59: 0 | AO59: 0 | AP59: 0 | AQ59: 0 | AR59: 0 | AS59: 0 | AT59: 0 | AU59: 0 | AV59: 1 | AW59: 1 | AZ59: 1 | BA59: 1 | BB59: 1 | BC59: 1 | BH59: 0 | BI59: 1 | BJ59: ФССЦпг-2001, т03-21-01-025, приказ Минстроя России №1039/пр от 30.12.2016г. | BM59: 700005 | BN59: 0 | BP59: 0 | BQ59: 10 | BR59: 0 | BS59: 1 | BT59: 1 | BU59: 1 | BV59: 1 | BW59: 1 | BX59: 1 | BZ59: 0 | CA59: 0 | CE59: 0 | CF59: 0 | CG59: 0 | CM59: 0 | CO59: 0 | CP59: =AB59*AZ59 -> 17.32 | CQ59: 0 | CR59: 0 | CS59: 0 | CT59: 0 | CU59: 0 | CV59: 0 | CW59: 0 | CX59: 0 | CY59: 0 | CZ59: 0 | DN59: 0 | DO59: 0 | DP59: 1 | DQ59: 1 | DU59: 1013 | DV59: 1 Т ГРУЗА | DW59: 1 Т ГРУЗА | DX59: 1 | EE59: 45919762 | EF59: 10 | EG59: Перевозка грузов авто/транспортом | EH59: 0 | EJ59: 1 | EK59: 700005 | EL59: Перевозкуа грузов (ФССЦпр-2011 - изм. 7, разделы 1-4) - по сметной стоимости | EM59: ФССЦпр , изм. 7 | EQ59: 0 | ER59: 0 | ES59: 0 | ET59: 0 | EU59: 0 | EV59: 0 | EW59: 0 | EX59: 0 | EY59: 0 | FQ59: 0 | FR59: =ROUND(IF(AND(BH59=3,BI59=3),P59,0),2) -> 0 | FS59: 0 | FX59: 0 | FY59: 0 | GD59: 1 | GF59: 1719553039 | GG59: 2 | GH59: 1 | GI59: -2 | GJ59: 2 | GK59: 0 | GL59: =ROUND(IF(AND(BH59=3,BI59=3,FS59<>0),P59,0),2) -> 0 | GM59: =ROUND(CP59*I59,2) -> 976.73 | GN59: =IF(OR(BI59=0,BI59=1),ROUND(CP59*I59,2),0) -> 976.73 | GO59: =IF(BI59=2,ROUND(CP59*I59,2),0) -> 0 | GP59: =IF(BI59=4,ROUND(CP59*I59,2)+GX59,0) -> 0 | GR59: 0 | GS59: 3 | GT59: 0 | GV59: =0 -> 0 | GW59: 1 | GX59: =0 -> 0 | HA59: 0 | HB59: 0 | HC59: 0 | IK59: 0
A60: 17 | B60: 1 | E60: 10 | F60: т03-21-01-025 | G60: Перевозка грузов I класса автомобилями-самосвалами грузоподъемностью 10 т работающих вне карьера на расстояние до 25 км | H60: 1 Т ГРУЗА | I60: =ROUND(25.1*1.5+I58,9) -> 56.393 | J60: 0 | O60: =0 -> 0 | P60: =0 -> 0 | Q60: =0 -> 0 | R60: =0 -> 0 | S60: =0 -> 0 | T60: =0 -> 0 | U60: =0 -> 0 | V60: =0 -> 0 | ... Y60: =0 -> 0 | AA60: 47641669 | AB60: =ROUND((AK60),6) -> 17.32 | AC60: =0 -> 0 | AD60: =0 -> 0 | AE60: =0 -> 0 | AF60: =0 -> 0 | AG60: =0 -> 0 | AH60: =0 -> 0 | AI60: =0 -> 0 | AJ60: =0 -> 0 | AK60: 17.32 | AL60: 0 | AM60: 0 | AN60: 0 | AO60: 0 | AP60: 0 | AQ60: 0 | AR60: 0 | AS60: 0 | AT60: 0 | AU60: 0 | AV60: 1 | AW60: 1 | AZ60: 1 | BA60: 1 | BB60: 1 | BC60: 1 | BH60: 0 | BI60: 1 | BJ60: ФССЦпг-2001, т03-21-01-025, приказ Минстроя России №1039/пр от 30.12.2016г. | BM60: 700005 | BN60: 0 | BP60: 0 | BQ60: 10 | BR60: 0 | BS60: 1 | BT60: 1 | BU60: 1 | BV60: 1 | BW60: 1 | BX60: 1 | BZ60: 0 | CA60: 0 | CE60: 0 | CF60: 0 | CG60: 0 | CM60: 0 | CO60: 0 | CP60: =AB60*AZ60 -> 17.32 | CQ60: 0 | CR60: 0 | CS60: 0 | CT60: 0 | CU60: 0 | CV60: 0 | CW60: 0 | CX60: 0 | CY60: 0 | CZ60: 0 | DN60: 0 | DO60: 0 | DP60: 1 | DQ60: 1 | DU60: 1013 | DV60: 1 Т ГРУЗА | DW60: 1 Т ГРУЗА | DX60: 1 | EE60: 45919762 | EF60: 10 | EG60: Перевозка грузов авто/транспортом | EH60: 0 | EJ60: 1 | EK60: 700005 | EL60: Перевозкуа грузов (ФССЦпр-2011 - изм. 7, разделы 1-4) - по сметной стоимости | EM60: ФССЦпр , изм. 7 | EQ60: 0 | ER60: 0 | ES60: 0 | ET60: 0 | EU60: 0 | EV60: 0 | EW60: 0 | EX60: 0 | EY60: 0 | FQ60: 0 | FR60: =ROUND(IF(AND(BH60=3,BI60=3),P60,0),2) -> 0 | FS60: 0 | FX60: 0 | FY60: 0 | GD60: 1 | GF60: 1719553039 | GG60: 2 | GH60: 1 | GI60: -2 | GJ60: 2 | GK60: 0 | GL60: =ROUND(IF(AND(BH60=3,BI60=3,FS60<>0),P60,0),2) -> 0 | GM60: =ROUND(CP60*I60,2) -> 976.73 | GN60: =IF(OR(BI60=0,BI60=1),ROUND(CP60*I60,2),0) -> 976.73 | GO60: =IF(BI60=2,ROUND(CP60*I60,2),0) -> 0 | GP60: =IF(BI60=4,ROUND(CP60*I60,2)+GX60,0) -> 0 | GR60: 0 | GS60: 0 | GT60: 0 | GV60: =0 -> 0 | GW60: 1 | GX60: =0 -> 0 | HA60: 0 | HB60: 0 | HC60: 0 | IK60: 0
A61: 19 | B61: 1 | G61: Дорожное покрытие | AA61: 1 | IK61: 0
A62: 17 | B62: 1 | C62: =ROW(SmtRes!A103) -> 103 | D62: =ROW(EtalonRes!A96) -> 96 | E62: 11 | F62: 68-12-4 | G62: Разборка покрытий и оснований асфальтобетонных с помощью молотков отбойных (Асфальтобетон h=100мм) | H62: 100 м3 | I62: =ROUND(247/100,9) -> 2.47 | J62: 0 | O62: =ROUND(CP62,2) -> 17066.97 | P62: =ROUND(CQ62*I62,2) -> 0 | Q62: =ROUND(CR62*I62,2) -> 11322.8 | R62: =ROUND(CS62*I62,2) -> 1203.66 | S62: =ROUND(CT62*I62,2) -> 5744.17 | T62: =ROUND(CU62*I62,2) -> 0 | U62: =CV62*I62 -> 691.23568 | V62: =CW62*I62 -> 117.56829 | W62: =ROUND(CX62*I62,2) -> 0 | X62: =ROUND(CY62,2) -> 7225.74 | Y62: =ROUND(CZ62,2) -> 4168.7 | AA62: 47636896 | AB62: =ROUND((AC62+AD62+AF62),6) -> 6909.706 | AC62: =ROUND((ES62),6) -> 0 | AD62: =ROUND(((((ET62*1.15))-((EU62*1.15)))+AE62),6) -> 4584.13 | AE62: =ROUND(((EU62*1.15)),6) -> 487.3125 | AF62: =ROUND(((EV62*1.15)),6) -> 2325.576 | AG62: =ROUND((AP62),6) -> 0 | AH62: =((EW62*1.15)) -> 279.8525 | AI62: =((EX62*1.15)) -> 47.5985 | AJ62: =(AS62) -> 0 | AK62: 6008.44 | AL62: 0 | AM62: 3986.2 | AN62: 423.75 | AO62: 2022.24 | AP62: 0 | AQ62: 243.35 | AR62: 41.39 | AS62: 0 | AT62: 104 | AU62: 60 | AV62: 1 | AW62: 1 | AZ62: 1 | BA62: 1 | BB62: 1 | BC62: 1 | BH62: 0 | BI62: 1 | BJ62: ФЕРр-2001, 68-12-4, приказ Минстроя России №1039/пр от 30.12.2016г. | BM62: 68001 | BN62: 0 | BP62: 0 | BQ62: 6 | BR62: 0 | BS62: 1 | BT62: 1 | BU62: 1 | BV62: 1 | BW62: 1 | BX62: 1 | BZ62: 104 | CA62: 60 | CE62: 0 | CF62: 0 | CG62: 0 | CM62: 0 | CN62: Поправка: МР 81/пр Прил.2, Табл.3, п. 3 Наименование: Производство ремонтно-строительных работ осуществляется на территории действующего предприятия с наличием в зоне производства работ одного или нескольких из перечисленных ниже факторов: разветвленной сети транспортных и инженерных коммуникаций; стесненных условий для складирования материалов; действующего технологического оборудования | CO62: 0 | CP62: =(P62+Q62+S62) -> 17066.97 | CQ62: =AC62*BC62 -> 0 | CR62: =AD62*BB62 -> 4584.13 | CS62: =AE62*BS62 -> 487.3125 | CT62: =AF62*BA62 -> 2325.576 | CU62: =AG62 -> 0 | CV62: =AH62 -> 279.8525 | CW62: =AI62 -> 47.5985 | CX62: =AJ62 -> 0 | CY62: =(((S62+R62)*AT62)/100) -> 7225.7432 | CZ62: =(((S62+R62)*AU62)/100) -> 4168.698 | DE62: )*1,15 | DF62: )*1,15 | DG62: )*1,15 | DI62: )*1,15 | DJ62: )*1,15 | DN62: 0 | DO62: 0 | DP62: 1 | DQ62: 1 | DU62: 1007 | DV62: 100 м3 | DW62: 100 м3 | DX62: 100 | EE62: 45919696 | EF62: 6 | EG62: Ремонтно-строительные работы | EH62: 0 | EJ62: 1 | EK62: 68001 | EL62: Благоустройство | EM62: рФЕР-68 | EO62: Поправка: МР 81/пр Прил.2, Табл.3, п. 3 | EQ62: 0 | ER62: 6008.44 | ES62: 0 | ET62: 3986.2 | EU62: 423.75 | EV62: 2022.24 | EW62: 243.35 | EX62: 41.39 | EY62: 0 | FQ62: 0 | FR62: =ROUND(IF(AND(BH62=3,BI62=3),P62,0),2) -> 0 | FS62: 0 | FX62: 104 | FY62: 60 | GD62: 1 | GF62: -1161714165 | GG62: 2 | GH62: 1 | GI62: -2 | GJ62: 0 | GK62: 0 | GL62: =ROUND(IF(AND(BH62=3,BI62=3,FS62<>0),P62,0),2) -> 0 | GM62: =ROUND(O62+X62+Y62,2)+GX62 -> 28461.41 | GN62: =IF(OR(BI62=0,BI62=1),ROUND(O62+X62+Y62,2),0) -> 28461.41 | GO62: =IF(BI62=2,ROUND(O62+X62+Y62,2),0) -> 0 | GP62: =IF(BI62=4,ROUND(O62+X62+Y62,2)+GX62,0) -> 0 | GR62: 0 | GS62: 3 | GT62: 0 | GV62: =ROUND((GT62),6) -> 0 | GW62: 1 | GX62: =ROUND(HC62*I62,2) -> 0 | HA62: 0 | HB62: 0 | HC62: =GV62*GW62 -> 0 | IK62: 0
A63: 17 | B63: 1 | C63: =ROW(SmtRes!A110) -> 110 | D63: =ROW(EtalonRes!A102) -> 102 | E63: 11 | F63: 68-12-4 | G63: Разборка покрытий и оснований асфальтобетонных с помощью молотков отбойных (Асфальтобетон h=100мм) | H63: 100 м3 | I63: =ROUND(247/100,9) -> 2.47 | J63: 0 | O63: =ROUND(CP63,2) -> 17066.97 | P63: =ROUND(CQ63*I63,2) -> 0 | Q63: =ROUND(CR63*I63,2) -> 11322.8 | R63: =ROUND(CS63*I63,2) -> 1203.66 | S63: =ROUND(CT63*I63,2) -> 5744.17 | T63: =ROUND(CU63*I63,2) -> 0 | U63: =CV63*I63 -> 691.23568 | V63: =CW63*I63 -> 117.56829 | W63: =ROUND(CX63*I63,2) -> 0 | X63: =ROUND(CY63,2) -> 7225.74 | Y63: =ROUND(CZ63,2) -> 4168.7 | AA63: 47641669 | AB63: =ROUND((AC63+AD63+AF63),6) -> 6909.706 | AC63: =ROUND((ES63),6) -> 0 | AD63: =ROUND(((((ET63*1.15))-((EU63*1.15)))+AE63),6) -> 4584.13 | AE63: =ROUND(((EU63*1.15)),6) -> 487.3125 | AF63: =ROUND(((EV63*1.15)),6) -> 2325.576 | AG63: =ROUND((AP63),6) -> 0 | AH63: =((EW63*1.15)) -> 279.8525 | AI63: =((EX63*1.15)) -> 47.5985 | AJ63: =(AS63) -> 0 | AK63: 6008.44 | AL63: 0 | AM63: 3986.2 | AN63: 423.75 | AO63: 2022.24 | AP63: 0 | AQ63: 243.35 | AR63: 41.39 | AS63: 0 | AT63: 104 | AU63: 60 | AV63: 1 | AW63: 1 | AZ63: 1 | BA63: 1 | BB63: 1 | BC63: 1 | BH63: 0 | BI63: 1 | BJ63: ФЕРр-2001, 68-12-4, приказ Минстроя России №1039/пр от 30.12.2016г. | BM63: 68001 | BN63: 0 | BP63: 0 | BQ63: 6 | BR63: 0 | BS63: 1 | BT63: 1 | BU63: 1 | BV63: 1 | BW63: 1 | BX63: 1 | BZ63: 104 | CA63: 60 | CE63: 0 | CF63: 0 | CG63: 0 | CM63: 0 | CN63: Поправка: МР 81/пр Прил.2, Табл.3, п. 3 Наименование: Производство ремонтно-строительных работ осуществляется на территории действующего предприятия с наличием в зоне производства работ одного или нескольких из перечисленных ниже факторов: разветвленной сети транспортных и инженерных коммуникаций; стесненных условий для складирования материалов; действующего технологического оборудования | CO63: 0 | CP63: =(P63+Q63+S63) -> 17066.97 | CQ63: =AC63*BC63 -> 0 | CR63: =AD63*BB63 -> 4584.13 | CS63: =AE63*BS63 -> 487.3125 | CT63: =AF63*BA63 -> 2325.576 | CU63: =AG63 -> 0 | CV63: =AH63 -> 279.8525 | CW63: =AI63 -> 47.5985 | CX63: =AJ63 -> 0 | CY63: =(((S63+R63)*AT63)/100) -> 7225.7432 | CZ63: =(((S63+R63)*AU63)/100) -> 4168.698 | DE63: )*1,15 | DF63: )*1,15 | DG63: )*1,15 | DI63: )*1,15 | DJ63: )*1,15 | DN63: 0 | DO63: 0 | DP63: 1 | DQ63: 1 | DU63: 1007 | DV63: 100 м3 | DW63: 100 м3 | DX63: 100 | EE63: 45919696 | EF63: 6 | EG63: Ремонтно-строительные работы | EH63: 0 | EJ63: 1 | EK63: 68001 | EL63: Благоустройство | EM63: рФЕР-68 | EO63: Поправка: МР 81/пр Прил.2, Табл.3, п. 3 | EQ63: 0 | ER63: 6008.44 | ES63: 0 | ET63: 3986.2 | EU63: 423.75 | EV63: 2022.24 | EW63: 243.35 | EX63: 41.39 | EY63: 0 | FQ63: 0 | FR63: =ROUND(IF(AND(BH63=3,BI63=3),P63,0),2) -> 0 | FS63: 0 | FX63: 104 | FY63: 60 | GD63: 1 | GF63: -1161714165 | GG63: 2 | GH63: 1 | GI63: -2 | GJ63: 0 | GK63: 0 | GL63: =ROUND(IF(AND(BH63=3,BI63=3,FS63<>0),P63,0),2) -> 0 | GM63: =ROUND(O63+X63+Y63,2)+GX63 -> 28461.41 | GN63: =IF(OR(BI63=0,BI63=1),ROUND(O63+X63+Y63,2),0) -> 28461.41 | GO63: =IF(BI63=2,ROUND(O63+X63+Y63,2),0) -> 0 | GP63: =IF(BI63=4,ROUND(O63+X63+Y63,2)+GX63,0) -> 0 | GR63: 0 | GS63: 0 | GT63: 0 | GV63: =ROUND((GT63),6) -> 0 | GW63: 1 | GX63: =ROUND(HC63*I63,2) -> 0 | HA63: 0 | HB63: 0 | HC63: =GV63*GW63 -> 0 | IK63: 0
A64: 18 | B64: 1 | C64: 103 | E64: 11,1 | F64: 01.7.07.07 | G64: Строительный мусор | H64: т | I64: =I62*J64 -> 494 | J64: 200 | O64: =ROUND(CP64,2) -> 0 | P64: =ROUND(CQ64*I64,2) -> 0 | Q64: =ROUND(CR64*I64,2) -> 0 | R64: =ROUND(CS64*I64,2) -> 0 | S64: =ROUND(CT64*I64,2) -> 0 | T64: =ROUND(CU64*I64,2) -> 0 | U64: =CV64*I64 -> 0 | V64: =CW64*I64 -> 0 | W64: =ROUND(CX64*I64,2) -> 0 | X64: =ROUND(CY64,2) -> 0 | Y64: =ROUND(CZ64,2) -> 0 | AA64: 47636896 | AB64: =ROUND((AC64+AD64+AF64),6) -> 0 | AC64: =ROUND((ES64),6) -> 0 | AD64: =ROUND((((ET64)-(EU64))+AE64),6) -> 0 | AE64: =ROUND((EU64),6) -> 0 | AF64: =ROUND((EV64),6) -> 0 | AG64: =ROUND((AP64),6) -> 0 | AH64: =(EW64) -> 0 | AI64: =(EX64) -> 0 | AJ64: =(AS64) -> 0 | AK64: 0 | AL64: 0 | AM64: 0 | AN64: 0 | AO64: 0 | AP64: 0 | AQ64: 0 | AR64: 0 | AS64: 0 | AT64: 104 | AU64: 60 | AV64: 1 | AW64: 1 | AZ64: 1 | BA64: 1 | BB64: 1 | BC64: 1 | BH64: 3 | BI64: 1 | BM64: 68001 | BN64: 0 | BP64: 0 | BQ64: 6 | BR64: 0 | BS64: 1 | BT64: 1 | BU64: 1 | BV64: 1 | BW64: 1 | BX64: 1 | BZ64: 104 | CA64: 60 | CE64: 0 | CF64: 0 | CG64: 0 | CM64: 0 | CO64: 0 | CP64: =(P64+Q64+S64) -> 0 | CQ64: =AC64*BC64 -> 0 | CR64: =AD64*BB64 -> 0 | CS64: =AE64*BS64 -> 0 | CT64: =AF64*BA64 -> 0 | CU64: =AG64 -> 0 | CV64: =AH64 -> 0 | CW64: =AI64 -> 0 | CX64: =AJ64 -> 0 | CY64: =(((S64+R64)*AT64)/100) -> 0 | CZ64: =(((S64+R64)*AU64)/100) -> 0 | DN64: 0 | DO64: 0 | DP64: 1 | DQ64: 1 | DU64: 1009 | DV64: т | DW64: т | DX64: 1000 | EE64: 45919696 | EF64: 6 | EG64: Ремонтно-строительные работы | EH64: 0 | EJ64: 1 | EK64: 68001 | EL64: Благоустройство | EM64: рФЕР-68 | EQ64: 0 | ER64: 0 | ES64: 0 | ET64: 0 | EU64: 0 | EV64: 0 | EW64: 0 | EX64: 0 | FQ64: 0 | FR64: =ROUND(IF(AND(BH64=3,BI64=3),P64,0),2) -> 0 | FS64: 0 | FX64: 104 | FY64: 60 | GD64: 1 | GF64: -179832266 | GG64: 2 | GH64: 1 | GI64: -2 | GJ64: 0 | GK64: 0 | GL64: =ROUND(IF(AND(BH64=3,BI64=3,FS64<>0),P64,0),2) -> 0 | GM64: =ROUND(O64+X64+Y64,2)+GX64 -> 0 | GN64: =IF(OR(BI64=0,BI64=1),ROUND(O64+X64+Y64,2),0) -> 0 | GO64: =IF(BI64=2,ROUND(O64+X64+Y64,2),0) -> 0 | GP64: =IF(BI64=4,ROUND(O64+X64+Y64,2)+GX64,0) -> 0 | GR64: 0 | GS64: 3 | GT64: 0 | GV64: =ROUND((GT64),6) -> 0 | GW64: 1 | GX64: =ROUND(HC64*I64,2) -> 0 | HA64: 0 | HB64: 0 | HC64: =GV64*GW64 -> 0 | IK64: 0
A65: 18 | B65: 1 | C65: 110 | E65: 11,1 | F65: 01.7.07.07 | G65: Строительный мусор | H65: т | I65: =I63*J65 -> 494 | J65: 200 | O65: =ROUND(CP65,2) -> 0 | P65: =ROUND(CQ65*I65,2) -> 0 | Q65: =ROUND(CR65*I65,2) -> 0 | R65: =ROUND(CS65*I65,2) -> 0 | S65: =ROUND(CT65*I65,2) -> 0 | T65: =ROUND(CU65*I65,2) -> 0 | U65: =CV65*I65 -> 0 | V65: =CW65*I65 -> 0 | W65: =ROUND(CX65*I65,2) -> 0 | X65: =ROUND(CY65,2) -> 0 | Y65: =ROUND(CZ65,2) -> 0 | AA65: 47641669 | AB65: =ROUND((AC65+AD65+AF65),6) -> 0 | AC65: =ROUND((ES65),6) -> 0 | AD65: =ROUND((((ET65)-(EU65))+AE65),6) -> 0 | AE65: =ROUND((EU65),6) -> 0 | AF65: =ROUND((EV65),6) -> 0 | AG65: =ROUND((AP65),6) -> 0 | AH65: =(EW65) -> 0 | AI65: =(EX65) -> 0 | AJ65: =(AS65) -> 0 | AK65: 0 | AL65: 0 | AM65: 0 | AN65: 0 | AO65: 0 | AP65: 0 | AQ65: 0 | AR65: 0 | AS65: 0 | AT65: 104 | AU65: 60 | AV65: 1 | AW65: 1 | AZ65: 1 | BA65: 1 | BB65: 1 | BC65: 1 | BH65: 3 | BI65: 1 | BM65: 68001 | BN65: 0 | BP65: 0 | BQ65: 6 | BR65: 0 | BS65: 1 | BT65: 1 | BU65: 1 | BV65: 1 | BW65: 1 | BX65: 1 | BZ65: 104 | CA65: 60 | CE65: 0 | CF65: 0 | CG65: 0 | CM65: 0 | CO65: 0 | CP65: =(P65+Q65+S65) -> 0 | CQ65: =AC65*BC65 -> 0 | CR65: =AD65*BB65 -> 0 | CS65: =AE65*BS65 -> 0 | CT65: =AF65*BA65 -> 0 | CU65: =AG65 -> 0 | CV65: =AH65 -> 0 | CW65: =AI65 -> 0 | CX65: =AJ65 -> 0 | CY65: =(((S65+R65)*AT65)/100) -> 0 | CZ65: =(((S65+R65)*AU65)/100) -> 0 | DN65: 0 | DO65: 0 | DP65: 1 | DQ65: 1 | DU65: 1009 | DV65: т | DW65: т | DX65: 1000 | EE65: 45919696 | EF65: 6 | EG65: Ремонтно-строительные работы | EH65: 0 | EJ65: 1 | EK65: 68001 | EL65: Благоустройство | EM65: рФЕР-68 | EQ65: 0 | ER65: 0 | ES65: 0 | ET65: 0 | EU65: 0 | EV65: 0 | EW65: 0 | EX65: 0 | FQ65: 0 | FR65: =ROUND(IF(AND(BH65=3,BI65=3),P65,0),2) -> 0 | FS65: 0 | FX65: 104 | FY65: 60 | GD65: 1 | GF65: -179832266 | GG65: 2 | GH65: 1 | GI65: -2 | GJ65: 0 | GK65: 0 | GL65: =ROUND(IF(AND(BH65=3,BI65=3,FS65<>0),P65,0),2) -> 0 | GM65: =ROUND(O65+X65+Y65,2)+GX65 -> 0 | GN65: =IF(OR(BI65=0,BI65=1),ROUND(O65+X65+Y65,2),0) -> 0 | GO65: =IF(BI65=2,ROUND(O65+X65+Y65,2),0) -> 0 | GP65: =IF(BI65=4,ROUND(O65+X65+Y65,2)+GX65,0) -> 0 | GR65: 0 | GS65: 0 | GT65: 0 | GV65: =ROUND((GT65),6) -> 0 | GW65: 1 | GX65: =ROUND(HC65*I65,2) -> 0 | HA65: 0 | HB65: 0 | HC65: =GV65*GW65 -> 0 | IK65: 0
A66: 17 | B66: 1 | C66: =ROW(SmtRes!A115) -> 115 | D66: =ROW(EtalonRes!A106) -> 106 | E66: 12 | F66: 68-12-2 | G66: Разборка покрытий и оснований щебеночных (h=300мм) | H66: 100 м3 | I66: =ROUND(741/100,9) -> 7.41 | J66: 0 | O66: =ROUND(CP66,2) -> 5081.62 | P66: =ROUND(CQ66*I66,2) -> 0 | Q66: =ROUND(CR66*I66,2) -> 3849.67 | R66: =ROUND(CS66*I66,2) -> 502.94 | S66: =ROUND(CT66*I66,2) -> 1231.95 | T66: =ROUND(CU66*I66,2) -> 0 | U66: =CV66*I66 -> 156.53995 | V66: =CW66*I66 -> 39.624975 | W66: =ROUND(CX66*I66,2) -> 0 | X66: =ROUND(CY66,2) -> 1804.29 | Y66: =ROUND(CZ66,2) -> 1040.93 | AA66: 47636896 | AB66: =ROUND((AC66+AD66+AF66),6) -> 685.7795 | AC66: =ROUND((ES66),6) -> 0 | AD66: =ROUND(((((ET66*1.15))-((EU66*1.15)))+AE66),6) -> 519.524 | AE66: =ROUND(((EU66*1.15)),6) -> 67.873 | AF66: =ROUND(((EV66*1.15)),6) -> 166.2555 | AG66: =ROUND((AP66),6) -> 0 | AH66: =((EW66*1.15)) -> 21.1255 | AI66: =((EX66*1.15)) -> 5.3475 | AJ66: =(AS66) -> 0 | AK66: 596.33 | AL66: 0 | AM66: 451.76 | AN66: 59.02 | AO66: 144.57 | AP66: 0 | AQ66: 18.37 | AR66: 4.65 | AS66: 0 | AT66: 104 | AU66: 60 | AV66: 1 | AW66: 1 | AZ66: 1 | BA66: 1 | BB66: 1 | BC66: 1 | BH66: 0 | BI66: 1 | BJ66: ФЕРр-2001, 68-12-2, приказ Минстроя России №1039/пр от 30.12.2016г. | BM66: 68001 | BN66: 0 | BP66: 0 | BQ66: 6 | BR66: 0 | BS66: 1 | BT66: 1 | BU66: 1 | BV66: 1 | BW66: 1 | BX66: 1 | BZ66: 104 | CA66: 60 | CE66: 0 | CF66: 0 | CG66: 0 | CM66: 0 | CN66: Поправка: МР 81/пр Прил.2, Табл.3, п. 3 Наименование: Производство ремонтно-строительных работ осуществляется на территории действующего предприятия с наличием в зоне производства работ одного или нескольких из перечисленных ниже факторов: разветвленной сети транспортных и инженерных коммуникаций; стесненных условий для складирования материалов; действующего технологического оборудования | CO66: 0 | CP66: =(P66+Q66+S66) -> 5081.62 | CQ66: =AC66*BC66 -> 0 | CR66: =AD66*BB66 -> 519.524 | CS66: =AE66*BS66 -> 67.873 | CT66: =AF66*BA66 -> 166.2555 | CU66: =AG66 -> 0 | CV66: =AH66 -> 21.1255 | CW66: =AI66 -> 5.3475 | CX66: =AJ66 -> 0 | CY66: =(((S66+R66)*AT66)/100) -> 1804.2856 | CZ66: =(((S66+R66)*AU66)/100) -> 1040.934 | DE66: )*1,15 | DF66: )*1,15 | DG66: )*1,15 | DI66: )*1,15 | DJ66: )*1,15 | DN66: 0 | DO66: 0 | DP66: 1 | DQ66: 1 | DU66: 1007 | DV66: 100 м3 | DW66: 100 м3 | DX66: 100 | EE66: 45919696 | EF66: 6 | EG66: Ремонтно-строительные работы | EH66: 0 | EJ66: 1 | EK66: 68001 | EL66: Благоустройство | EM66: рФЕР-68 | EO66: Поправка: МР 81/пр Прил.2, Табл.3, п. 3 | EQ66: 0 | ER66: 596.33 | ES66: 0 | ET66: 451.76 | EU66: 59.02 | EV66: 144.57 | EW66: 18.37 | EX66: 4.65 | EY66: 0 | FQ66: 0 | FR66: =ROUND(IF(AND(BH66=3,BI66=3),P66,0),2) -> 0 | FS66: 0 | FX66: 104 | FY66: 60 | GD66: 1 | GF66: -1663183322 | GG66: 2 | GH66: 1 | GI66: -2 | GJ66: 0 | GK66: 0 | GL66: =ROUND(IF(AND(BH66=3,BI66=3,FS66<>0),P66,0),2) -> 0 | GM66: =ROUND(O66+X66+Y66,2)+GX66 -> 7926.84 | GN66: =IF(OR(BI66=0,BI66=1),ROUND(O66+X66+Y66,2),0) -> 7926.84 | GO66: =IF(BI66=2,ROUND(O66+X66+Y66,2),0) -> 0 | GP66: =IF(BI66=4,ROUND(O66+X66+Y66,2)+GX66,0) -> 0 | GR66: 0 | GS66: 3 | GT66: 0 | GV66: =ROUND((GT66),6) -> 0 | GW66: 1 | GX66: =ROUND(HC66*I66,2) -> 0 | HA66: 0 | HB66: 0 | HC66: =GV66*GW66 -> 0 | IK66: 0
A67: 17 | B67: 1 | C67: =ROW(SmtRes!A120) -> 120 | D67: =ROW(EtalonRes!A110) -> 110 | E67: 12 | F67: 68-12-2 | G67: Разборка покрытий и оснований щебеночных (h=300мм) | H67: 100 м3 | I67: =ROUND(741/100,9) -> 7.41 | J67: 0 | O67: =ROUND(CP67,2) -> 5081.62 | P67: =ROUND(CQ67*I67,2) -> 0 | Q67: =ROUND(CR67*I67,2) -> 3849.67 | R67: =ROUND(CS67*I67,2) -> 502.94 | S67: =ROUND(CT67*I67,2) -> 1231.95 | T67: =ROUND(CU67*I67,2) -> 0 | U67: =CV67*I67 -> 156.53995 | V67: =CW67*I67 -> 39.624975 | W67: =ROUND(CX67*I67,2) -> 0 | X67: =ROUND(CY67,2) -> 1804.29 | Y67: =ROUND(CZ67,2) -> 1040.93 | AA67: 47641669 | AB67: =ROUND((AC67+AD67+AF67),6) -> 685.7795 | AC67: =ROUND((ES67),6) -> 0 | AD67: =ROUND(((((ET67*1.15))-((EU67*1.15)))+AE67),6) -> 519.524 | AE67: =ROUND(((EU67*1.15)),6) -> 67.873 | AF67: =ROUND(((EV67*1.15)),6) -> 166.2555 | AG67: =ROUND((AP67),6) -> 0 | AH67: =((EW67*1.15)) -> 21.1255 | AI67: =((EX67*1.15)) -> 5.3475 | AJ67: =(AS67) -> 0 | AK67: 596.33 | AL67: 0 | AM67: 451.76 | AN67: 59.02 | AO67: 144.57 | AP67: 0 | AQ67: 18.37 | AR67: 4.65 | AS67: 0 | AT67: 104 | AU67: 60 | AV67: 1 | AW67: 1 | AZ67: 1 | BA67: 1 | BB67: 1 | BC67: 1 | BH67: 0 | BI67: 1 | BJ67: ФЕРр-2001, 68-12-2, приказ Минстроя России №1039/пр от 30.12.2016г. | BM67: 68001 | BN67: 0 | BP67: 0 | BQ67: 6 | BR67: 0 | BS67: 1 | BT67: 1 | BU67: 1 | BV67: 1 | BW67: 1 | BX67: 1 | BZ67: 104 | CA67: 60 | CE67: 0 | CF67: 0 | CG67: 0 | CM67: 0 | CN67: Поправка: МР 81/пр Прил.2, Табл.3, п. 3 Наименование: Производство ремонтно-строительных работ осуществляется на территории действующего предприятия с наличием в зоне производства работ одного или нескольких из перечисленных ниже факторов: разветвленной сети транспортных и инженерных коммуникаций; стесненных условий для складирования материалов; действующего технологического оборудования | CO67: 0 | CP67: =(P67+Q67+S67) -> 5081.62 | CQ67: =AC67*BC67 -> 0 | CR67: =AD67*BB67 -> 519.524 | CS67: =AE67*BS67 -> 67.873 | CT67: =AF67*BA67 -> 166.2555 | CU67: =AG67 -> 0 | CV67: =AH67 -> 21.1255 | CW67: =AI67 -> 5.3475 | CX67: =AJ67 -> 0 | CY67: =(((S67+R67)*AT67)/100) -> 1804.2856 | CZ67: =(((S67+R67)*AU67)/100) -> 1040.934 | DE67: )*1,15 | DF67: )*1,15 | DG67: )*1,15 | DI67: )*1,15 | DJ67: )*1,15 | DN67: 0 | DO67: 0 | DP67: 1 | DQ67: 1 | DU67: 1007 | DV67: 100 м3 | DW67: 100 м3 | DX67: 100 | EE67: 45919696 | EF67: 6 | EG67: Ремонтно-строительные работы | EH67: 0 | EJ67: 1 | EK67: 68001 | EL67: Благоустройство | EM67: рФЕР-68 | EO67: Поправка: МР 81/пр Прил.2, Табл.3, п. 3 | EQ67: 0 | ER67: 596.33 | ES67: 0 | ET67: 451.76 | EU67: 59.02 | EV67: 144.57 | EW67: 18.37 | EX67: 4.65 | EY67: 0 | FQ67: 0 | FR67: =ROUND(IF(AND(BH67=3,BI67=3),P67,0),2) -> 0 | FS67: 0 | FX67: 104 | FY67: 60 | GD67: 1 | GF67: -1663183322 | GG67: 2 | GH67: 1 | GI67: -2 | GJ67: 0 | GK67: 0 | GL67: =ROUND(IF(AND(BH67=3,BI67=3,FS67<>0),P67,0),2) -> 0 | GM67: =ROUND(O67+X67+Y67,2)+GX67 -> 7926.84 | GN67: =IF(OR(BI67=0,BI67=1),ROUND(O67+X67+Y67,2),0) -> 7926.84 | GO67: =IF(BI67=2,ROUND(O67+X67+Y67,2),0) -> 0 | GP67: =IF(BI67=4,ROUND(O67+X67+Y67,2)+GX67,0) -> 0 | GR67: 0 | GS67: 0 | GT67: 0 | GV67: =ROUND((GT67),6) -> 0 | GW67: 1 | GX67: =ROUND(HC67*I67,2) -> 0 | HA67: 0 | HB67: 0 | HC67: =GV67*GW67 -> 0 | IK67: 0
A68: 18 | B68: 1 | C68: 115 | E68: 12,1 | F68: 01.7.07.07 | G68: Строительный мусор | H68: т | I68: =I66*J68 -> 926.25 | J68: 125 | O68: =ROUND(CP68,2) -> 0 | P68: =ROUND(CQ68*I68,2) -> 0 | Q68: =ROUND(CR68*I68,2) -> 0 | R68: =ROUND(CS68*I68,2) -> 0 | S68: =ROUND(CT68*I68,2) -> 0 | T68: =ROUND(CU68*I68,2) -> 0 | U68: =CV68*I68 -> 0 | V68: =CW68*I68 -> 0 | W68: =ROUND(CX68*I68,2) -> 0 | X68: =ROUND(CY68,2) -> 0 | Y68: =ROUND(CZ68,2) -> 0 | AA68: 47636896 | AB68: =ROUND((AC68+AD68+AF68),6) -> 0 | AC68: =ROUND((ES68),6) -> 0 | AD68: =ROUND((((ET68)-(EU68))+AE68),6) -> 0 | AE68: =ROUND((EU68),6) -> 0 | AF68: =ROUND((EV68),6) -> 0 | AG68: =ROUND((AP68),6) -> 0 | AH68: =(EW68) -> 0 | AI68: =(EX68) -> 0 | AJ68: =(AS68) -> 0 | AK68: 0 | AL68: 0 | AM68: 0 | AN68: 0 | AO68: 0 | AP68: 0 | AQ68: 0 | AR68: 0 | AS68: 0 | AT68: 104 | AU68: 60 | AV68: 1 | AW68: 1 | AZ68: 1 | BA68: 1 | BB68: 1 | BC68: 1 | BH68: 3 | BI68: 1 | BM68: 68001 | BN68: 0 | BP68: 0 | BQ68: 6 | BR68: 0 | BS68: 1 | BT68: 1 | BU68: 1 | BV68: 1 | BW68: 1 | BX68: 1 | BZ68: 104 | CA68: 60 | CE68: 0 | CF68: 0 | CG68: 0 | CM68: 0 | CO68: 0 | CP68: =(P68+Q68+S68) -> 0 | CQ68: =AC68*BC68 -> 0 | CR68: =AD68*BB68 -> 0 | CS68: =AE68*BS68 -> 0 | CT68: =AF68*BA68 -> 0 | CU68: =AG68 -> 0 | CV68: =AH68 -> 0 | CW68: =AI68 -> 0 | CX68: =AJ68 -> 0 | CY68: =(((S68+R68)*AT68)/100) -> 0 | CZ68: =(((S68+R68)*AU68)/100) -> 0 | DN68: 0 | DO68: 0 | DP68: 1 | DQ68: 1 | DU68: 1009 | DV68: т | DW68: т | DX68: 1000 | EE68: 45919696 | EF68: 6 | EG68: Ремонтно-строительные работы | EH68: 0 | EJ68: 1 | EK68: 68001 | EL68: Благоустройство | EM68: рФЕР-68 | EQ68: 0 | ER68: 0 | ES68: 0 | ET68: 0 | EU68: 0 | EV68: 0 | EW68: 0 | EX68: 0 | FQ68: 0 | FR68: =ROUND(IF(AND(BH68=3,BI68=3),P68,0),2) -> 0 | FS68: 0 | FX68: 104 | FY68: 60 | GD68: 1 | GF68: -179832266 | GG68: 2 | GH68: 1 | GI68: -2 | GJ68: 0 | GK68: 0 | GL68: =ROUND(IF(AND(BH68=3,BI68=3,FS68<>0),P68,0),2) -> 0 | GM68: =ROUND(O68+X68+Y68,2)+GX68 -> 0 | GN68: =IF(OR(BI68=0,BI68=1),ROUND(O68+X68+Y68,2),0) -> 0 | GO68: =IF(BI68=2,ROUND(O68+X68+Y68,2),0) -> 0 | GP68: =IF(BI68=4,ROUND(O68+X68+Y68,2)+GX68,0) -> 0 | GR68: 0 | GS68: 3 | GT68: 0 | GV68: =ROUND((GT68),6) -> 0 | GW68: 1 | GX68: =ROUND(HC68*I68,2) -> 0 | HA68: 0 | HB68: 0 | HC68: =GV68*GW68 -> 0 | IK68: 0
A69: 18 | B69: 1 | C69: 120 | E69: 12,1 | F69: 01.7.07.07 | G69: Строительный мусор | H69: т | I69: =I67*J69 -> 926.25 | J69: 125 | O69: =ROUND(CP69,2) -> 0 | P69: =ROUND(CQ69*I69,2) -> 0 | Q69: =ROUND(CR69*I69,2) -> 0 | R69: =ROUND(CS69*I69,2) -> 0 | S69: =ROUND(CT69*I69,2) -> 0 | T69: =ROUND(CU69*I69,2) -> 0 | U69: =CV69*I69 -> 0 | V69: =CW69*I69 -> 0 | W69: =ROUND(CX69*I69,2) -> 0 | X69: =ROUND(CY69,2) -> 0 | Y69: =ROUND(CZ69,2) -> 0 | AA69: 47641669 | AB69: =ROUND((AC69+AD69+AF69),6) -> 0 | AC69: =ROUND((ES69),6) -> 0 | AD69: =ROUND((((ET69)-(EU69))+AE69),6) -> 0 | AE69: =ROUND((EU69),6) -> 0 | AF69: =ROUND((EV69),6) -> 0 | AG69: =ROUND((AP69),6) -> 0 | AH69: =(EW69) -> 0 | AI69: =(EX69) -> 0 | AJ69: =(AS69) -> 0 | AK69: 0 | AL69: 0 | AM69: 0 | AN69: 0 | AO69: 0 | AP69: 0 | AQ69: 0 | AR69: 0 | AS69: 0 | AT69: 104 | AU69: 60 | AV69: 1 | AW69: 1 | AZ69: 1 | BA69: 1 | BB69: 1 | BC69: 1 | BH69: 3 | BI69: 1 | BM69: 68001 | BN69: 0 | BP69: 0 | BQ69: 6 | BR69: 0 | BS69: 1 | BT69: 1 | BU69: 1 | BV69: 1 | BW69: 1 | BX69: 1 | BZ69: 104 | CA69: 60 | CE69: 0 | CF69: 0 | CG69: 0 | CM69: 0 | CO69: 0 | CP69: =(P69+Q69+S69) -> 0 | CQ69: =AC69*BC69 -> 0 | CR69: =AD69*BB69 -> 0 | CS69: =AE69*BS69 -> 0 | CT69: =AF69*BA69 -> 0 | CU69: =AG69 -> 0 | CV69: =AH69 -> 0 | CW69: =AI69 -> 0 | CX69: =AJ69 -> 0 | CY69: =(((S69+R69)*AT69)/100) -> 0 | CZ69: =(((S69+R69)*AU69)/100) -> 0 | DN69: 0 | DO69: 0 | DP69: 1 | DQ69: 1 | DU69: 1009 | DV69: т | DW69: т | DX69: 1000 | EE69: 45919696 | EF69: 6 | EG69: Ремонтно-строительные работы | EH69: 0 | EJ69: 1 | EK69: 68001 | EL69: Благоустройство | EM69: рФЕР-68 | EQ69: 0 | ER69: 0 | ES69: 0 | ET69: 0 | EU69: 0 | EV69: 0 | EW69: 0 | EX69: 0 | FQ69: 0 | FR69: =ROUND(IF(AND(BH69=3,BI69=3),P69,0),2) -> 0 | FS69: 0 | FX69: 104 | FY69: 60 | GD69: 1 | GF69: -179832266 | GG69: 2 | GH69: 1 | GI69: -2 | GJ69: 0 | GK69: 0 | GL69: =ROUND(IF(AND(BH69=3,BI69=3,FS69<>0),P69,0),2) -> 0 | GM69: =ROUND(O69+X69+Y69,2)+GX69 -> 0 | GN69: =IF(OR(BI69=0,BI69=1),ROUND(O69+X69+Y69,2),0) -> 0 | GO69: =IF(BI69=2,ROUND(O69+X69+Y69,2),0) -> 0 | GP69: =IF(BI69=4,ROUND(O69+X69+Y69,2)+GX69,0) -> 0 | GR69: 0 | GS69: 0 | GT69: 0 | GV69: =ROUND((GT69),6) -> 0 | GW69: 1 | GX69: =ROUND(HC69*I69,2) -> 0 | HA69: 0 | HB69: 0 | HC69: =GV69*GW69 -> 0 | IK69: 0
A70: 17 | B70: 1 | C70: =ROW(SmtRes!A126) -> 126 | D70: =ROW(EtalonRes!A115) -> 115 | E70: 13 | F70: 01-01-014-06 | G70: Разработка грунта с погрузкой на автомобили-самосвалы экскаваторами с ковшом вместимостью 0,25 м3, группа грунтов 3 | H70: 1000 м3 | I70: =ROUND(494/1000,9) -> 0.494 | J70: 0 | O70: =ROUND(CP70,2) -> 5044.38 | P70: =ROUND(CQ70*I70,2) -> 2.68 | Q70: =ROUND(CR70*I70,2) -> 4848.41 | R70: =ROUND(CS70*I70,2) -> 826.91 | S70: =ROUND(CT70*I70,2) -> 193.29 | T70: =ROUND(CU70*I70,2) -> 0 | U70: =CV70*I70 -> 24.780522 | V70: =CW70*I70 -> 71.285188 | W70: =ROUND(CX70*I70,2) -> 0 | X70: =ROUND(CY70,2) -> 877.37 | Y70: =ROUND(CZ70,2) -> 438.69 | AA70: 47636896 | AB70: =ROUND((AC70+AD70+AF70),6) -> 10211.29 | AC70: =ROUND((ES70),6) -> 5.42 | AD70: =ROUND(((((ET70*1.15))-((EU70*1.15)))+AE70),6) -> 9814.5945 | AE70: =ROUND(((EU70*1.15)),6) -> 1673.9055 | AF70: =ROUND(((EV70*1.15)),6) -> 391.276 | AG70: =ROUND((AP70),6) -> 0 | AH70: =((EW70*1.15)) -> 50.163 | AI70: =((EX70*1.15)) -> 144.302 | AJ70: =(AS70) -> 0 | AK70: 8880.09 | AL70: 5.42 | AM70: 8534.43 | AN70: 1455.57 | AO70: 340.24 | AP70: 0 | AQ70: 43.62 | AR70: 125.48 | AS70: 0 | AT70: 86 | AU70: 43 | AV70: 1 | AW70: 1 | AZ70: 1 | BA70: 1 | BB70: 1 | BC70: 1 | BH70: 0 | BI70: 1 | BJ70: ФЕР-2001, 01-01-014-06, приказ Минстроя России №1039/пр от 30.12.2016г. | BM70: 1001 | BN70: 0 | BP70: 0 | BQ70: 2 | BR70: 0 | BS70: 1 | BT70: 1 | BU70: 1 | BV70: 1 | BW70: 1 | BX70: 1 | BZ70: 95 | CA70: 50 | CE70: 0 | CF70: 0 | CG70: 0 | CM70: 0 | CN70: Поправка: МР 81/пр Прил.2, Табл.3, п. 3 Наименование: Производство ремонтно-строительных работ осуществляется на территории действующего предприятия с наличием в зоне производства работ одного или нескольких из перечисленных ниже факторов: разветвленной сети транспортных и инженерных коммуникаций; стесненных условий для складирования материалов; действующего технологического оборудования | CO70: 0 | CP70: =(P70+Q70+S70) -> 5044.38 | CQ70: =AC70*BC70 -> 5.42 | CR70: =AD70*BB70 -> 9814.5945 | CS70: =AE70*BS70 -> 1673.9055 | CT70: =AF70*BA70 -> 391.276 | CU70: =AG70 -> 0 | CV70: =AH70 -> 50.163 | CW70: =AI70 -> 144.302 | CX70: =AJ70 -> 0 | CY70: =(((S70+R70)*AT70)/100) -> 877.372 | CZ70: =(((S70+R70)*AU70)/100) -> 438.686 | DE70: )*1,15 | DF70: )*1,15 | DG70: )*1,15 | DI70: )*1,15 | DJ70: )*1,15 | DN70: 0 | DO70: 0 | DP70: 1 | DQ70: 1 | DU70: 1007 | DV70: 1000 м3 | DW70: 1000 м3 | DX70: 1000 | EE70: 45919544 | EF70: 2 | EG70: Общестроительные работы | EH70: 0 | EJ70: 1 | EK70: 1001 | EL70: Земляные работы, выполняемые механизированным способом | EM70: ФЕР-01 | EO70: Поправка: МР 81/пр Прил.2, Табл.3, п. 3 | EQ70: 0 | ER70: 8880.09 | ES70: 5.42 | ET70: 8534.43 | EU70: 1455.57 | EV70: 340.24 | EW70: 43.62 | EX70: 125.48 | EY70: 0 | FQ70: 0 | FR70: =ROUND(IF(AND(BH70=3,BI70=3),P70,0),2) -> 0 | FS70: 0 | FT70: *0,9 | FU70: *0,85 | FX70: 85.5 | FY70: 42.5 | GD70: 1 | GF70: 1809353148 | GG70: 2 | GH70: 1 | GI70: -2 | GJ70: 0 | GK70: 0 | GL70: =ROUND(IF(AND(BH70=3,BI70=3,FS70<>0),P70,0),2) -> 0 | GM70: =ROUND(O70+X70+Y70,2)+GX70 -> 6360.44 | GN70: =IF(OR(BI70=0,BI70=1),ROUND(O70+X70+Y70,2),0) -> 6360.44 | GO70: =IF(BI70=2,ROUND(O70+X70+Y70,2),0) -> 0 | GP70: =IF(BI70=4,ROUND(O70+X70+Y70,2)+GX70,0) -> 0 | GR70: 0 | GS70: 3 | GT70: 0 | GV70: =ROUND((GT70),6) -> 0 | GW70: 1 | GX70: =ROUND(HC70*I70,2) -> 0 | HA70: 0 | HB70: 0 | HC70: =GV70*GW70 -> 0 | IK70: 0
A71: 17 | B71: 1 | C71: =ROW(SmtRes!A132) -> 132 | D71: =ROW(EtalonRes!A120) -> 120 | E71: 13 | F71: 01-01-014-06 | G71: Разработка грунта с погрузкой на автомобили-самосвалы экскаваторами с ковшом вместимостью 0,25 м3, группа грунтов 3 | H71: 1000 м3 | I71: =ROUND(494/1000,9) -> 0.494 | J71: 0 | O71: =ROUND(CP71,2) -> 5044.38 | P71: =ROUND(CQ71*I71,2) -> 2.68 | Q71: =ROUND(CR71*I71,2) -> 4848.41 | R71: =ROUND(CS71*I71,2) -> 826.91 | S71: =ROUND(CT71*I71,2) -> 193.29 | T71: =ROUND(CU71*I71,2) -> 0 | U71: =CV71*I71 -> 24.780522 | V71: =CW71*I71 -> 71.285188 | W71: =ROUND(CX71*I71,2) -> 0 | X71: =ROUND(CY71,2) -> 877.37 | Y71: =ROUND(CZ71,2) -> 438.69 | AA71: 47641669 | AB71: =ROUND((AC71+AD71+AF71),6) -> 10211.29 | AC71: =ROUND((ES71),6) -> 5.42 | AD71: =ROUND(((((ET71*1.15))-((EU71*1.15)))+AE71),6) -> 9814.5945 | AE71: =ROUND(((EU71*1.15)),6) -> 1673.9055 | AF71: =ROUND(((EV71*1.15)),6) -> 391.276 | AG71: =ROUND((AP71),6) -> 0 | AH71: =((EW71*1.15)) -> 50.163 | AI71: =((EX71*1.15)) -> 144.302 | AJ71: =(AS71) -> 0 | AK71: 8880.09 | AL71: 5.42 | AM71: 8534.43 | AN71: 1455.57 | AO71: 340.24 | AP71: 0 | AQ71: 43.62 | AR71: 125.48 | AS71: 0 | AT71: 86 | AU71: 43 | AV71: 1 | AW71: 1 | AZ71: 1 | BA71: 1 | BB71: 1 | BC71: 1 | BH71: 0 | BI71: 1 | BJ71: ФЕР-2001, 01-01-014-06, приказ Минстроя России №1039/пр от 30.12.2016г. | BM71: 1001 | BN71: 0 | BP71: 0 | BQ71: 2 | BR71: 0 | BS71: 1 | BT71: 1 | BU71: 1 | BV71: 1 | BW71: 1 | BX71: 1 | BZ71: 95 | CA71: 50 | CE71: 0 | CF71: 0 | CG71: 0 | CM71: 0 | CN71: Поправка: МР 81/пр Прил.2, Табл.3, п. 3 Наименование: Производство ремонтно-строительных работ осуществляется на территории действующего предприятия с наличием в зоне производства работ одного или нескольких из перечисленных ниже факторов: разветвленной сети транспортных и инженерных коммуникаций; стесненных условий для складирования материалов; действующего технологического оборудования | CO71: 0 | CP71: =(P71+Q71+S71) -> 5044.38 | CQ71: =AC71*BC71 -> 5.42 | CR71: =AD71*BB71 -> 9814.5945 | CS71: =AE71*BS71 -> 1673.9055 | CT71: =AF71*BA71 -> 391.276 | CU71: =AG71 -> 0 | CV71: =AH71 -> 50.163 | CW71: =AI71 -> 144.302 | CX71: =AJ71 -> 0 | CY71: =(((S71+R71)*AT71)/100) -> 877.372 | CZ71: =(((S71+R71)*AU71)/100) -> 438.686 | DE71: )*1,15 | DF71: )*1,15 | DG71: )*1,15 | DI71: )*1,15 | DJ71: )*1,15 | DN71: 0 | DO71: 0 | DP71: 1 | DQ71: 1 | DU71: 1007 | DV71: 1000 м3 | DW71: 1000 м3 | DX71: 1000 | EE71: 45919544 | EF71: 2 | EG71: Общестроительные работы | EH71: 0 | EJ71: 1 | EK71: 1001 | EL71: Земляные работы, выполняемые механизированным способом | EM71: ФЕР-01 | EO71: Поправка: МР 81/пр Прил.2, Табл.3, п. 3 | EQ71: 0 | ER71: 8880.09 | ES71: 5.42 | ET71: 8534.43 | EU71: 1455.57 | EV71: 340.24 | EW71: 43.62 | EX71: 125.48 | EY71: 0 | FQ71: 0 | FR71: =ROUND(IF(AND(BH71=3,BI71=3),P71,0),2) -> 0 | FS71: 0 | FT71: *0,9 | FU71: *0,85 | FX71: 85.5 | FY71: 42.5 | GD71: 1 | GF71: 1809353148 | GG71: 2 | GH71: 1 | GI71: -2 | GJ71: 0 | GK71: 0 | GL71: =ROUND(IF(AND(BH71=3,BI71=3,FS71<>0),P71,0),2) -> 0 | GM71: =ROUND(O71+X71+Y71,2)+GX71 -> 6360.44 | GN71: =IF(OR(BI71=0,BI71=1),ROUND(O71+X71+Y71,2),0) -> 6360.44 | GO71: =IF(BI71=2,ROUND(O71+X71+Y71,2),0) -> 0 | GP71: =IF(BI71=4,ROUND(O71+X71+Y71,2)+GX71,0) -> 0 | GR71: 0 | GS71: 0 | GT71: 0 | GV71: =ROUND((GT71),6) -> 0 | GW71: 1 | GX71: =ROUND(HC71*I71,2) -> 0 | HA71: 0 | HB71: 0 | HC71: =GV71*GW71 -> 0 | IK71: 0
A72: 18 | B72: 1 | C72: 125 | E72: 13,1 | F72: 01.7.07.07 | G72: Строительный мусор | H72: т | I72: =I70*J72 -> 741 | J72: 1500 | O72: =ROUND(CP72,2) -> 0 | P72: =ROUND(CQ72*I72,2) -> 0 | Q72: =ROUND(CR72*I72,2) -> 0 | R72: =ROUND(CS72*I72,2) -> 0 | S72: =ROUND(CT72*I72,2) -> 0 | T72: =ROUND(CU72*I72,2) -> 0 | U72: =CV72*I72 -> 0 | V72: =CW72*I72 -> 0 | W72: =ROUND(CX72*I72,2) -> 0 | X72: =ROUND(CY72,2) -> 0 | Y72: =ROUND(CZ72,2) -> 0 | AA72: 47636896 | AB72: =ROUND((AC72+AD72+AF72),6) -> 0 | AC72: =ROUND((ES72),6) -> 0 | AD72: =ROUND((((ET72)-(EU72))+AE72),6) -> 0 | AE72: =ROUND((EU72),6) -> 0 | AF72: =ROUND((EV72),6) -> 0 | AG72: =ROUND((AP72),6) -> 0 | AH72: =(EW72) -> 0 | AI72: =(EX72) -> 0 | AJ72: =(AS72) -> 0 | AK72: 0 | AL72: 0 | AM72: 0 | AN72: 0 | AO72: 0 | AP72: 0 | AQ72: 0 | AR72: 0 | AS72: 0 | AT72: 104 | AU72: 60 | AV72: 1 | AW72: 1 | AZ72: 1 | BA72: 1 | BB72: 1 | BC72: 1 | BH72: 3 | BI72: 1 | BM72: 68001 | BN72: 0 | BP72: 0 | BQ72: 6 | BR72: 0 | BS72: 1 | BT72: 1 | BU72: 1 | BV72: 1 | BW72: 1 | BX72: 1 | BZ72: 104 | CA72: 60 | CE72: 0 | CF72: 0 | CG72: 0 | CM72: 0 | CO72: 0 | CP72: =(P72+Q72+S72) -> 0 | CQ72: =AC72*BC72 -> 0 | CR72: =AD72*BB72 -> 0 | CS72: =AE72*BS72 -> 0 | CT72: =AF72*BA72 -> 0 | CU72: =AG72 -> 0 | CV72: =AH72 -> 0 | CW72: =AI72 -> 0 | CX72: =AJ72 -> 0 | CY72: =(((S72+R72)*AT72)/100) -> 0 | CZ72: =(((S72+R72)*AU72)/100) -> 0 | DN72: 0 | DO72: 0 | DP72: 1 | DQ72: 1 | DU72: 1009 | DV72: т | DW72: т | DX72: 1000 | EE72: 45919696 | EF72: 6 | EG72: Ремонтно-строительные работы | EH72: 0 | EJ72: 1 | EK72: 68001 | EL72: Благоустройство | EM72: рФЕР-68 | EQ72: 0 | ER72: 0 | ES72: 0 | ET72: 0 | EU72: 0 | EV72: 0 | EW72: 0 | EX72: 0 | FQ72: 0 | FR72: =ROUND(IF(AND(BH72=3,BI72=3),P72,0),2) -> 0 | FS72: 0 | FX72: 104 | FY72: 60 | GD72: 1 | GF72: -179832266 | GG72: 2 | GH72: 1 | GI72: -2 | GJ72: 0 | GK72: 0 | GL72: =ROUND(IF(AND(BH72=3,BI72=3,FS72<>0),P72,0),2) -> 0 | GM72: =ROUND(O72+X72+Y72,2)+GX72 -> 0 | GN72: =IF(OR(BI72=0,BI72=1),ROUND(O72+X72+Y72,2),0) -> 0 | GO72: =IF(BI72=2,ROUND(O72+X72+Y72,2),0) -> 0 | GP72: =IF(BI72=4,ROUND(O72+X72+Y72,2)+GX72,0) -> 0 | GR72: 0 | GS72: 3 | GT72: 0 | GV72: =ROUND((GT72),6) -> 0 | GW72: 1 | GX72: =ROUND(HC72*I72,2) -> 0 | HA72: 0 | HB72: 0 | HC72: =GV72*GW72 -> 0 | IK72: 0
A73: 18 | B73: 1 | C73: 131 | E73: 13,1 | F73: 01.7.07.07 | G73: Строительный мусор | H73: т | I73: =I71*J73 -> 741 | J73: 1500 | O73: =ROUND(CP73,2) -> 0 | P73: =ROUND(CQ73*I73,2) -> 0 | Q73: =ROUND(CR73*I73,2) -> 0 | R73: =ROUND(CS73*I73,2) -> 0 | S73: =ROUND(CT73*I73,2) -> 0 | T73: =ROUND(CU73*I73,2) -> 0 | U73: =CV73*I73 -> 0 | V73: =CW73*I73 -> 0 | W73: =ROUND(CX73*I73,2) -> 0 | X73: =ROUND(CY73,2) -> 0 | Y73: =ROUND(CZ73,2) -> 0 | AA73: 47641669 | AB73: =ROUND((AC73+AD73+AF73),6) -> 0 | AC73: =ROUND((ES73),6) -> 0 | AD73: =ROUND((((ET73)-(EU73))+AE73),6) -> 0 | AE73: =ROUND((EU73),6) -> 0 | AF73: =ROUND((EV73),6) -> 0 | AG73: =ROUND((AP73),6) -> 0 | AH73: =(EW73) -> 0 | AI73: =(EX73) -> 0 | AJ73: =(AS73) -> 0 | AK73: 0 | AL73: 0 | AM73: 0 | AN73: 0 | AO73: 0 | AP73: 0 | AQ73: 0 | AR73: 0 | AS73: 0 | AT73: 95 | AU73: 50 | AV73: 1 | AW73: 1 | AZ73: 1 | BA73: 1 | BB73: 1 | BC73: 1 | BH73: 3 | BI73: 1 | BM73: 68001 | BN73: 0 | BP73: 0 | BQ73: 6 | BR73: 0 | BS73: 1 | BT73: 1 | BU73: 1 | BV73: 1 | BW73: 1 | BX73: 1 | BZ73: 95 | CA73: 50 | CE73: 0 | CF73: 0 | CG73: 0 | CM73: 0 | CO73: 0 | CP73: =(P73+Q73+S73) -> 0 | CQ73: =AC73*BC73 -> 0 | CR73: =AD73*BB73 -> 0 | CS73: =AE73*BS73 -> 0 | CT73: =AF73*BA73 -> 0 | CU73: =AG73 -> 0 | CV73: =AH73 -> 0 | CW73: =AI73 -> 0 | CX73: =AJ73 -> 0 | CY73: =(((S73+R73)*AT73)/100) -> 0 | CZ73: =(((S73+R73)*AU73)/100) -> 0 | DN73: 0 | DO73: 0 | DP73: 1 | DQ73: 1 | DU73: 1009 | DV73: т | DW73: т | DX73: 1000 | EE73: 45919696 | EF73: 6 | EG73: Ремонтно-строительные работы | EH73: 0 | EJ73: 1 | EK73: 68001 | EL73: Благоустройство | EM73: рФЕР-68 | EQ73: 0 | ER73: 0 | ES73: 0 | ET73: 0 | EU73: 0 | EV73: 0 | EW73: 0 | EX73: 0 | FQ73: 0 | FR73: =ROUND(IF(AND(BH73=3,BI73=3),P73,0),2) -> 0 | FS73: 0 | FX73: 95 | FY73: 50 | GD73: 1 | GF73: -179832266 | GG73: 2 | GH73: 1 | GI73: -2 | GJ73: 0 | GK73: 0 | GL73: =ROUND(IF(AND(BH73=3,BI73=3,FS73<>0),P73,0),2) -> 0 | GM73: =ROUND(O73+X73+Y73,2)+GX73 -> 0 | GN73: =IF(OR(BI73=0,BI73=1),ROUND(O73+X73+Y73,2),0) -> 0 | GO73: =IF(BI73=2,ROUND(O73+X73+Y73,2),0) -> 0 | GP73: =IF(BI73=4,ROUND(O73+X73+Y73,2)+GX73,0) -> 0 | GR73: 0 | GS73: 0 | GT73: 0 | GV73: =ROUND((GT73),6) -> 0 | GW73: 1 | GX73: =ROUND(HC73*I73,2) -> 0 | HA73: 0 | HB73: 0 | HC73: =GV73*GW73 -> 0 | IK73: 0
A74: 17 | B74: 1 | C74: =ROW(SmtRes!A137) -> 137 | D74: =ROW(EtalonRes!A124) -> 124 | E74: 14 | F74: 68-14-1 | G74: Разборка бортовых камней на бетонном основании | H74: 100 м | I74: =ROUND(410/100,9) -> 4.1 | J74: 0 | O74: =ROUND(CP74,2) -> 6973.11 | P74: =ROUND(CQ74*I74,2) -> 0 | Q74: =ROUND(CR74*I74,2) -> 4192.34 | R74: =ROUND(CS74*I74,2) -> 445.85 | S74: =ROUND(CT74*I74,2) -> 2780.77 | T74: =ROUND(CU74*I74,2) -> 0 | U74: =CV74*I74 -> 321.8459 | V74: =CW74*I74 -> 44.321 | W74: =ROUND(CX74*I74,2) -> 0 | X74: =ROUND(CY74,2) -> 3355.68 | Y74: =ROUND(CZ74,2) -> 1935.97 | AA74: 47636896 | AB74: =ROUND((AC74+AD74+AF74),6) -> 1700.758 | AC74: =ROUND((ES74),6) -> 0 | AD74: =ROUND(((((ET74*1.15))-((EU74*1.15)))+AE74),6) -> 1022.5225 | AE74: =ROUND(((EU74*1.15)),6) -> 108.744 | AF74: =ROUND(((EV74*1.15)),6) -> 678.2355 | AG74: =ROUND((AP74),6) -> 0 | AH74: =((EW74*1.15)) -> 78.499 | AI74: =((EX74*1.15)) -> 10.81 | AJ74: =(AS74) -> 0 | AK74: 1478.92 | AL74: 0 | AM74: 889.15 | AN74: 94.56 | AO74: 589.77 | AP74: 0 | AQ74: 68.26 | AR74: 9.4 | AS74: 0 | AT74: 104 | AU74: 60 | AV74: 1 | AW74: 1 | AZ74: 1 | BA74: 1 | BB74: 1 | BC74: 1 | BH74: 0 | BI74: 1 | BJ74: ФЕРр-2001, 68-14-1, приказ Минстроя России №1039/пр от 30.12.2016г. | BM74: 68001 | BN74: 0 | BP74: 0 | BQ74: 6 | BR74: 0 | BS74: 1 | BT74: 1 | BU74: 1 | BV74: 1 | BW74: 1 | BX74: 1 | BZ74: 104 | CA74: 60 | CE74: 0 | CF74: 0 | CG74: 0 | CM74: 0 | CN74: Поправка: МР 81/пр Прил.2, Табл.3, п. 3 Наименование: Производство ремонтно-строительных работ осуществляется на территории действующего предприятия с наличием в зоне производства работ одного или нескольких из перечисленных ниже факторов: разветвленной сети транспортных и инженерных коммуникаций; стесненных условий для складирования материалов; действующего технологического оборудования | CO74: 0 | CP74: =(P74+Q74+S74) -> 6973.11 | CQ74: =AC74*BC74 -> 0 | CR74: =AD74*BB74 -> 1022.5225 | CS74: =AE74*BS74 -> 108.744 | CT74: =AF74*BA74 -> 678.2355 | CU74: =AG74 -> 0 | CV74: =AH74 -> 78.499 | CW74: =AI74 -> 10.81 | CX74: =AJ74 -> 0 | CY74: =(((S74+R74)*AT74)/100) -> 3355.6848 | CZ74: =(((S74+R74)*AU74)/100) -> 1935.972 | DE74: )*1,15 | DF74: )*1,15 | DG74: )*1,15 | DI74: )*1,15 | DJ74: )*1,15 | DN74: 0 | DO74: 0 | DP74: 1 | DQ74: 1 | DU74: 1003 | DV74: 100 м | DW74: 100 м | DX74: 100 | EE74: 45919696 | EF74: 6 | EG74: Ремонтно-строительные работы | EH74: 0 | EJ74: 1 | EK74: 68001 | EL74: Благоустройство | EM74: рФЕР-68 | EO74: Поправка: МР 81/пр Прил.2, Табл.3, п. 3 | EQ74: 0 | ER74: 1478.92 | ES74: 0 | ET74: 889.15 | EU74: 94.56 | EV74: 589.77 | EW74: 68.26 | EX74: 9.4 | EY74: 0 | FQ74: 0 | FR74: =ROUND(IF(AND(BH74=3,BI74=3),P74,0),2) -> 0 | FS74: 0 | FX74: 104 | FY74: 60 | GD74: 1 | GF74: -163796540 | GG74: 2 | GH74: 1 | GI74: -2 | GJ74: 0 | GK74: 0 | GL74: =ROUND(IF(AND(BH74=3,BI74=3,FS74<>0),P74,0),2) -> 0 | GM74: =ROUND(O74+X74+Y74,2)+GX74 -> 12264.76 | GN74: =IF(OR(BI74=0,BI74=1),ROUND(O74+X74+Y74,2),0) -> 12264.76 | GO74: =IF(BI74=2,ROUND(O74+X74+Y74,2),0) -> 0 | GP74: =IF(BI74=4,ROUND(O74+X74+Y74,2)+GX74,0) -> 0 | GR74: 0 | GS74: 3 | GT74: 0 | GV74: =ROUND((GT74),6) -> 0 | GW74: 1 | GX74: =ROUND(HC74*I74,2) -> 0 | HA74: 0 | HB74: 0 | HC74: =GV74*GW74 -> 0 | IK74: 0
A75: 17 | B75: 1 | C75: =ROW(SmtRes!A142) -> 142 | D75: =ROW(EtalonRes!A128) -> 128 | E75: 14 | F75: 68-14-1 | G75: Разборка бортовых камней на бетонном основании | H75: 100 м | I75: =ROUND(410/100,9) -> 4.1 | J75: 0 | O75: =ROUND(CP75,2) -> 6973.11 | P75: =ROUND(CQ75*I75,2) -> 0 | Q75: =ROUND(CR75*I75,2) -> 4192.34 | R75: =ROUND(CS75*I75,2) -> 445.85 | S75: =ROUND(CT75*I75,2) -> 2780.77 | T75: =ROUND(CU75*I75,2) -> 0 | U75: =CV75*I75 -> 321.8459 | V75: =CW75*I75 -> 44.321 | W75: =ROUND(CX75*I75,2) -> 0 | X75: =ROUND(CY75,2) -> 3355.68 | Y75: =ROUND(CZ75,2) -> 1935.97 | AA75: 47641669 | AB75: =ROUND((AC75+AD75+AF75),6) -> 1700.758 | AC75: =ROUND((ES75),6) -> 0 | AD75: =ROUND(((((ET75*1.15))-((EU75*1.15)))+AE75),6) -> 1022.5225 | AE75: =ROUND(((EU75*1.15)),6) -> 108.744 | AF75: =ROUND(((EV75*1.15)),6) -> 678.2355 | AG75: =ROUND((AP75),6) -> 0 | AH75: =((EW75*1.15)) -> 78.499 | AI75: =((EX75*1.15)) -> 10.81 | AJ75: =(AS75) -> 0 | AK75: 1478.92 | AL75: 0 | AM75: 889.15 | AN75: 94.56 | AO75: 589.77 | AP75: 0 | AQ75: 68.26 | AR75: 9.4 | AS75: 0 | AT75: 104 | AU75: 60 | AV75: 1 | AW75: 1 | AZ75: 1 | BA75: 1 | BB75: 1 | BC75: 1 | BH75: 0 | BI75: 1 | BJ75: ФЕРр-2001, 68-14-1, приказ Минстроя России №1039/пр от 30.12.2016г. | BM75: 68001 | BN75: 0 | BP75: 0 | BQ75: 6 | BR75: 0 | BS75: 1 | BT75: 1 | BU75: 1 | BV75: 1 | BW75: 1 | BX75: 1 | BZ75: 104 | CA75: 60 | CE75: 0 | CF75: 0 | CG75: 0 | CM75: 0 | CN75: Поправка: МР 81/пр Прил.2, Табл.3, п. 3 Наименование: Производство ремонтно-строительных работ осуществляется на территории действующего предприятия с наличием в зоне производства работ одного или нескольких из перечисленных ниже факторов: разветвленной сети транспортных и инженерных коммуникаций; стесненных условий для складирования материалов; действующего технологического оборудования | CO75: 0 | CP75: =(P75+Q75+S75) -> 6973.11 | CQ75: =AC75*BC75 -> 0 | CR75: =AD75*BB75 -> 1022.5225 | CS75: =AE75*BS75 -> 108.744 | CT75: =AF75*BA75 -> 678.2355 | CU75: =AG75 -> 0 | CV75: =AH75 -> 78.499 | CW75: =AI75 -> 10.81 | CX75: =AJ75 -> 0 | CY75: =(((S75+R75)*AT75)/100) -> 3355.6848 | CZ75: =(((S75+R75)*AU75)/100) -> 1935.972 | DE75: )*1,15 | DF75: )*1,15 | DG75: )*1,15 | DI75: )*1,15 | DJ75: )*1,15 | DN75: 0 | DO75: 0 | DP75: 1 | DQ75: 1 | DU75: 1003 | DV75: 100 м | DW75: 100 м | DX75: 100 | EE75: 45919696 | EF75: 6 | EG75: Ремонтно-строительные работы | EH75: 0 | EJ75: 1 | EK75: 68001 | EL75: Благоустройство | EM75: рФЕР-68 | EO75: Поправка: МР 81/пр Прил.2, Табл.3, п. 3 | EQ75: 0 | ER75: 1478.92 | ES75: 0 | ET75: 889.15 | EU75: 94.56 | EV75: 589.77 | EW75: 68.26 | EX75: 9.4 | EY75: 0 | FQ75: 0 | FR75: =ROUND(IF(AND(BH75=3,BI75=3),P75,0),2) -> 0 | FS75: 0 | FX75: 104 | FY75: 60 | GD75: 1 | GF75: -163796540 | GG75: 2 | GH75: 1 | GI75: -2 | GJ75: 0 | GK75: 0 | GL75: =ROUND(IF(AND(BH75=3,BI75=3,FS75<>0),P75,0),2) -> 0 | GM75: =ROUND(O75+X75+Y75,2)+GX75 -> 12264.76 | GN75: =IF(OR(BI75=0,BI75=1),ROUND(O75+X75+Y75,2),0) -> 12264.76 | GO75: =IF(BI75=2,ROUND(O75+X75+Y75,2),0) -> 0 | GP75: =IF(BI75=4,ROUND(O75+X75+Y75,2)+GX75,0) -> 0 | GR75: 0 | GS75: 0 | GT75: 0 | GV75: =ROUND((GT75),6) -> 0 | GW75: 1 | GX75: =ROUND(HC75*I75,2) -> 0 | HA75: 0 | HB75: 0 | HC75: =GV75*GW75 -> 0 | IK75: 0
A76: 18 | B76: 1 | C76: 137 | E76: 14,1 | F76: 01.7.07.07 | G76: Строительный мусор | H76: т | I76: =I74*J76 -> 49.2 | J76: 12 | O76: =ROUND(CP76,2) -> 0 | P76: =ROUND(CQ76*I76,2) -> 0 | Q76: =ROUND(CR76*I76,2) -> 0 | R76: =ROUND(CS76*I76,2) -> 0 | S76: =ROUND(CT76*I76,2) -> 0 | T76: =ROUND(CU76*I76,2) -> 0 | U76: =CV76*I76 -> 0 | V76: =CW76*I76 -> 0 | W76: =ROUND(CX76*I76,2) -> 0 | X76: =ROUND(CY76,2) -> 0 | Y76: =ROUND(CZ76,2) -> 0 | AA76: 47636896 | AB76: =ROUND((AC76+AD76+AF76),6) -> 0 | AC76: =ROUND((ES76),6) -> 0 | AD76: =ROUND((((ET76)-(EU76))+AE76),6) -> 0 | AE76: =ROUND((EU76),6) -> 0 | AF76: =ROUND((EV76),6) -> 0 | AG76: =ROUND((AP76),6) -> 0 | AH76: =(EW76) -> 0 | AI76: =(EX76) -> 0 | AJ76: =(AS76) -> 0 | AK76: 0 | AL76: 0 | AM76: 0 | AN76: 0 | AO76: 0 | AP76: 0 | AQ76: 0 | AR76: 0 | AS76: 0 | AT76: 104 | AU76: 60 | AV76: 1 | AW76: 1 | AZ76: 1 | BA76: 1 | BB76: 1 | BC76: 1 | BH76: 3 | BI76: 1 | BM76: 68001 | BN76: 0 | BP76: 0 | BQ76: 6 | BR76: 0 | BS76: 1 | BT76: 1 | BU76: 1 | BV76: 1 | BW76: 1 | BX76: 1 | BZ76: 104 | CA76: 60 | CE76: 0 | CF76: 0 | CG76: 0 | CM76: 0 | CO76: 0 | CP76: =(P76+Q76+S76) -> 0 | CQ76: =AC76*BC76 -> 0 | CR76: =AD76*BB76 -> 0 | CS76: =AE76*BS76 -> 0 | CT76: =AF76*BA76 -> 0 | CU76: =AG76 -> 0 | CV76: =AH76 -> 0 | CW76: =AI76 -> 0 | CX76: =AJ76 -> 0 | CY76: =(((S76+R76)*AT76)/100) -> 0 | CZ76: =(((S76+R76)*AU76)/100) -> 0 | DN76: 0 | DO76: 0 | DP76: 1 | DQ76: 1 | DU76: 1009 | DV76: т | DW76: т | DX76: 1000 | EE76: 45919696 | EF76: 6 | EG76: Ремонтно-строительные работы | EH76: 0 | EJ76: 1 | EK76: 68001 | EL76: Благоустройство | EM76: рФЕР-68 | EQ76: 0 | ER76: 0 | ES76: 0 | ET76: 0 | EU76: 0 | EV76: 0 | EW76: 0 | EX76: 0 | FQ76: 0 | FR76: =ROUND(IF(AND(BH76=3,BI76=3),P76,0),2) -> 0 | FS76: 0 | FX76: 104 | FY76: 60 | GD76: 1 | GF76: -179832266 | GG76: 2 | GH76: 1 | GI76: -2 | GJ76: 0 | GK76: 0 | GL76: =ROUND(IF(AND(BH76=3,BI76=3,FS76<>0),P76,0),2) -> 0 | GM76: =ROUND(O76+X76+Y76,2)+GX76 -> 0 | GN76: =IF(OR(BI76=0,BI76=1),ROUND(O76+X76+Y76,2),0) -> 0 | GO76: =IF(BI76=2,ROUND(O76+X76+Y76,2),0) -> 0 | GP76: =IF(BI76=4,ROUND(O76+X76+Y76,2)+GX76,0) -> 0 | GR76: 0 | GS76: 3 | GT76: 0 | GV76: =ROUND((GT76),6) -> 0 | GW76: 1 | GX76: =ROUND(HC76*I76,2) -> 0 | HA76: 0 | HB76: 0 | HC76: =GV76*GW76 -> 0 | IK76: 0
A77: 18 | B77: 1 | C77: 142 | E77: 14,1 | F77: 01.7.07.07 | G77: Строительный мусор | H77: т | I77: =I75*J77 -> 49.2 | J77: 12 | O77: =ROUND(CP77,2) -> 0 | P77: =ROUND(CQ77*I77,2) -> 0 | Q77: =ROUND(CR77*I77,2) -> 0 | R77: =ROUND(CS77*I77,2) -> 0 | S77: =ROUND(CT77*I77,2) -> 0 | T77: =ROUND(CU77*I77,2) -> 0 | U77: =CV77*I77 -> 0 | V77: =CW77*I77 -> 0 | W77: =ROUND(CX77*I77,2) -> 0 | X77: =ROUND(CY77,2) -> 0 | Y77: =ROUND(CZ77,2) -> 0 | AA77: 47641669 | AB77: =ROUND((AC77+AD77+AF77),6) -> 0 | AC77: =ROUND((ES77),6) -> 0 | AD77: =ROUND((((ET77)-(EU77))+AE77),6) -> 0 | AE77: =ROUND((EU77),6) -> 0 | AF77: =ROUND((EV77),6) -> 0 | AG77: =ROUND((AP77),6) -> 0 | AH77: =(EW77) -> 0 | AI77: =(EX77) -> 0 | AJ77: =(AS77) -> 0 | AK77: 0 | AL77: 0 | AM77: 0 | AN77: 0 | AO77: 0 | AP77: 0 | AQ77: 0 | AR77: 0 | AS77: 0 | AT77: 104 | AU77: 60 | AV77: 1 | AW77: 1 | AZ77: 1 | BA77: 1 | BB77: 1 | BC77: 1 | BH77: 3 | BI77: 1 | BM77: 68001 | BN77: 0 | BP77: 0 | BQ77: 6 | BR77: 0 | BS77: 1 | BT77: 1 | BU77: 1 | BV77: 1 | BW77: 1 | BX77: 1 | BZ77: 104 | CA77: 60 | CE77: 0 | CF77: 0 | CG77: 0 | CM77: 0 | CO77: 0 | CP77: =(P77+Q77+S77) -> 0 | CQ77: =AC77*BC77 -> 0 | CR77: =AD77*BB77 -> 0 | CS77: =AE77*BS77 -> 0 | CT77: =AF77*BA77 -> 0 | CU77: =AG77 -> 0 | CV77: =AH77 -> 0 | CW77: =AI77 -> 0 | CX77: =AJ77 -> 0 | CY77: =(((S77+R77)*AT77)/100) -> 0 | CZ77: =(((S77+R77)*AU77)/100) -> 0 | DN77: 0 | DO77: 0 | DP77: 1 | DQ77: 1 | DU77: 1009 | DV77: т | DW77: т | DX77: 1000 | EE77: 45919696 | EF77: 6 | EG77: Ремонтно-строительные работы | EH77: 0 | EJ77: 1 | EK77: 68001 | EL77: Благоустройство | EM77: рФЕР-68 | EQ77: 0 | ER77: 0 | ES77: 0 | ET77: 0 | EU77: 0 | EV77: 0 | EW77: 0 | EX77: 0 | FQ77: 0 | FR77: =ROUND(IF(AND(BH77=3,BI77=3),P77,0),2) -> 0 | FS77: 0 | FX77: 104 | FY77: 60 | GD77: 1 | GF77: -179832266 | GG77: 2 | GH77: 1 | GI77: -2 | GJ77: 0 | GK77: 0 | GL77: =ROUND(IF(AND(BH77=3,BI77=3,FS77<>0),P77,0),2) -> 0 | GM77: =ROUND(O77+X77+Y77,2)+GX77 -> 0 | GN77: =IF(OR(BI77=0,BI77=1),ROUND(O77+X77+Y77,2),0) -> 0 | GO77: =IF(BI77=2,ROUND(O77+X77+Y77,2),0) -> 0 | GP77: =IF(BI77=4,ROUND(O77+X77+Y77,2)+GX77,0) -> 0 | GR77: 0 | GS77: 0 | GT77: 0 | GV77: =ROUND((GT77),6) -> 0 | GW77: 1 | GX77: =ROUND(HC77*I77,2) -> 0 | HA77: 0 | HB77: 0 | HC77: =GV77*GW77 -> 0 | IK77: 0
A78: 17 | B78: 1 | C78: =ROW(SmtRes!A152) -> 152 | D78: =ROW(EtalonRes!A138) -> 138 | E78: 15 | F78: м08-02-369-02 | G78: Светильник, устанавливаемый вне зданий с лампами люминесцентными прим. Демонтаж светильника | H78: ШТ | I78: 1 | J78: 0 | O78: =ROUND(CP78,2) -> 59.4 | P78: =ROUND(CQ78*I78,2) -> 0 | Q78: =ROUND(CR78*I78,2) -> 49.58 | R78: =ROUND(CS78*I78,2) -> 4.78 | S78: =ROUND(CT78*I78,2) -> 9.82 | T78: =ROUND(CU78*I78,2) -> 0 | U78: =CV78*I78 -> 0.935 | V78: =CW78*I78 -> 0.355 | W78: =ROUND(CX78*I78,2) -> 0 | X78: =ROUND(CY78,2) -> 13.87 | Y78: =ROUND(CZ78,2) -> 9.49 | AA78: 47636896 | AB78: =ROUND((AC78+AD78+AF78),6) -> 59.4 | AC78: =ROUND(((ES78*0)),6) -> 0 | AD78: =ROUND(((((ET78*0.5))-((EU78*0.5)))+AE78),6) -> 49.58 | AE78: =ROUND(((EU78*0.5)),6) -> 4.775 | AF78: =ROUND(((EV78*0.5)),6) -> 9.82 | AG78: =ROUND((AP78),6) -> 0 | AH78: =((EW78*0.5)) -> 0.935 | AI78: =((EX78*0.5)) -> 0.355 | AJ78: =(AS78) -> 0 | AK78: 168.36 | AL78: 49.56 | AM78: 99.16 | AN78: 9.55 | AO78: 19.64 | AP78: 0 | AQ78: 1.87 | AR78: 0.71 | AS78: 0 | AT78: 95 | AU78: 65 | AV78: 1 | AW78: 1 | AZ78: 1 | BA78: 1 | BB78: 1 | BC78: 1 | BH78: 0 | BI78: 2 | BJ78: ФЕРм-2001, м08-02-369-02, приказ Минстроя России №1039/пр от 30.12.2016г. | BM78: 108001 | BN78: 0 | BP78: 0 | BQ78: 3 | BR78: 0 | BS78: 1 | BT78: 1 | BU78: 1 | BV78: 1 | BW78: 1 | BX78: 1 | BZ78: 95 | CA78: 65 | CE78: 0 | CF78: 0 | CG78: 0 | CM78: 0 | CN78: Поправка: МР 81/пр Табл.3, п.3 Наименование: Демонтаж: Оборудование, не пригодное для дальнейшего использования, (предназначено в лом) с разборкой и резкой на части | CO78: 0 | CP78: =(P78+Q78+S78) -> 59.4 | CQ78: =AC78*BC78 -> 0 | CR78: =AD78*BB78 -> 49.58 | CS78: =AE78*BS78 -> 4.775 | CT78: =AF78*BA78 -> 9.82 | CU78: =AG78 -> 0 | CV78: =AH78 -> 0.935 | CW78: =AI78 -> 0.355 | CX78: =AJ78 -> 0 | CY78: =(((S78+R78)*AT78)/100) -> 13.87 | CZ78: =(((S78+R78)*AU78)/100) -> 9.49 | DD78: )*0 | DE78: )*0,5 | DF78: )*0,5 | DG78: )*0,5 | DI78: )*0,5 | DJ78: )*0,5 | DN78: 0 | DO78: 0 | DP78: 1 | DQ78: 1 | DU78: 1013 | DV78: ШТ | DW78: ШТ | DX78: 1 | EE78: 45919453 | EF78: 3 | EG78: Монтажные работы | EH78: 0 | EJ78: 2 | EK78: 108001 | EL78: Электромонтажные работы , отдел 01-03 : ( на АЭС НР = 110% ) - (работы по упр. авиа.- движением: СП=55% ( {АВИА}=1; обычные работы : СП=65 - {AВИА}=0), при работе на АЭС СП= 68% ) | EM78: мФЕР-08 | EO78: Поправка: МР 81/пр Табл.3, п.3 | EQ78: 0 | ER78: 168.36 | ES78: 49.56 | ET78: 99.16 | EU78: 9.55 | EV78: 19.64 | EW78: 1.87 | EX78: 0.71 | EY78: 0 | FQ78: 0 | FR78: =ROUND(IF(AND(BH78=3,BI78=3),P78,0),2) -> 0 | FS78: 0 | FX78: 95 | FY78: 65 | GD78: 1 | GF78: -1821568582 | GG78: 2 | GH78: 1 | GI78: -2 | GJ78: 0 | GK78: 0 | GL78: =ROUND(IF(AND(BH78=3,BI78=3,FS78<>0),P78,0),2) -> 0 | GM78: =ROUND(O78+X78+Y78,2)+GX78 -> 82.76 | GN78: =IF(OR(BI78=0,BI78=1),ROUND(O78+X78+Y78,2),0) -> 0 | GO78: =IF(BI78=2,ROUND(O78+X78+Y78,2),0) -> 82.76 | GP78: =IF(BI78=4,ROUND(O78+X78+Y78,2)+GX78,0) -> 0 | GR78: 0 | GS78: 3 | GT78: 0 | GV78: =ROUND((GT78),6) -> 0 | GW78: 1 | GX78: =ROUND(HC78*I78,2) -> 0 | HA78: 0 | HB78: 0 | HC78: =GV78*GW78 -> 0 | IK78: 0
A79: 17 | B79: 1 | C79: =ROW(SmtRes!A162) -> 162 | D79: =ROW(EtalonRes!A148) -> 148 | E79: 15 | F79: м08-02-369-02 | G79: Светильник, устанавливаемый вне зданий с лампами люминесцентными прим. Демонтаж светильника | H79: ШТ | I79: 1 | J79: 0 | O79: =ROUND(CP79,2) -> 59.4 | P79: =ROUND(CQ79*I79,2) -> 0 | Q79: =ROUND(CR79*I79,2) -> 49.58 | R79: =ROUND(CS79*I79,2) -> 4.78 | S79: =ROUND(CT79*I79,2) -> 9.82 | T79: =ROUND(CU79*I79,2) -> 0 | U79: =CV79*I79 -> 0.935 | V79: =CW79*I79 -> 0.355 | W79: =ROUND(CX79*I79,2) -> 0 | X79: =ROUND(CY79,2) -> 13.87 | Y79: =ROUND(CZ79,2) -> 9.49 | AA79: 47641669 | AB79: =ROUND((AC79+AD79+AF79),6) -> 59.4 | AC79: =ROUND(((ES79*0)),6) -> 0 | AD79: =ROUND(((((ET79*0.5))-((EU79*0.5)))+AE79),6) -> 49.58 | AE79: =ROUND(((EU79*0.5)),6) -> 4.775 | AF79: =ROUND(((EV79*0.5)),6) -> 9.82 | AG79: =ROUND((AP79),6) -> 0 | AH79: =((EW79*0.5)) -> 0.935 | AI79: =((EX79*0.5)) -> 0.355 | AJ79: =(AS79) -> 0 | AK79: 168.36 | AL79: 49.56 | AM79: 99.16 | AN79: 9.55 | AO79: 19.64 | AP79: 0 | AQ79: 1.87 | AR79: 0.71 | AS79: 0 | AT79: 95 | AU79: 65 | AV79: 1 | AW79: 1 | AZ79: 1 | BA79: 1 | BB79: 1 | BC79: 1 | BH79: 0 | BI79: 2 | BJ79: ФЕРм-2001, м08-02-369-02, приказ Минстроя России №1039/пр от 30.12.2016г. | BM79: 108001 | BN79: 0 | BP79: 0 | BQ79: 3 | BR79: 0 | BS79: 1 | BT79: 1 | BU79: 1 | BV79: 1 | BW79: 1 | BX79: 1 | BZ79: 95 | CA79: 65 | CE79: 0 | CF79: 0 | CG79: 0 | CM79: 0 | CN79: Поправка: МР 81/пр Табл.3, п.3 Наименование: Демонтаж: Оборудование, не пригодное для дальнейшего использования, (предназначено в лом) с разборкой и резкой на части | CO79: 0 | CP79: =(P79+Q79+S79) -> 59.4 | CQ79: =AC79*BC79 -> 0 | CR79: =AD79*BB79 -> 49.58 | CS79: =AE79*BS79 -> 4.775 | CT79: =AF79*BA79 -> 9.82 | CU79: =AG79 -> 0 | CV79: =AH79 -> 0.935 | CW79: =AI79 -> 0.355 | CX79: =AJ79 -> 0 | CY79: =(((S79+R79)*AT79)/100) -> 13.87 | CZ79: =(((S79+R79)*AU79)/100) -> 9.49 | DD79: )*0 | DE79: )*0,5 | DF79: )*0,5 | DG79: )*0,5 | DI79: )*0,5 | DJ79: )*0,5 | DN79: 0 | DO79: 0 | DP79: 1 | DQ79: 1 | DU79: 1013 | DV79: ШТ | DW79: ШТ | DX79: 1 | EE79: 45919453 | EF79: 3 | EG79: Монтажные работы | EH79: 0 | EJ79: 2 | EK79: 108001 | EL79: Электромонтажные работы , отдел 01-03 : ( на АЭС НР = 110% ) - (работы по упр. авиа.- движением: СП=55% ( {АВИА}=1; обычные работы : СП=65 - {AВИА}=0), при работе на АЭС СП= 68% ) | EM79: мФЕР-08 | EO79: Поправка: МР 81/пр Табл.3, п.3 | EQ79: 0 | ER79: 168.36 | ES79: 49.56 | ET79: 99.16 | EU79: 9.55 | EV79: 19.64 | EW79: 1.87 | EX79: 0.71 | EY79: 0 | FQ79: 0 | FR79: =ROUND(IF(AND(BH79=3,BI79=3),P79,0),2) -> 0 | FS79: 0 | FX79: 95 | FY79: 65 | GD79: 1 | GF79: -1821568582 | GG79: 2 | GH79: 1 | GI79: -2 | GJ79: 0 | GK79: 0 | GL79: =ROUND(IF(AND(BH79=3,BI79=3,FS79<>0),P79,0),2) -> 0 | GM79: =ROUND(O79+X79+Y79,2)+GX79 -> 82.76 | GN79: =IF(OR(BI79=0,BI79=1),ROUND(O79+X79+Y79,2),0) -> 0 | GO79: =IF(BI79=2,ROUND(O79+X79+Y79,2),0) -> 82.76 | GP79: =IF(BI79=4,ROUND(O79+X79+Y79,2)+GX79,0) -> 0 | GR79: 0 | GS79: 0 | GT79: 0 | GV79: =ROUND((GT79),6) -> 0 | GW79: 1 | GX79: =ROUND(HC79*I79,2) -> 0 | HA79: 0 | HB79: 0 | HC79: =GV79*GW79 -> 0 | IK79: 0
A80: 17 | B80: 1 | E80: 16 | F80: т01-01-01-042 | G80: Погрузочные работы при автомобильных перевозках мусора строительного с погрузкой транспортерами | H80: 1 Т ГРУЗА | I80: =ROUND(494+926.25+741+49.2,9) -> 2210.45 | J80: 0 | O80: =0 -> 0 | P80: =0 -> 0 | Q80: =0 -> 0 | R80: =0 -> 0 | S80: =0 -> 0 | T80: =0 -> 0 | U80: =0 -> 0 | V80: =0 -> 0 | ... Y80: =0 -> 0 | AA80: 47636896 | AB80: =ROUND((AK80),6) -> 7.96 | AC80: =0 -> 0 | AD80: =0 -> 0 | AE80: =0 -> 0 | AF80: =0 -> 0 | AG80: =0 -> 0 | AH80: =0 -> 0 | AI80: =0 -> 0 | AJ80: =0 -> 0 | AK80: 7.96 | AL80: 0 | AM80: 0 | AN80: 0 | AO80: 0 | AP80: 0 | AQ80: 0 | AR80: 0 | AS80: 0 | AT80: 0 | AU80: 0 | AV80: 1 | AW80: 1 | AZ80: 1 | BA80: 1 | BB80: 1 | BC80: 1 | BH80: 0 | BI80: 1 | BJ80: ФССЦпг-2001, т01-01-01-042, приказ Минстроя России №1039/пр от 30.12.2016г. | BM80: 700004 | BN80: 0 | BP80: 0 | BQ80: 19 | BR80: 0 | BS80: 1 | BT80: 1 | BU80: 1 | BV80: 1 | BW80: 1 | BX80: 1 | BZ80: 0 | CA80: 0 | CE80: 0 | CF80: 0 | CG80: 0 | CM80: 0 | CO80: 0 | CP80: =AB80*AZ80 -> 7.96 | CQ80: 0 | CR80: 0 | CS80: 0 | CT80: 0 | CU80: 0 | CV80: 0 | CW80: 0 | CX80: 0 | CY80: 0 | CZ80: 0 | DN80: 0 | DO80: 0 | DP80: 1 | DQ80: 1 | DU80: 1013 | DV80: 1 Т ГРУЗА | DW80: 1 Т ГРУЗА | DX80: 1 | EE80: 45919758 | EF80: 19 | EG80: Погрузочно-разгрузочные работы | EH80: 0 | EJ80: 1 | EK80: 700004 | EL80: Перевозка грузов , (ФССЦпр 2011-изм. № 4-6, раздел 1): погрузочно-разгрузочные работы (НР и СП в прям. затратах ) | EM80: ФССЦпр пог. а/п (2011,изм. 4-6) | EQ80: 0 | ER80: 0 | ES80: 0 | ET80: 0 | EU80: 0 | EV80: 0 | EW80: 0 | EX80: 0 | EY80: 0 | FQ80: 0 | FR80: =ROUND(IF(AND(BH80=3,BI80=3),P80,0),2) -> 0 | FS80: 0 | FX80: 0 | FY80: 0 | GD80: 1 | GF80: 1271559001 | GG80: 2 | GH80: 1 | GI80: -2 | GJ80: 2 | GK80: 0 | GL80: =ROUND(IF(AND(BH80=3,BI80=3,FS80<>0),P80,0),2) -> 0 | GM80: =ROUND(CP80*I80,2) -> 17595.18 | GN80: =IF(OR(BI80=0,BI80=1),ROUND(CP80*I80,2),0) -> 17595.18 | GO80: =IF(BI80=2,ROUND(CP80*I80,2),0) -> 0 | GP80: =IF(BI80=4,ROUND(CP80*I80,2)+GX80,0) -> 0 | GR80: 0 | GS80: 3 | GT80: 0 | GV80: =0 -> 0 | GW80: 1 | GX80: =0 -> 0 | HA80: 0 | HB80: 0 | HC80: 0 | IK80: 0
A81: 17 | B81: 1 | E81: 16 | F81: т01-01-01-042 | G81: Погрузочные работы при автомобильных перевозках мусора строительного с погрузкой транспортерами | H81: 1 Т ГРУЗА | I81: =ROUND(494+926.25+741+49.2,9) -> 2210.45 | J81: 0 | O81: =0 -> 0 | P81: =0 -> 0 | Q81: =0 -> 0 | R81: =0 -> 0 | S81: =0 -> 0 | T81: =0 -> 0 | U81: =0 -> 0 | V81: =0 -> 0 | ... Y81: =0 -> 0 | AA81: 47641669 | AB81: =ROUND((AK81),6) -> 7.96 | AC81: =0 -> 0 | AD81: =0 -> 0 | AE81: =0 -> 0 | AF81: =0 -> 0 | AG81: =0 -> 0 | AH81: =0 -> 0 | AI81: =0 -> 0 | AJ81: =0 -> 0 | AK81: 7.96 | AL81: 0 | AM81: 0 | AN81: 0 | AO81: 0 | AP81: 0 | AQ81: 0 | AR81: 0 | AS81: 0 | AT81: 0 | AU81: 0 | AV81: 1 | AW81: 1 | AZ81: 1 | BA81: 1 | BB81: 1 | BC81: 1 | BH81: 0 | BI81: 1 | BJ81: ФССЦпг-2001, т01-01-01-042, приказ Минстроя России №1039/пр от 30.12.2016г. | BM81: 700004 | BN81: 0 | BP81: 0 | BQ81: 19 | BR81: 0 | BS81: 1 | BT81: 1 | BU81: 1 | BV81: 1 | BW81: 1 | BX81: 1 | BZ81: 0 | CA81: 0 | CE81: 0 | CF81: 0 | CG81: 0 | CM81: 0 | CO81: 0 | CP81: =AB81*AZ81 -> 7.96 | CQ81: 0 | CR81: 0 | CS81: 0 | CT81: 0 | CU81: 0 | CV81: 0 | CW81: 0 | CX81: 0 | CY81: 0 | CZ81: 0 | DN81: 0 | DO81: 0 | DP81: 1 | DQ81: 1 | DU81: 1013 | DV81: 1 Т ГРУЗА | DW81: 1 Т ГРУЗА | DX81: 1 | EE81: 45919758 | EF81: 19 | EG81: Погрузочно-разгрузочные работы | EH81: 0 | EJ81: 1 | EK81: 700004 | EL81: Перевозка грузов , (ФССЦпр 2011-изм. № 4-6, раздел 1): погрузочно-разгрузочные работы (НР и СП в прям. затратах ) | EM81: ФССЦпр пог. а/п (2011,изм. 4-6) | EQ81: 0 | ER81: 0 | ES81: 0 | ET81: 0 | EU81: 0 | EV81: 0 | EW81: 0 | EX81: 0 | EY81: 0 | FQ81: 0 | FR81: =ROUND(IF(AND(BH81=3,BI81=3),P81,0),2) -> 0 | FS81: 0 | FX81: 0 | FY81: 0 | GD81: 1 | GF81: 1271559001 | GG81: 2 | GH81: 1 | GI81: -2 | GJ81: 2 | GK81: 0 | GL81: =ROUND(IF(AND(BH81=3,BI81=3,FS81<>0),P81,0),2) -> 0 | GM81: =ROUND(CP81*I81,2) -> 17595.18 | GN81: =IF(OR(BI81=0,BI81=1),ROUND(CP81*I81,2),0) -> 17595.18 | GO81: =IF(BI81=2,ROUND(CP81*I81,2),0) -> 0 | GP81: =IF(BI81=4,ROUND(CP81*I81,2)+GX81,0) -> 0 | GR81: 0 | GS81: 0 | GT81: 0 | GV81: =0 -> 0 | GW81: 1 | GX81: =0 -> 0 | HA81: 0 | HB81: 0 | HC81: 0 | IK81: 0
A82: 17 | B82: 1 | E82: 17 | F82: т03-21-01-025 | G82: Перевозка грузов I класса автомобилями-самосвалами грузоподъемностью 10 т работающих вне карьера на расстояние до 25 км | H82: 1 Т ГРУЗА | I82: 2210.45 | J82: 0 | O82: =0 -> 0 | P82: =0 -> 0 | Q82: =0 -> 0 | R82: =0 -> 0 | S82: =0 -> 0 | T82: =0 -> 0 | U82: =0 -> 0 | V82: =0 -> 0 | ... Y82: =0 -> 0 | AA82: 47636896 | AB82: =ROUND((AK82),6) -> 17.32 | AC82: =0 -> 0 | AD82: =0 -> 0 | AE82: =0 -> 0 | AF82: =0 -> 0 | AG82: =0 -> 0 | AH82: =0 -> 0 | AI82: =0 -> 0 | AJ82: =0 -> 0 | AK82: 17.32 | AL82: 0 | AM82: 0 | AN82: 0 | AO82: 0 | AP82: 0 | AQ82: 0 | AR82: 0 | AS82: 0 | AT82: 0 | AU82: 0 | AV82: 1 | AW82: 1 | AZ82: 1 | BA82: 1 | BB82: 1 | BC82: 1 | BH82: 0 | BI82: 1 | BJ82: ФССЦпг-2001, т03-21-01-025, приказ Минстроя России №1039/пр от 30.12.2016г. | BM82: 700005 | BN82: 0 | BP82: 0 | BQ82: 10 | BR82: 0 | BS82: 1 | BT82: 1 | BU82: 1 | BV82: 1 | BW82: 1 | BX82: 1 | BZ82: 0 | CA82: 0 | CE82: 0 | CF82: 0 | CG82: 0 | CM82: 0 | CO82: 0 | CP82: =AB82*AZ82 -> 17.32 | CQ82: 0 | CR82: 0 | CS82: 0 | CT82: 0 | CU82: 0 | CV82: 0 | CW82: 0 | CX82: 0 | CY82: 0 | CZ82: 0 | DN82: 0 | DO82: 0 | DP82: 1 | DQ82: 1 | DU82: 1013 | DV82: 1 Т ГРУЗА | DW82: 1 Т ГРУЗА | DX82: 1 | EE82: 45919762 | EF82: 10 | EG82: Перевозка грузов авто/транспортом | EH82: 0 | EJ82: 1 | EK82: 700005 | EL82: Перевозкуа грузов (ФССЦпр-2011 - изм. 7, разделы 1-4) - по сметной стоимости | EM82: ФССЦпр , изм. 7 | EQ82: 0 | ER82: 0 | ES82: 0 | ET82: 0 | EU82: 0 | EV82: 0 | EW82: 0 | EX82: 0 | EY82: 0 | FQ82: 0 | FR82: =ROUND(IF(AND(BH82=3,BI82=3),P82,0),2) -> 0 | FS82: 0 | FX82: 0 | FY82: 0 | GD82: 1 | GF82: 1719553039 | GG82: 2 | GH82: 1 | GI82: -2 | GJ82: 2 | GK82: 0 | GL82: =ROUND(IF(AND(BH82=3,BI82=3,FS82<>0),P82,0),2) -> 0 | GM82: =ROUND(CP82*I82,2) -> 38284.99 | GN82: =IF(OR(BI82=0,BI82=1),ROUND(CP82*I82,2),0) -> 38284.99 | GO82: =IF(BI82=2,ROUND(CP82*I82,2),0) -> 0 | GP82: =IF(BI82=4,ROUND(CP82*I82,2)+GX82,0) -> 0 | GR82: 0 | GS82: 3 | GT82: 0 | GV82: =0 -> 0 | GW82: 1 | GX82: =0 -> 0 | HA82: 0 | HB82: 0 | HC82: 0 | IK82: 0
A83: 17 | B83: 1 | E83: 17 | F83: т03-21-01-025 | G83: Перевозка грузов I класса автомобилями-самосвалами грузоподъемностью 10 т работающих вне карьера на расстояние до 25 км | H83: 1 Т ГРУЗА | I83: 2210.45 | J83: 0 | O83: =0 -> 0 | P83: =0 -> 0 | Q83: =0 -> 0 | R83: =0 -> 0 | S83: =0 -> 0 | T83: =0 -> 0 | U83: =0 -> 0 | V83: =0 -> 0 | ... Y83: =0 -> 0 | AA83: 47641669 | AB83: =ROUND((AK83),6) -> 17.32 | AC83: =0 -> 0 | AD83: =0 -> 0 | AE83: =0 -> 0 | AF83: =0 -> 0 | AG83: =0 -> 0 | AH83: =0 -> 0 | AI83: =0 -> 0 | AJ83: =0 -> 0 | AK83: 17.32 | AL83: 0 | AM83: 0 | AN83: 0 | AO83: 0 | AP83: 0 | AQ83: 0 | AR83: 0 | AS83: 0 | AT83: 0 | AU83: 0 | AV83: 1 | AW83: 1 | AZ83: 1 | BA83: 1 | BB83: 1 | BC83: 1 | BH83: 0 | BI83: 1 | BJ83: ФССЦпг-2001, т03-21-01-025, приказ Минстроя России №1039/пр от 30.12.2016г. | BM83: 700005 | BN83: 0 | BP83: 0 | BQ83: 10 | BR83: 0 | BS83: 1 | BT83: 1 | BU83: 1 | BV83: 1 | BW83: 1 | BX83: 1 | BZ83: 0 | CA83: 0 | CE83: 0 | CF83: 0 | CG83: 0 | CM83: 0 | CO83: 0 | CP83: =AB83*AZ83 -> 17.32 | CQ83: 0 | CR83: 0 | CS83: 0 | CT83: 0 | CU83: 0 | CV83: 0 | CW83: 0 | CX83: 0 | CY83: 0 | CZ83: 0 | DN83: 0 | DO83: 0 | DP83: 1 | DQ83: 1 | DU83: 1013 | DV83: 1 Т ГРУЗА | DW83: 1 Т ГРУЗА | DX83: 1 | EE83: 45919762 | EF83: 10 | EG83: Перевозка грузов авто/транспортом | EH83: 0 | EJ83: 1 | EK83: 700005 | EL83: Перевозкуа грузов (ФССЦпр-2011 - изм. 7, разделы 1-4) - по сметной стоимости | EM83: ФССЦпр , изм. 7 | EQ83: 0 | ER83: 0 | ES83: 0 | ET83: 0 | EU83: 0 | EV83: 0 | EW83: 0 | EX83: 0 | EY83: 0 | FQ83: 0 | FR83: =ROUND(IF(AND(BH83=3,BI83=3),P83,0),2) -> 0 | FS83: 0 | FX83: 0 | FY83: 0 | GD83: 1 | GF83: 1719553039 | GG83: 2 | GH83: 1 | GI83: -2 | GJ83: 2 | GK83: 0 | GL83: =ROUND(IF(AND(BH83=3,BI83=3,FS83<>0),P83,0),2) -> 0 | GM83: =ROUND(CP83*I83,2) -> 38284.99 | GN83: =IF(OR(BI83=0,BI83=1),ROUND(CP83*I83,2),0) -> 38284.99 | GO83: =IF(BI83=2,ROUND(CP83*I83,2),0) -> 0 | GP83: =IF(BI83=4,ROUND(CP83*I83,2)+GX83,0) -> 0 | GR83: 0 | GS83: 0 | GT83: 0 | GV83: =0 -> 0 | GW83: 1 | GX83: =0 -> 0 | HA83: 0 | HB83: 0 | HC83: 0 | IK83: 0
A85: 51 | B85: =B24 -> 1 | C85: =A24 -> 4 | D85: =ROW(A24) -> 24 | F85: =IF(F24<>"",F24,"") -> Новый раздел | G85: =IF(G24<>"",G24,"") -> Демонтаж | H85: 0 | O85: =ROUND(AB85,2) -> 51225.16 | P85: =ROUND(AC85,2) -> 236.16 | Q85: =ROUND(AD85,2) -> 34641.88 | R85: =ROUND(AE85,2) -> 3083.79 | S85: =ROUND(AF85,2) -> 16347.12 | T85: =ROUND(AG85,2) -> 0 | U85: =AH85 -> 1952.7902 | V85: =AI85 -> 280.3274 | W85: =ROUND(AJ85,2) -> 0 | X85: =ROUND(AK85,2) -> 18433.88 | Y85: =ROUND(AL85,2) -> 10912.56 | AB85: =ROUND(SUMIF(AA28:AA83,"=47636896",O28:O83),2) -> 51225.16 | AC85: =ROUND(SUMIF(AA28:AA83,"=47636896",P28:P83),2) -> 236.16 | AD85: =ROUND(SUMIF(AA28:AA83,"=47636896",Q28:Q83),2) -> 34641.88 | AE85: =ROUND(SUMIF(AA28:AA83,"=47636896",R28:R83),2) -> 3083.79 | AF85: =ROUND(SUMIF(AA28:AA83,"=47636896",S28:S83),2) -> 16347.12 | AG85: =ROUND(SUMIF(AA28:AA83,"=47636896",T28:T83),2) -> 0 | AH85: =SUMIF(AA28:AA83,"=47636896",U28:U83) -> 1952.7902 | AI85: =SUMIF(AA28:AA83,"=47636896",V28:V83) -> 280.3274 | AJ85: =ROUND(SUMIF(AA28:AA83,"=47636896",W28:W83),2) -> 0 | AK85: =ROUND(SUMIF(AA28:AA83,"=47636896",X28:X83),2) -> 18433.88 | AL85: =ROUND(SUMIF(AA28:AA83,"=47636896",Y28:Y83),2) -> 10912.56 | AO85: =ROUND(BX85,2) -> 0 | AP85: =ROUND(BY85,2) -> 0 | AQ85: =ROUND(BZ85,2) -> 0 | AR85: =ROUND(CA85,2) -> 137577.69 | AS85: =ROUND(CB85,2) -> 137494.93 | AT85: =ROUND(CC85,2) -> 82.76 | AU85: =ROUND(CD85,2) -> 0 | AV85: =ROUND(CE85,2) -> 236.16 | ... BC85: =ROUND(CL85,2) -> 0 | BX85: =ROUND(SUMIF(AA28:AA83,"=47636896",FQ28:FQ83),2) -> 0 | BY85: =ROUND(SUMIF(AA28:AA83,"=47636896",FR28:FR83),2) -> 0 | BZ85: =ROUND(SUMIF(AA28:AA83,"=47636896",GL28:GL83),2) -> 0 | CA85: =ROUND(SUMIF(AA28:AA83,"=47636896",GM28:GM83),2) -> 137577.69 | CB85: =ROUND(SUMIF(AA28:AA83,"=47636896",GN28:GN83),2) -> 137494.93 | CC85: =ROUND(SUMIF(AA28:AA83,"=47636896",GO28:GO83),2) -> 82.76 | CD85: =ROUND(SUMIF(AA28:AA83,"=47636896",GP28:GP83),2) -> 0 | CE85: =AC85-BX85 -> 236.16 | CF85: =AC85-BY85 -> 236.16 | CG85: =BX85-BZ85 -> 0 | CH85: =AC85-BX85-BY85+BZ85 -> 236.16 | CI85: =BY85-BZ85 -> 0 | CJ85: =ROUND(SUMIF(AA28:AA83,"=47636896",GX28:GX83),2) -> 0 | CK85: =ROUND(SUMIF(AA28:AA83,"=47636896",GY28:GY83),2) -> 0 | CL85: =ROUND(SUMIF(AA28:AA83,"=47636896",GZ28:GZ83),2) -> 0 | DG85: =ROUND(DT85,2) -> 51225.16 | DH85: =ROUND(DU85,2) -> 236.16 | DI85: =ROUND(DV85,2) -> 34641.88 | DJ85: =ROUND(DW85,2) -> 3083.79 | DK85: =ROUND(DX85,2) -> 16347.12 | DL85: =ROUND(DY85,2) -> 0 | DM85: =DZ85 -> 1952.7902 | DN85: =EA85 -> 280.3274 | DO85: =ROUND(EB85,2) -> 0 | DP85: =ROUND(EC85,2) -> 18433.88 | DQ85: =ROUND(ED85,2) -> 10912.56 | DT85: =ROUND(SUMIF(AA28:AA83,"=47641669",O28:O83),2) -> 51225.16 | DU85: =ROUND(SUMIF(AA28:AA83,"=47641669",P28:P83),2) -> 236.16 | DV85: =ROUND(SUMIF(AA28:AA83,"=47641669",Q28:Q83),2) -> 34641.88 | DW85: =ROUND(SUMIF(AA28:AA83,"=47641669",R28:R83),2) -> 3083.79 | DX85: =ROUND(SUMIF(AA28:AA83,"=47641669",S28:S83),2) -> 16347.12 | DY85: =ROUND(SUMIF(AA28:AA83,"=47641669",T28:T83),2) -> 0 | DZ85: =SUMIF(AA28:AA83,"=47641669",U28:U83) -> 1952.7902 | EA85: =SUMIF(AA28:AA83,"=47641669",V28:V83) -> 280.3274 | EB85: =ROUND(SUMIF(AA28:AA83,"=47641669",W28:W83),2) -> 0 | EC85: =ROUND(SUMIF(AA28:AA83,"=47641669",X28:X83),2) -> 18433.88 | ED85: =ROUND(SUMIF(AA28:AA83,"=47641669",Y28:Y83),2) -> 10912.56 | EG85: =ROUND(FP85,2) -> 0 | EH85: =ROUND(FQ85,2) -> 0 | EI85: =ROUND(FR85,2) -> 0 | EJ85: =ROUND(FS85,2) -> 137577.69 | EK85: =ROUND(FT85,2) -> 137494.93 | EL85: =ROUND(FU85,2) -> 82.76 | EM85: =ROUND(FV85,2) -> 0 | EN85: =ROUND(FW85,2) -> 236.16 | ... EU85: =ROUND(GD85,2) -> 0 | FP85: =ROUND(SUMIF(AA28:AA83,"=47641669",FQ28:FQ83),2) -> 0 | FQ85: =ROUND(SUMIF(AA28:AA83,"=47641669",FR28:FR83),2) -> 0 | FR85: =ROUND(SUMIF(AA28:AA83,"=47641669",GL28:GL83),2) -> 0 | FS85: =ROUND(SUMIF(AA28:AA83,"=47641669",GM28:GM83),2) -> 137577.69 | FT85: =ROUND(SUMIF(AA28:AA83,"=47641669",GN28:GN83),2) -> 137494.93 | FU85: =ROUND(SUMIF(AA28:AA83,"=47641669",GO28:GO83),2) -> 82.76 | FV85: =ROUND(SUMIF(AA28:AA83,"=47641669",GP28:GP83),2) -> 0 | FW85: =DU85-FP85 -> 236.16 | FX85: =DU85-FQ85 -> 236.16 | FY85: =FP85-FR85 -> 0 | FZ85: =DU85-FP85-FQ85+FR85 -> 236.16 | GA85: =FQ85-FR85 -> 0 | GB85: =ROUND(SUMIF(AA28:AA83,"=47641669",GX28:GX83),2) -> 0 | GC85: =ROUND(SUMIF(AA28:AA83,"=47641669",GY28:GY83),2) -> 0 | GD85: =ROUND(SUMIF(AA28:AA83,"=47641669",GZ28:GZ83),2) -> 0 | GX85: 0
A87: 50 | B87: 0 | C87: 0 | D87: 1 | E87: 201 | F87: =ROUND(Source!O85,O87) -> 51225.16 | G87: ПЗ | H87: Прямые затраты | K87: 201 | L87: 1 | M87: 3 | O87: 2 | P87: =ROUND(Source!DG85,O87) -> 51225.16
A88: 50 | B88: 0 | C88: 0 | D88: 1 | E88: 202 | F88: =ROUND(Source!P85,O88) -> 236.16 | G88: СтМатОб | H88: Стоимость материальных ресурсов (всего) | K88: 202 | L88: 2 | M88: 3 | O88: 2 | P88: =ROUND(Source!DH85,O88) -> 236.16
A89: 50 | B89: 0 | C89: 0 | D89: 1 | E89: 222 | F89: =ROUND(Source!AO85,O89) -> 0 | G89: СтМатОбЗак | H89: Стоимость материалов и оборудования заказчика | K89: 222 | L89: 3 | M89: 3 | O89: 2 | P89: =ROUND(Source!EG85,O89) -> 0
A90: 50 | B90: 0 | C90: 0 | D90: 1 | E90: 225 | F90: =ROUND(Source!AV85,O90) -> 236.16 | G90: СтМатОбПод | H90: Стоимость материалов и оборудования подрядчика | K90: 225 | L90: 4 | M90: 3 | O90: 2 | P90: =ROUND(Source!EN85,O90) -> 236.16
A91: 50 | B91: 0 | C91: 0 | D91: 1 | E91: 226 | F91: =ROUND(Source!AW85,O91) -> 236.16 | G91: СтМат | H91: Стоимость материалов (всего) | K91: 226 | L91: 5 | M91: 3 | O91: 2 | P91: =ROUND(Source!EO85,O91) -> 236.16
A92: 50 | B92: 0 | C92: 0 | D92: 1 | E92: 227 | F92: =ROUND(Source!AX85,O92) -> 0 | G92: СтМатЗак | H92: Стоимость материалов заказчика | K92: 227 | L92: 6 | M92: 3 | O92: 2 | P92: =ROUND(Source!EP85,O92) -> 0
A93: 50 | B93: 0 | C93: 0 | D93: 1 | E93: 228 | F93: =ROUND(Source!AY85,O93) -> 236.16 | G93: СтМатПод | H93: Стоимость материалов подрядчика | K93: 228 | L93: 7 | M93: 3 | O93: 2 | P93: =ROUND(Source!EQ85,O93) -> 236.16
A94: 50 | B94: 0 | C94: 0 | D94: 1 | E94: 216 | F94: =ROUND(Source!AP85,O94) -> 0 | G94: Оборуд | H94: Стоимость оборудования (всего) | K94: 216 | L94: 8 | M94: 3 | O94: 2 | P94: =ROUND(Source!EH85,O94) -> 0
A95: 50 | B95: 0 | C95: 0 | D95: 1 | E95: 223 | F95: =ROUND(Source!AQ85,O95) -> 0 | G95: ОборудЗак | H95: Стоимость оборудования заказчика | K95: 223 | L95: 9 | M95: 3 | O95: 2 | P95: =ROUND(Source!EI85,O95) -> 0
A96: 50 | B96: 0 | C96: 0 | D96: 1 | E96: 229 | F96: =ROUND(Source!AZ85,O96) -> 0 | G96: ОборудПод | H96: Стоимость оборудования подрядчика | K96: 229 | L96: 10 | M96: 3 | O96: 2 | P96: =ROUND(Source!ER85,O96) -> 0
A97: 50 | B97: 0 | C97: 0 | D97: 1 | E97: 203 | F97: =ROUND(Source!Q85,O97) -> 34641.88 | G97: ЭММ | H97: Эксплуатация машин | K97: 203 | L97: 11 | M97: 3 | O97: 2 | P97: =ROUND(Source!DI85,O97) -> 34641.88
A98: 50 | B98: 0 | C98: 0 | D98: 1 | E98: 231 | F98: =ROUND(Source!BB85,O98) -> 0 | G98: ЭММсНРиСП | H98: Эксплуатация машин по ТСН-2001.16 | K98: 231 | L98: 12 | M98: 3 | O98: 2 | P98: =ROUND(Source!ET85,O98) -> 0
A99: 50 | B99: 0 | C99: 0 | D99: 1 | E99: 204 | F99: =ROUND(Source!R85,O99) -> 3083.79 | G99: ЗПМ | H99: ЗП машинистов | K99: 204 | L99: 13 | M99: 3 | O99: 2 | P99: =ROUND(Source!DJ85,O99) -> 3083.79
A100: 50 | B100: 0 | C100: 0 | D100: 1 | E100: 205 | F100: =ROUND(Source!S85,O100) -> 16347.12 | G100: ОЗП | H100: Основная ЗП рабочих | K100: 205 | L100: 14 | M100: 3 | O100: 2 | P100: =ROUND(Source!DK85,O100) -> 16347.12
A101: 50 | B101: 0 | C101: 0 | D101: 1 | E101: 232 | F101: =ROUND(Source!BC85,O101) -> 0 | G101: ОЗПсНРиСП | H101: Основная ЗП рабочих по ТСН-2001.16 | K101: 232 | L101: 15 | M101: 3 | O101: 2 | P101: =ROUND(Source!EU85,O101) -> 0
A102: 50 | B102: 0 | C102: 0 | D102: 1 | E102: 214 | F102: =ROUND(Source!AS85,O102) -> 137494.93 | G102: Строит | H102: Строительные работы с НР и СП | K102: 214 | L102: 16 | M102: 3 | O102: 2 | P102: =ROUND(Source!EK85,O102) -> 137494.93
A103: 50 | B103: 0 | C103: 0 | D103: 1 | E103: 215 | F103: =ROUND(Source!AT85,O103) -> 82.76 | G103: Монтаж | H103: Монтажные работы с НР и СП | K103: 215 | L103: 17 | M103: 3 | O103: 2 | P103: =ROUND(Source!EL85,O103) -> 82.76
A104: 50 | B104: 0 | C104: 0 | D104: 1 | E104: 217 | F104: =ROUND(Source!AU85,O104) -> 0 | G104: Прочие | H104: Прочие работы с НР и СП | K104: 217 | L104: 18 | M104: 3 | O104: 2 | P104: =ROUND(Source!EM85,O104) -> 0
A105: 50 | B105: 0 | C105: 0 | D105: 1 | E105: 230 | F105: =ROUND(Source!BA85,O105) -> 0 | G105: ПрочиеЗатр | H105: Прочие затраты по ТСН-2001.16 | K105: 230 | L105: 19 | M105: 3 | O105: 2 | P105: =ROUND(Source!ES85,O105) -> 0
A106: 50 | B106: 0 | C106: 0 | D106: 1 | E106: 206 | F106: =ROUND(Source!T85,O106) -> 0 | G106: ВозврМат | H106: Возврат материалов | K106: 206 | L106: 20 | M106: 3 | O106: 2 | P106: =ROUND(Source!DL85,O106) -> 0
A107: 50 | B107: 0 | C107: 0 | D107: 1 | E107: 207 | F107: =Source!U85 -> 1952.7902 | G107: ТрудСтр | H107: Трудозатраты строителей | K107: 207 | L107: 21 | M107: 3 | O107: -1 | P107: =Source!DM85 -> 1952.7902
A108: 50 | B108: 0 | C108: 0 | D108: 1 | E108: 208 | F108: =Source!V85 -> 280.3274 | G108: ТрудМаш | H108: Трудозатраты машинистов | K108: 208 | L108: 22 | M108: 3 | O108: -1 | P108: =Source!DN85 -> 280.3274
A109: 50 | B109: 0 | C109: 0 | D109: 1 | E109: 209 | F109: =ROUND(Source!W85,O109) -> 0 | G109: ТранспМат | H109: Транспорт материалов | K109: 209 | L109: 23 | M109: 3 | O109: 2 | P109: =ROUND(Source!DO85,O109) -> 0
A110: 50 | B110: 0 | C110: 0 | D110: 1 | E110: 210 | F110: =ROUND(Source!X85,O110) -> 18433.88 | G110: НР | H110: Накладные расходы | K110: 210 | L110: 24 | M110: 3 | O110: 2 | P110: =ROUND(Source!DP85,O110) -> 18433.88
A111: 50 | B111: 0 | C111: 0 | D111: 1 | E111: 211 | F111: =ROUND(Source!Y85,O111) -> 10912.56 | G111: СмПриб | H111: Сметная прибыль | K111: 211 | L111: 25 | M111: 3 | O111: 2 | P111: =ROUND(Source!DQ85,O111) -> 10912.56
A112: 50 | B112: 0 | C112: 0 | D112: 1 | E112: 224 | F112: =ROUND(Source!AR85,O112) -> 137577.69 | G112: Всего | H112: Всего с НР и СП | K112: 224 | L112: 26 | M112: 3 | O112: 2 | P112: =ROUND(Source!EJ85,O112) -> 137577.69
A114: 4 | B114: 1 | D114: =ROW(A147) -> 147 | F114: Новый раздел | G114: Ограждение h=2,5м. - 51 секция | I114: 0 | K114: 0 | V114: 0 | BX114: 0 | CJ114: 0
A116: 52 | B116: =B147 -> 1 | C116: =C147 -> 4 | D116: =D147 -> 114 | E116: =E147 -> 0 | F116: =F147 -> Новый раздел | G116: =G147 -> Ограждение h=2,5м. - 51 секция | O116: =O147 -> 65609.89 | P116: =P147 -> 58334.4 | Q116: =Q147 -> 4040.09 | R116: =R147 -> 274.55 | S116: =S147 -> 3235.4 | T116: =T147 -> 0 | U116: =U147 -> 371.53892 | V116: =V147 -> 22.142414 | ... GX116: =GX147 -> 0
A118: 17 | B118: 1 | C118: =ROW(SmtRes!A165) -> 165 | D118: =ROW(EtalonRes!A151) -> 151 | E118: 18 | F118: 47-01-001-03 | G118: Разбивка участка Прим. вынос осей заграждений, ворот, согласно проекту. (51шт*2 п.м.* 0,3м(где 0,3м ширина ф-тов)) | H118: 100 м2 | I118: =ROUND((102*0.3)/100,9) -> 0.306 | J118: 0 | O118: =ROUND(CP118,2) -> 29.87 | P118: =ROUND(CQ118*I118,2) -> 2.55 | Q118: =ROUND(CR118*I118,2) -> 0 | R118: =ROUND(CS118*I118,2) -> 0 | S118: =ROUND(CT118*I118,2) -> 27.32 | T118: =ROUND(CU118*I118,2) -> 0 | U118: =CV118*I118 -> 3.0836997 | V118: =CW118*I118 -> 0 | W118: =ROUND(CX118*I118,2) -> 0 | X118: =ROUND(CY118,2) -> 28.41 | Y118: =ROUND(CZ118,2) -> 21.04 | AA118: 47636896 | AB118: =ROUND((AC118+AD118+AF118),6) -> 97.601975 | AC118: =ROUND((ES118),6) -> 8.32 | AD118: =ROUND((((((ET118*1.25)*1.15))-(((EU118*1.25)*1.15)))+AE118),6) -> 0 | AE118: =ROUND((((EU118*1.25)*1.15)),6) -> 0 | AF118: =ROUND((((EV118*1.15)*1.15)),6) -> 89.281975 | AG118: =ROUND((AP118),6) -> 0 | AH118: =(((EW118*1.15)*1.15)) -> 10.07745 | AI118: =(((EX118*1.25)*1.15)) -> 0 | AJ118: =(AS118) -> 0 | AK118: 75.83 | AL118: 8.32 | AM118: 0 | AN118: 0 | AO118: 67.51 | AP118: 0 | AQ118: 7.62 | AR118: 0 | AS118: 0 | AT118: 104 | AU118: 77 | AV118: 1.06 | AW118: 1.06 | AZ118: 1 | BA118: 1 | BB118: 1 | BC118: 1 | BH118: 0 | BI118: 1 | BJ118: ФЕР-2001, 47-01-001-03, приказ Минстроя России №1039/пр от 30.12.2016г. | BM118: 47001 | BN118: 0 | BP118: 0 | BQ118: 2 | BR118: 0 | BS118: 1 | BT118: 1 | BU118: 1 | BV118: 1 | BW118: 1 | BX118: 1 | BZ118: 115 | CA118: 90 | CE118: 0 | CF118: 0 | CG118: 0 | CM118: 0 | CN118: Поправка: МР 81/пр п.8.7.1 Наименование: При выполнении работ в существующих зданиях и сооружениях, аналогичных процессам при новом строительстве (кроме работ по нормам сборника № 46 «Работы при реконструкции зданий и сооружений») Поправка: МР 81/пр Прил.2, Табл.3, п. 3 Наименование: Производство ремонтно-строительных работ осуществляется на территории действующего предприятия с наличием в зоне производства работ одного или нескольких из перечисленных ниже факторов: разветвленной сети транспортных и инженерных коммуникаций; стесненных условий для складирования материалов; действующего технологического оборудования | CO118: 0 | CP118: =(P118+Q118+S118) -> 29.87 | CQ118: =AC118*BC118 -> 8.32 | CR118: =AD118*BB118 -> 0 | CS118: =AE118*BS118 -> 0 | CT118: =AF118*BA118 -> 89.281975 | CU118: =AG118 -> 0 | CV118: =AH118 -> 10.07745 | CW118: =AI118 -> 0 | CX118: =AJ118 -> 0 | CY118: =(((S118+R118)*AT118)/100) -> 28.4128 | CZ118: =(((S118+R118)*AU118)/100) -> 21.0364 | DE118: )*1,25)*1,15 | DF118: )*1,25)*1,15 | DG118: )*1,15)*1,15 | DI118: )*1,15)*1,15 | DJ118: )*1,25)*1,15 | DN118: 0 | DO118: 0 | DP118: 1 | DQ118: 1 | DU118: 1005 | DV118: 100 м2 | DW118: 100 м2 | DX118: 100 | EE118: 45919639 | EF118: 2 | EG118: Общестроительные работы | EH118: 0 | EJ118: 1 | EK118: 47001 | EL118: Озеленение. Защитные лесонасаждения | EM118: ФЕР-47 | EO118: Поправка: МР 81/пр п.8.7.1 Поправка: МР 81/пр Прил.2, Табл.3, п. 3 | EQ118: 0 | ER118: 75.83 | ES118: 8.32 | ET118: 0 | EU118: 0 | EV118: 67.51 | EW118: 7.62 | EX118: 0 | EY118: 0 | FQ118: 0 | FR118: =ROUND(IF(AND(BH118=3,BI118=3),P118,0),2) -> 0 | FS118: 0 | FT118: *0,9 | FU118: *0,85 | FX118: 103.5 | FY118: 76.5 | GD118: 1 | GF118: 916791884 | GG118: 2 | GH118: 1 | GI118: -2 | GJ118: 0 | GK118: 0 | GL118: =ROUND(IF(AND(BH118=3,BI118=3,FS118<>0),P118,0),2) -> 0 | GM118: =ROUND(O118+X118+Y118,2)+GX118 -> 79.32 | GN118: =IF(OR(BI118=0,BI118=1),ROUND(O118+X118+Y118,2),0) -> 79.32 | GO118: =IF(BI118=2,ROUND(O118+X118+Y118,2),0) -> 0 | GP118: =IF(BI118=4,ROUND(O118+X118+Y118,2)+GX118,0) -> 0 | GR118: 0 | GS118: 3 | GT118: 0 | GV118: =ROUND((GT118),6) -> 0 | GW118: 1 | GX118: =ROUND(HC118*I118,2) -> 0 | HA118: 0 | HB118: 0 | HC118: =GV118*GW118 -> 0 | IK118: 0
A119: 17 | B119: 1 | C119: =ROW(SmtRes!A168) -> 168 | D119: =ROW(EtalonRes!A154) -> 154 | E119: 18 | F119: 47-01-001-03 | G119: Разбивка участка Прим. вынос осей заграждений, ворот, согласно проекту. (51шт*2 п.м.* 0,3м(где 0,3м ширина ф-тов)) | H119: 100 м2 | I119: =ROUND((102*0.3)/100,9) -> 0.306 | J119: 0 | O119: =ROUND(CP119,2) -> 29.87 | P119: =ROUND(CQ119*I119,2) -> 2.55 | Q119: =ROUND(CR119*I119,2) -> 0 | R119: =ROUND(CS119*I119,2) -> 0 | S119: =ROUND(CT119*I119,2) -> 27.32 | T119: =ROUND(CU119*I119,2) -> 0 | U119: =CV119*I119 -> 3.0836997 | V119: =CW119*I119 -> 0 | W119: =ROUND(CX119*I119,2) -> 0 | X119: =ROUND(CY119,2) -> 28.41 | Y119: =ROUND(CZ119,2) -> 21.04 | AA119: 47641669 | AB119: =ROUND((AC119+AD119+AF119),6) -> 97.601975 | AC119: =ROUND((ES119),6) -> 8.32 | AD119: =ROUND((((((ET119*1.25)*1.15))-(((EU119*1.25)*1.15)))+AE119),6) -> 0 | AE119: =ROUND((((EU119*1.25)*1.15)),6) -> 0 | AF119: =ROUND((((EV119*1.15)*1.15)),6) -> 89.281975 | AG119: =ROUND((AP119),6) -> 0 | AH119: =(((EW119*1.15)*1.15)) -> 10.07745 | AI119: =(((EX119*1.25)*1.15)) -> 0 | AJ119: =(AS119) -> 0 | AK119: 75.83 | AL119: 8.32 | AM119: 0 | AN119: 0 | AO119: 67.51 | AP119: 0 | AQ119: 7.62 | AR119: 0 | AS119: 0 | AT119: 104 | AU119: 77 | AV119: 1 | AW119: 1 | AZ119: 1 | BA119: 1 | BB119: 1 | BC119: 1 | BH119: 0 | BI119: 1 | BJ119: ФЕР-2001, 47-01-001-03, приказ Минстроя России №1039/пр от 30.12.2016г. | BM119: 47001 | BN119: 0 | BP119: 0 | BQ119: 2 | BR119: 0 | BS119: 1 | BT119: 1 | BU119: 1 | BV119: 1 | BW119: 1 | BX119: 1 | BZ119: 115 | CA119: 90 | CE119: 0 | CF119: 0 | CG119: 0 | CM119: 0 | CN119: Поправка: МР 81/пр п.8.7.1 Наименование: При выполнении работ в существующих зданиях и сооружениях, аналогичных процессам при новом строительстве (кроме работ по нормам сборника № 46 «Работы при реконструкции зданий и сооружений») Поправка: МР 81/пр Прил.2, Табл.3, п. 3 Наименование: Производство ремонтно-строительных работ осуществляется на территории действующего предприятия с наличием в зоне производства работ одного или нескольких из перечисленных ниже факторов: разветвленной сети транспортных и инженерных коммуникаций; стесненных условий для складирования материалов; действующего технологического оборудования | CO119: 0 | CP119: =(P119+Q119+S119) -> 29.87 | CQ119: =AC119*BC119 -> 8.32 | CR119: =AD119*BB119 -> 0 | CS119: =AE119*BS119 -> 0 | CT119: =AF119*BA119 -> 89.281975 | CU119: =AG119 -> 0 | CV119: =AH119 -> 10.07745 | CW119: =AI119 -> 0 | CX119: =AJ119 -> 0 | CY119: =(((S119+R119)*AT119)/100) -> 28.4128 | CZ119: =(((S119+R119)*AU119)/100) -> 21.0364 | DE119: )*1,25)*1,15 | DF119: )*1,25)*1,15 | DG119: )*1,15)*1,15 | DI119: )*1,15)*1,15 | DJ119: )*1,25)*1,15 | DN119: 0 | DO119: 0 | DP119: 1 | DQ119: 1 | DU119: 1005 | DV119: 100 м2 | DW119: 100 м2 | DX119: 100 | EE119: 45919639 | EF119: 2 | EG119: Общестроительные работы | EH119: 0 | EJ119: 1 | EK119: 47001 | EL119: Озеленение. Защитные лесонасаждения | EM119: ФЕР-47 | EO119: Поправка: МР 81/пр п.8.7.1 Поправка: МР 81/пр Прил.2, Табл.3, п. 3 | EQ119: 0 | ER119: 75.83 | ES119: 8.32 | ET119: 0 | EU119: 0 | EV119: 67.51 | EW119: 7.62 | EX119: 0 | EY119: 0 | FQ119: 0 | FR119: =ROUND(IF(AND(BH119=3,BI119=3),P119,0),2) -> 0 | FS119: 0 | FT119: *0,9 | FU119: *0,85 | FX119: 103.5 | FY119: 76.5 | GD119: 1 | GF119: 916791884 | GG119: 2 | GH119: 1 | GI119: -2 | GJ119: 0 | GK119: 0 | GL119: =ROUND(IF(AND(BH119=3,BI119=3,FS119<>0),P119,0),2) -> 0 | GM119: =ROUND(O119+X119+Y119,2)+GX119 -> 79.32 | GN119: =IF(OR(BI119=0,BI119=1),ROUND(O119+X119+Y119,2),0) -> 79.32 | GO119: =IF(BI119=2,ROUND(O119+X119+Y119,2),0) -> 0 | GP119: =IF(BI119=4,ROUND(O119+X119+Y119,2)+GX119,0) -> 0 | GR119: 0 | GS119: 0 | GT119: 0 | GV119: =ROUND((GT119),6) -> 0 | GW119: 1 | GX119: =ROUND(HC119*I119,2) -> 0 | HA119: 0 | HB119: 0 | HC119: =GV119*GW119 -> 0 | IK119: 0
A120: 17 | B120: 1 | C120: =ROW(SmtRes!A169) -> 169 | D120: =ROW(EtalonRes!A155) -> 155 | E120: 19 | F120: 47-01-001-02 | G120: Планировка участка вручную | H120: 100 м2 | I120: =ROUND(I118,9) -> 0.306 | J120: 0 | O120: =ROUND(CP120,2) -> 32.2 | P120: =ROUND(CQ120*I120,2) -> 0 | Q120: =ROUND(CR120*I120,2) -> 0 | R120: =ROUND(CS120*I120,2) -> 0 | S120: =ROUND(CT120*I120,2) -> 32.2 | T120: =ROUND(CU120*I120,2) -> 0 | U120: =CV120*I120 -> 4.127787 | V120: =CW120*I120 -> 0 | W120: =ROUND(CX120*I120,2) -> 0 | X120: =ROUND(CY120,2) -> 33.49 | Y120: =ROUND(CZ120,2) -> 24.79 | AA120: 47636896 | AB120: =ROUND((AC120+AD120+AF120),6) -> 105.2181 | AC120: =ROUND((ES120),6) -> 0 | AD120: =ROUND((((((ET120*1.25)*1.15))-(((EU120*1.25)*1.15)))+AE120),6) -> 0 | AE120: =ROUND((((EU120*1.25)*1.15)),6) -> 0 | AF120: =ROUND((((EV120*1.15)*1.15)),6) -> 105.2181 | AG120: =ROUND((AP120),6) -> 0 | AH120: =(((EW120*1.15)*1.15)) -> 13.4895 | AI120: =(((EX120*1.25)*1.15)) -> 0 | AJ120: =(AS120) -> 0 | AK120: 79.56 | AL120: 0 | AM120: 0 | AN120: 0 | AO120: 79.56 | AP120: 0 | AQ120: 10.2 | AR120: 0 | AS120: 0 | AT120: 104 | AU120: 77 | AV120: 1.06 | AW120: 1.06 | AZ120: 1 | BA120: 1 | BB120: 1 | BC120: 1 | BH120: 0 | BI120: 1 | BJ120: ФЕР-2001, 47-01-001-02, приказ Минстроя России №1039/пр от 30.12.2016г. | BM120: 47001 | BN120: 0 | BP120: 0 | BQ120: 2 | BR120: 0 | BS120: 1 | BT120: 1 | BU120: 1 | BV120: 1 | BW120: 1 | BX120: 1 | BZ120: 115 | CA120: 90 | CE120: 0 | CF120: 0 | CG120: 0 | CM120: 0 | CN120: Поправка: МР 81/пр п.8.7.1 Наименование: При выполнении работ в существующих зданиях и сооружениях, аналогичных процессам при новом строительстве (кроме работ по нормам сборника № 46 «Работы при реконструкции зданий и сооружений») Поправка: МР 81/пр Прил.2, Табл.3, п. 3 Наименование: Производство ремонтно-строительных работ осуществляется на территории действующего предприятия с наличием в зоне производства работ одного или нескольких из перечисленных ниже факторов: разветвленной сети транспортных и инженерных коммуникаций; стесненных условий для складирования материалов; действующего технологического оборудования | CO120: 0 | CP120: =(P120+Q120+S120) -> 32.2 | CQ120: =AC120*BC120 -> 0 | CR120: =AD120*BB120 -> 0 | CS120: =AE120*BS120 -> 0 | CT120: =AF120*BA120 -> 105.2181 | CU120: =AG120 -> 0 | CV120: =AH120 -> 13.4895 | CW120: =AI120 -> 0 | CX120: =AJ120 -> 0 | CY120: =(((S120+R120)*AT120)/100) -> 33.488 | CZ120: =(((S120+R120)*AU120)/100) -> 24.794 | DE120: )*1,25)*1,15 | DF120: )*1,25)*1,15 | DG120: )*1,15)*1,15 | DI120: )*1,15)*1,15 | DJ120: )*1,25)*1,15 | DN120: 0 | DO120: 0 | DP120: 1 | DQ120: 1 | DU120: 1005 | DV120: 100 м2 | DW120: 100 м2 | DX120: 100 | EE120: 45919639 | EF120: 2 | EG120: Общестроительные работы | EH120: 0 | EJ120: 1 | EK120: 47001 | EL120: Озеленение. Защитные лесонасаждения | EM120: ФЕР-47 | EO120: Поправка: МР 81/пр п.8.7.1 Поправка: МР 81/пр Прил.2, Табл.3, п. 3 | EQ120: 0 | ER120: 79.56 | ES120: 0 | ET120: 0 | EU120: 0 | EV120: 79.56 | EW120: 10.2 | EX120: 0 | EY120: 0 | FQ120: 0 | FR120: =ROUND(IF(AND(BH120=3,BI120=3),P120,0),2) -> 0 | FS120: 0 | FT120: *0,9 | FU120: *0,85 | FX120: 103.5 | FY120: 76.5 | GD120: 1 | GF120: 1054883993 | GG120: 2 | GH120: 1 | GI120: -2 | GJ120: 0 | GK120: 0 | GL120: =ROUND(IF(AND(BH120=3,BI120=3,FS120<>0),P120,0),2) -> 0 | GM120: =ROUND(O120+X120+Y120,2)+GX120 -> 90.48 | GN120: =IF(OR(BI120=0,BI120=1),ROUND(O120+X120+Y120,2),0) -> 90.48 | GO120: =IF(BI120=2,ROUND(O120+X120+Y120,2),0) -> 0 | GP120: =IF(BI120=4,ROUND(O120+X120+Y120,2)+GX120,0) -> 0 | GR120: 0 | GS120: 3 | GT120: 0 | GV120: =ROUND((GT120),6) -> 0 | GW120: 1 | GX120: =ROUND(HC120*I120,2) -> 0 | HA120: 0 | HB120: 0 | HC120: =GV120*GW120 -> 0 | IK120: 0
